Workbook

Sheet Setup
A1: Danner HTT-indberetningen
H2: Årstal | I2: Kvartal | J2: Kapitalcenter | K2: Måned | L2: Rapporteringsdato | M2: Cut-off date
H3: 2026 | I3: Q3 | J3: H | K3: 09 | L3: 31/10/26 | M3: 30/09/26
L5: Format-eksempel:
L6: 31/03/24
A18: Danner NTT-indberetningen
A39: Sti til HTT-rapporting
A40: {="S:\Product_Reporting\3_Ekstern\3002 HTT NTT\"&$H$3&"-"&Table1[Måned]&"\3002_05 HTT\"} -> S:\Product_Reporting\3_Ekstern\3002 HTT NTT\2026-09\3002_05 HTT\
A41: Kapitalcenter
A42: {=Table1[Kapitalcenter]} -> H
A43: {=Table1[Årstal]&"_"&Table1[Kvartal]} -> 2026_Q3
A44: {="S:\Product_Reporting\3_Ekstern\3002 HTT NTT\"&$H$3&"-"&Table1[Måned]&"\3002_06 NTT\"} -> S:\Product_Reporting\3_Ekstern\3002 HTT NTT\2026-09\3002_06 NTT\
A45: {="S:\ECBC Labbeling af Covered Bonds\"&Table1[Årstal]&Table1[Kvartal]&"\Til S&P\"} -> S:\ECBC Labbeling af Covered Bonds\2026Q3\Til S&P\
A46: Mulige kapitalcentre
A47: D
A48: E
A49: G
A50: H
A51: I
A52: Residual
A54: Mulige kvartaler
A55: Q1
A56: Q2
A57: Q3
A58: Q4
... A64: 12
A66: {="S:\ECBC Labbeling af Covered Bonds\"&Table1[Årstal]&Table1[Kvartal]&"\"} -> S:\ECBC Labbeling af Covered Bonds\2026Q3\

Sheet Disclaimer
A1: Disclaimer - Important notices
A4: (i) The Product Information displayed on this Site has been uploaded by the Issuers of the relevant Products. None of the information displayed on this Site shall form the basis of any contract. Any User of this Site will be required to acknowledge that it has not relied on, or been induced to enter into any contract by, any representation or warranty.
A5: (ii) The Covered Bond Label Foundation has not independently verified the Product Information displayed on this Site. Accordingly, no representation, warranty or undertaking, express or implied, is made, and no responsibility is accepted, by the Covered Bond Label Foundation as to or in relation to the accuracy or completeness or otherwise of such Product Information."
A6: (iii) The information provided on or accessible through the Site is not intended for distribution to, or use by, any person or entity in any jurisdiction where such distribution or use would be contrary to local law, or which would subject us or any Issuer, to any authorisation, registration or other requirement within such jurisdiction. You agree not to use or export the information or materials available on or through this Site in violation of laws in your jurisdiction.
A8: TERMS OF USE
A9: This website www.coveredbondlabel.com (the "Site") is owned and operated by the Covered Bond Label Foundation (the Covered Bond Label Foundation together with its affiliates, "we" or "us") a Private Foundation (fondation privée / private stichting) registered in Belgium; whose registered office is at Rue de la Science 14 - 1040 Brussels - Belgium and registered under number 500.950.659 (RPR/RPM Brussels).
A10: The Site is intended for use as a directory of information relating to certain covered bond products ("Products") (the "Product Information") by an issuer of ("Issuer"), or potential investor in ("Investor"), such Products (an Issuer, Investor, or any other person accessing this Site, each a "User" or "you"). The Product Information is provided by each relevant Issuer, and remains at all times the sole responsibility of the relevant Issuer. We have not independently verified any Product Information, nor reviewed whether any Product for which information is available on the Site actually is a covered bond product. This Site or any label made available through it does not constitute, nor contain, any form of credit rating, any offer to sell (or the solicitation of an offer to purchase) any Product, nor does it constitute a recommendation, or investment advice (or any other type of advice) upon which reliance should be placed.
A11: These terms and conditions together with the documents referred to in them set out the terms of use ("T&Cs") on which (a) an Issuer; (b) Investor; or (c) any other User, may make use of the Site. Section A applies primarily to Investors, and Section B applies primarily to Issuers. The General T&Cs in Section C apply to all Users.
A12: Our Acceptable Use Policy and Privacy Policy are incorporated into these T&Cs.
A13: Please read the T&Cs carefully before you start to use the Site. By clicking 'Accept' you indicate that you accept these T&Cs and that you agree to abide by them.
A14: If any provision of these T&Cs shall be deemed unlawful, void or for any reason unenforceable, then that provision shall be deemed severable from these terms and shall not affect the validity and enforceability of any remaining provisions.
A16: SECTION A. INVESTOR T&Cs
... A169: If you have any questions about this policy, the collection and use of your personal information or other privacy-specific concerns please contact us by clicking on Contact Us .

Sheet Introduction
F5: Harmonised Transparency Template
D6: 2026 Version
F7: Denmark
F8: Nykredit Realkredit - Capital Center H
F9: Reporting Date: 31/10/26
F10: Cut-off Date: 30/09/26
F22: Index
D24: Worksheet A: HTT General | E24: Tab 1: Harmonised Transparency Template
D26: Worksheet B1: HTT Mortgage Assets
D28: Worksheet B2: HTT Public Sector Assets | E28: Tab 1: Harmonised Transparency Template
D30: Worksheet B3: HTT Shipping Assets | E30: Tab 1: Harmonised Transparency Template
D32: Worksheet C: HTT Harmonised Glossary | E32: Tab 1: Harmonised Transparency Template
D34: Covered Bond Label Disclaimer | E34: Tab 1: Harmonised Transparency Template
D36: Worksheet D & Onwards (If Any): National Transparency Template
D38: Worksheet E: Optional ECB-ECAIs data
D40: Worksheet F1: Sustainable M data | E40: Tab 1: Harmonised Transparency Template

Sheet Completion Instructions
F5: Completion Instructions
F7: Please delete this tab once you have completed this file
C9: 1. Every pool has one separate HTT. Issuers with more than one cover pool have to present as many separate HTTs as the number of pools.
C10: 2. All cells that include “[For completion]” and “[Mark as ND if not relevant]” needs to be completed
C11: 3. The "[For completion]" or "[Mark as ND if not relevant]" cells could be filled with:
D12: 3.A Numbers: Please insert the appropriate data
D13: 3.B Letters: Please insert either No Data (ND)
D14: (i) ND1: Please complete the cell with ND1 when the information is not applicable for the jurisdiction
D15: (ii) ND2: Please complete the cell with ND2 when the information is not relevant for the issuer and/or CB programme at the present time
D16: (iii) ND3: Please complete the cell with ND3 when the information is not available at the present time
D17: (iv) ND4: Please complete the cell with ND4 when the information is confidential
C18: 4. Please note that the percentage cells will be automatically completed by the spreadsheet.
C19: 5. The wording of the tabs referring to the HTT (the ones with an orange tab colour) are not to be changed.
C20: 6. Should you wish to insert your National Transparency Template worksheet(s) in the HTT, please follow our instructions in the box below.
D21: Please do not forget to change the name of the worksheet in order to be consistent with the numbering of the existing ones (starting with D.).
D22: Please update the Introduction Tab accordingly.
C23: 7. Please delete tab D (Insert National Transparency Template) and the example tabs if unused.
D24: Please update the introduction Tab accordingly.
C25: 8. Should you make references to external documents or cells in this document, please insert the hyperlink.
C26: 9. Since HTT 2018 various fields as well as the amount of rows and columns are blocked in order to guarantee the uniformity of the HTT architecture which enables to run automated reporting programs. In order to guarantee this uniformity the Secretariat will not provide 'unprotected' HTTs to the issuers
C28: 10. Since the loan bucket size of the loan size information (Tab. B1 HTT mortgage Assets - section 7.10 and 7.15, Tab. B2 HTT Public Sector Assets - section 8.2, Tab B3. HTT Shipping Assets - section 9.8) is decided at national level, please follow the agreed dispositions which can be found in the HTT Completion Guideline
C30: 11. Since the regional breakdown denomination (Tab. B1 HTT Mortgage Assets - section 7.5., Tab B2 HTT Public Sector Assets - section 8.5) is decided at national level, please follow the agreed dispositions which can be found in the HTT Completion Guideline
C32: 12. For your information Legal Entity Identifier (LEI) for counterparty information may be found in http://www.lei-lookup.com/#!search
C33: 13. For any further questions on how to complete the HTT please consult in the following order:
D34: (i) the HTT Completion Guideline
D35: (ii) the relevant National Coordinator
D36: (iii) the Covered Bond Label Secretariat
C47: How to import an excel worksheet
C49: 1. Click on the tab of the worksheet you want to import | G49: 3. Select the excel file where you want to transfer your worksheet from the dropdown menu
C50: 2. Select "Move or Copy" | G50: 4. In the box Before Sheet, please select "(move to end)"
C51: 3 | G51: 5. Do not forget to tick the "Create a copy" box and press ok
C75: Updates for HTT 2026
C76: 0. All worksheets: Update the year of the HTT template next to the title of each
C77: 1. All worksheets: Highlight the locked cells in orange in order to see which cells are to be filled in
C78: 2. Worksheet “A. HTT General”: Harmonisation of all cells showing one decimal
C79: 3. Worksheet “A. HTT General": cell C58: appartition of an error message if the values between cells C38 and C58 are different
C80: 4. Worksheet “A. HTT General”: cell D157: a formula has been added that warns the issuer when the Nominal after hedging is different than the nominal before hedging.
C81: 5. Worksheet “A. HTT General”: add cell that asks "OC in accordance with the National Legal Framework"
C82: 6. Worksheet “B1. HTT Mortgage Assets”: Change the name of the cells C238 to C248 from “[Mark as ND1 if not relevant]” to “[For completion]”
C83: 7. Worksheet “B1. HTT Mortgage Assets”: Change the name of the cell B368 from “New Property” to “Under Construction”
C84: 8. Worksheet “B1. HTT Mortgage Assets”: Change the name of the cell B597 from “New Property” to “Under Construction”
C85: 9. Worksheet “F1. Sustainable M data”: Formula added in cell 49 for Consistency with cell with Tab B1 Cell C28
C86: 10. Worksheet “F1. Sustainable M data”: Change the name of the cell B388 from “New Property” to “Under Construction”
... C94: 18. Worksheet “G1. Crisis M Payment Holidays”: tab deleted

Sheet FAQ
A1: Frequently Asked Questions (FAQ)
A2: Please delete this tab once you have completed this file
C4: Harmonised Transparency Template - Frequently Asked Questions
A5: General Questions
A6: Question 1: What is the structure of the Harmonised Transparency Template (HTT)?
B7: Response 1 | C7: The HTT contains 5 main worksheets (A, B1, B2, B3 and C). The first worksheet (A) includes the HTT general information. The second worksheet (B1) presents the mortgage information. The third worksheet (B2) contains the public sector information. The fourth worksheet (B3) contains shipping information.The fifth worksheet (C) represents the HTT glossary, which has a harmonised section across jurisdictionsat the top, but also a section for national specificities below. Any additional tabs (D, E, etc.), will contain the National Transparency Template (NTT) information where relevant.
A8: Question 2: Is the HTT going to replace the National Transparency Template (NTT)?
B9: Response 2 | C9: The HTT is compulsory in order to be considered Covered Bond Label compliant. The NTT can be added in order to provide further information at national discretion.
A10: Question 3: What is the reporting frequency of the HTT?
B11: Response 3 | C11: The reporting of the HTT is the same as the reporting of the National Transparency Template (NTT), i.e. at least quarterly.
A12: Question 4: Where should the HTT be posted?
B13: Response 4 | C13: The HTT should be posted in the same location as the National Transparency Template (NTT) is currently posted, i.e. on the issuer's website. There is no common platform for the HTT.
A14: Question 5: In what format the HTT should be disclosed?
B15: Response 5 | C15: The HTT should be disclosed in Excel format in so far as it is possible, as already suggested by the Label Advisory Council and investors. Where issuers are currently providing the Template in both Excel and PDF formats, they are encouraged to continue to do so.
A16: Question 6: Where can I find the reporting date?
B17: Response 6 | C17: The reporting date can be found in the Introduction Tab and in the "Basic Facts" section of worksheet A.
A18: Question 7: What happens when I cannot complete a section of the HTT?
B19: Response 7 | C19: When the information is either (i) not applicable for the jurisdiction, (ii) not relevant for the issuer and/or CB programme at the present time; (iii) not available at the present time; or (iv) confidential. Issuers are kindly requested to include ND1, ND2, ND3 or ND4 respectively.
A20: Specific Questions
A21: Question 8: Does the Harmonised Transparency Template only contain disaggregated information for mortgages and public sector?
B22: Response 8 | C22: Indeed, the HTT only provides disaggregated information for mortgage and public sector assets which represent 99.6% of total outstanding. Information in more detail on other collateral types can always be included in worksheet E, which may contains the National Transparency Template (NTT).
A23: Question 9: How should the "liquid assets" be calculated in the section 3 "General Cover Pool / Covered Bond Information" of the HTT?
B24: Response 9 | C24: Liquid assets are defined as central bank eligible assets, substitute and other marketable assets. This total is calculated over both outstanding covered bonds and outstanding cover assets.
A25: Question 10: How should the "expected" and "contractual" columns of the "Cover pool amortisation profile" be understood?
B26: Response 10 | C26: Contractual maturities assume no prepayment scenario unlike expected maturities. Jurisdictions/issuers publishing the two should disclosed their prepayment assumptions for the latter.
A27: Question 11: How should the hedging columns included in section 3 "General Cover Pool / Covered Bond Information" of the HTT be understood?
B28: Response 11 | C28: The currency breakdown before/after hedging aims to assess the potential currency mismatch on the asset and liability sides. This is supplemented by explanations on the issuer's hedging strategy in the Harmonised Glossary.
A29: Question 12: How should the cover assets and covered bonds distribution by currency be populated in section 3.6 and 3.7 in Tab A. HTT General?
B30: Response 12 | C30: In the columns titled "Nominal [before hedging]" and "Nominal [after hedging]" if there is no hedging activity also the amounts for the single currencies should be the same in the two columns. Should there be hedging activity then the currency into which the outstanding has been swapped will receive the respective amount. For example, if all outstanding have been swapped into one currency, only this currency will see a positive amount in the after hedging section. The sum of the columns must match the figures reported under "Total Cover Assets", respectively "Outstanding Covered Bonds" in Section 3.1 of Tab A. HTT General.
A31: Question 13: How should the covered bonds distribution by interest rate be populated in section 3.8 in Tab A. HTT General?
B32: Response 13 | C32: In the columns titled "Nominal [after hedging]", all amounts must be inserted in the line for the interest rate type they have been swapped into. For example, if all outstanding amounts have been swapped into floating rate, only this line should be filled. Total amounts should show the same figures both before and after hedging.
A33: Question 14: How should arrears be populated in Tab E. Optional ECB-ECAIs data?
B34: Response 14 | C34: Performing loans should be excluded from the "1-<30 days" bucket. If a loan is in arrears, please report the entire principal amount for the loan, not just the instalment that is in arrears.
A35: Question 15: What is the Cover Pools' FIGI identifier and where can I find it?
B36: Response 15 | C36: FIGI is a 12-character alphanumeric ID used to differentiate and map information associated to cover pools. Each pool has a unique FIGI ID which cannot be re-used. You can search for existing FIGI ID's for cover pools on the Bloomberg Terminal or on the openfigi.com webpage. Bloomberg is a certified provider and will facilitate to request a FIGI ID for new pools. Requests can be send with relevant documentation via email to emeacapmkts@bloomberg.net. We would like to underline that the inclusion of the FIGI number in your HTT is on a voluntary basis.

Sheet A. HTT General
A1: A. Harmonised Transparency Template - General Information | F1: HTT 2026
B3: Reporting in Domestic Currency | C3: DKK
B5: CONTENT OF TAB A
B6: 1. Basic Facts
B7: 2. Regulatory Summary
B8: 3. General Cover Pool / Covered Bond Information | F8: `
B9: 4. Compliance Art 14 CBD Check Table
B10: 5. References to Capital Requirements Regulation (CRR) 129(1)
B11: 6. Other relevant information
A13: Field Number | B13: 1. Basic Facts
A14: G.1.1.1 | B14: Country | C14: Denmark
A15: G.1.1.2 | B15: Issuer Name | C15: Nykredit Realkredit A/S
A16: G.1.1.3 | B16: Labelled Cover Pool Name | C16: {="Capital Cener "&Table1[Kapitalcenter]} -> Capital Cener H
A17: G.1.1.4 | B17: Link to Issuer's Website | C17: Investor Relations (nykredit.com)
A18: G.1.1.5 | B18: Cut-off date | C18: {=Table1[Cut-off date]} -> 30/09/26
A19: G.1.1.6 | B19: Cover Pool's FIGI Identifier (non-mandatory) | C19: [For completion]
A20: OG.1.1.2 | B20: Optional information e.g. Contact names
A21: OG.1.1.3 | B21: Optional information e.g. Parent name
A22: OG.1.1.4
A23: OG.1.1.5
A24: OG.1.1.6
A25: OG.1.1.7
B26: 2. Regulatory Summary
A27: G.2.1.1 | B27: Basel Compliance, subject to national jurisdiction (Y/N) | C27: Y
A28: G.2.1.2 | B28: CBD Compliance | C28: Y | W28: Yes
A29: G.2.1.3 | B29: CRR Compliance (Y/N) | C29: Y | W29: No
A30: OG.2.1.1 | B30: LCR status | C30: Nykredit Realkredit A/S :: Covered Bond Label | W30: Non-EEA, Art 14 CBD compliant
A31: OG.2.1.2
A32: OG.2.1.3
A33: OG.2.1.4
A34: OG.2.1.5
A35: OG.2.1.6
B36: 3. General Cover Pool / Covered Bond Information
B37: 1.General Information | C37: Nominal (mn)
A38: G.3.1.1 | B38: Total Cover Assets | C38: =C39+C56 -> 947478.7
A39: G.3.1.2 | B39: Outstanding Covered Bonds | C39: =C77 -> 920944.5
A40: OG.3.1.1 | B40: Cover Pool Size [NPV] (mn) | C40: ND1
A41: OG.3.1.2 | B41: Outstanding Covered Bonds [NPV] (mn) | C41: ND1
A42: OG.3.1.3
A43: OG.3.1.4
B44: 2. Over-collateralisation (OC) | C44: Statutory | D44: Voluntary | F44: Contractual | G44: Purpose
A45: G.3.2.1 | B45: OC (%) | C45: 0.02 | D45: =IF(OR(C38="[For completion]",C39="[For completion]"),"Please complete G.3.1.1 and G.3.1.2",(C38/C39-1-MAX(C45,F45))) -> 0.0088119408 | F45: [For completion] | G45: ND1
A47: G.3.2.3 | B47: Total OC (absolute value in mn) | C47: =IF(OR(C38="[For completion]",C39="[For completion]"),"", C38-C39) -> 26534.198
A48: OG.3.2.1
A49: OG.3.2.2 | B49: Optional information e.g. Asset Coverage Test (ACT)
A50: OG.3.2.3 | B50: Optional information e.g. OC (NPV basis)
A51: OG.3.2.4 | B51: OC in accordance with the National Legal Framework
B52: 3. Cover Pool Composition | C52: Nominal (mn) | F52: % Cover Pool
A53: G.3.3.1 | B53: Mortgages | C53: =C39 -> 920944.5 | F53: =IF($C$58=0,"",IF(C53="[for completion]","",C53/$C$58)) -> 0.97199494
A54: G.3.3.2 | B54: Public Sector | C54: 0 | F54: =IF($C$58=0,"",IF(C54="[for completion]","",C54/$C$58)) -> 0
A55: G.3.3.3 | B55: Shipping | C55: 0 | F55: =IF($C$58=0,"",IF(C55="[for completion]","",C55/$C$58)) -> 0
A56: G.3.3.4 | B56: Substitute Assets | C56: =C179 -> 26534.198 | F56: =IF($C$58=0,"",IF(C56="[for completion]","",C56/$C$58)) -> 0.028005061
A57: G.3.3.5 | B57: Other | C57: 0 | F57: =IF($C$58=0,"",IF(C57="[for completion]","",C57/$C$58)) -> 0
A58: G.3.3.6 | B58: Total | C58: =IF(COUNT(C53:C57)=0, 0, IF(SUM(C53:C57)=C38, SUM(C53:C57), "The total should equal the Total Cover Assets reported in C38")) -> 947478.7 | F58: =SUM(F53:F57) -> 1
A59: OG.3.3.1 | B59: o/w [If relevant, please specify] | F59: =IF($C$58=0,"",IF(C59="[for completion]","",C59/$C$58)) -> 0
A60: OG.3.3.2 | B60: o/w [If relevant, please specify] | F60: =IF($C$58=0,"",IF(C60="[for completion]","",C60/$C$58)) -> 0
A61: OG.3.3.3 | B61: o/w [If relevant, please specify] | F61: =IF($C$58=0,"",IF(C61="[for completion]","",C61/$C$58)) -> 0
A62: OG.3.3.4 | B62: o/w [If relevant, please specify] | F62: =IF($C$58=0,"",IF(C62="[for completion]","",C62/$C$58)) -> 0
A63: OG.3.3.5 | B63: o/w [If relevant, please specify] | F63: =IF($C$58=0,"",IF(C63="[for completion]","",C63/$C$58)) -> 0
A64: OG.3.3.6 | B64: o/w [If relevant, please specify] | F64: =IF($C$58=0,"",IF(C64="[for completion]","",C64/$C$58)) -> 0
B65: 4. Cover Pool Amortisation Profile | C65: Contractual | D65: Expected Upon Prepayments | F65: % Total Contractual | G65: % Total Expected Upon Prepayments
A66: G.3.4.1 | B66: Weighted Average Life (in years) | C66: 27.410645 | D66: ND1
B68: Residual Life (mn)
B69: By buckets:
A70: G.3.4.2 | B70: 0 - 1 Y | C70: 0 | D70: ND1 | F70: =IF($C$77=0,"",IF(C70="[for completion]","",C70/$C$77)) -> 0 | G70: =IF($D$77=0,"",IF(D70="[Mark as ND1 if not relevant]","",D70/$D$77))
A71: G.3.4.3 | B71: 1 - 2 Y | C71: 49.081489 | D71: ND1 | F71: =IF($C$77=0,"",IF(C71="[for completion]","",C71/$C$77)) -> 5.3294731e-05 | G71: =IF($D$77=0,"",IF(D71="[Mark as ND1 if not relevant]","",D71/$D$77))
A72: G.3.4.4 | B72: 2 - 3 Y | C72: 423.50457 | D72: ND1 | F72: =IF($C$77=0,"",IF(C72="[for completion]","",C72/$C$77)) -> 0.00045985895 | G72: =IF($D$77=0,"",IF(D72="[Mark as ND1 if not relevant]","",D72/$D$77))
A73: G.3.4.5 | B73: 3 - 4 Y | C73: 1330.9236 | D73: ND1 | F73: =IF($C$77=0,"",IF(C73="[for completion]","",C73/$C$77)) -> 0.0014451725 | G73: =IF($D$77=0,"",IF(D73="[Mark as ND1 if not relevant]","",D73/$D$77))
A74: G.3.4.6 | B74: 4 - 5 Y | C74: 103.88226 | D74: ND1 | F74: =IF($C$77=0,"",IF(C74="[for completion]","",C74/$C$77)) -> 0.00011279969 | G74: =IF($D$77=0,"",IF(D74="[Mark as ND1 if not relevant]","",D74/$D$77))
A75: G.3.4.7 | B75: 5 - 10 Y | C75: 16063.437 | D75: ND1 | F75: =IF($C$77=0,"",IF(C75="[for completion]","",C75/$C$77)) -> 0.01744235 | G75: =IF($D$77=0,"",IF(D75="[Mark as ND1 if not relevant]","",D75/$D$77))
A76: G.3.4.8 | B76: 10+ Y | C76: 902973.67 | D76: ND1 | F76: =IF($C$77=0,"",IF(C76="[for completion]","",C76/$C$77)) -> 0.98048652 | G76: =IF($D$77=0,"",IF(D76="[Mark as ND1 if not relevant]","",D76/$D$77))
A77: G.3.4.9 | B77: Total | C77: =SUM(C70:C76) -> 920944.5 | D77: =SUM(D70:D76) -> 0 | F77: =SUM(F70:F76) -> 1 | G77: =SUM(G70:G76) -> 0
A78: OG.3.4.1 | B78: o/w 0-1 day | F78: =IF($C$77=0,"",IF(C78="[for completion]","",C78/$C$77)) -> 0 | G78: =IF($D$77=0,"",IF(D78="[for completion]","",D78/$D$77))
A79: OG.3.4.2 | B79: o/w 0-0.5y | F79: =IF($C$77=0,"",IF(C79="[for completion]","",C79/$C$77)) -> 0 | G79: =IF($D$77=0,"",IF(D79="[for completion]","",D79/$D$77))
A80: OG.3.4.3 | B80: o/w 0.5-1 y | F80: =IF($C$77=0,"",IF(C80="[for completion]","",C80/$C$77)) -> 0 | G80: =IF($D$77=0,"",IF(D80="[for completion]","",D80/$D$77))
A81: OG.3.4.4 | B81: o/w 1-1.5y | F81: =IF($C$77=0,"",IF(C81="[for completion]","",C81/$C$77)) -> 0 | G81: =IF($D$77=0,"",IF(D81="[for completion]","",D81/$D$77))
A82: OG.3.4.5 | B82: o/w 1.5-2 y | F82: =IF($C$77=0,"",IF(C82="[for completion]","",C82/$C$77)) -> 0 | G82: =IF($D$77=0,"",IF(D82="[for completion]","",D82/$D$77))
A83: OG.3.4.6
A84: OG.3.4.7
A85: OG.3.4.8
A86: OG.3.4.9 | F86: =IF($C$77=0,"",IF(C86="[for completion]","",C86/$C$77)) -> 0 | G86: =IF($D$77=0,"",IF(D86="[for completion]","",D86/$D$77))
A87: OG.3.4.10 | F87: =IF($C$77=0,"",IF(C87="[for completion]","",C87/$C$77)) -> 0 | G87: =IF($D$77=0,"",IF(D87="[for completion]","",D87/$D$77))
B88: 5. Maturity of Covered Bonds | C88: Initial Maturity | D88: Extended Maturity | F88: % Total Initial Maturity | G88: % Total Extended Maturity
A89: G.3.5.1 | B89: Weighted Average life (in years) | C89: 4.0960676 | D89: ND1
B91: Maturity (mn)
A92: G.3.5.2 | B92: By buckets:
A93: G.3.5.3 | B93: 0 - 1 Y | C93: 16.014737 | D93: ND1 | F93: =IF($C$100=0,"",IF(C93="[for completion]","",IF(C93="","",C93/$C$100))) -> 1.738947e-05 | G93: =IF($D$100=0,"",IF(D93="[Mark as ND1 if not relevant]","",IF(D93="","",D93/$D$100)))
A94: G.3.5.4 | B94: 1 - 2 Y | C94: 27788.771 | D94: ND1 | F94: =IF($C$100=0,"",IF(C94="[for completion]","",IF(C94="","",C94/$C$100))) -> 0.030174208 | G94: =IF($D$100=0,"",IF(D94="[Mark as ND1 if not relevant]","",IF(D94="","",D94/$D$100)))
A95: G.3.5.5 | B95: 2 - 3 Y | C95: 106767.65 | D95: ND1 | F95: =IF($C$100=0,"",IF(C95="[for completion]","",IF(C95="","",C95/$C$100))) -> 0.11593277 | G95: =IF($D$100=0,"",IF(D95="[Mark as ND1 if not relevant]","",IF(D95="","",D95/$D$100)))
A96: G.3.5.6 | B96: 3 - 4 Y | C96: 436270.8 | D96: ND1 | F96: =IF($C$100=0,"",IF(C96="[for completion]","",IF(C96="","",C96/$C$100))) -> 0.47372106 | G96: =IF($D$100=0,"",IF(D96="[Mark as ND1 if not relevant]","",IF(D96="","",D96/$D$100)))
A97: G.3.5.7 | B97: 4 - 5 Y | C97: 126551.69 | D97: ND1 | F97: =IF($C$100=0,"",IF(C97="[for completion]","",IF(C97="","",C97/$C$100))) -> 0.13741512 | G97: =IF($D$100=0,"",IF(D97="[Mark as ND1 if not relevant]","",IF(D97="","",D97/$D$100)))
A98: G.3.5.8 | B98: 5 - 10 Y | C98: 194643.78 | D98: ND1 | F98: =IF($C$100=0,"",IF(C98="[for completion]","",IF(C98="","",C98/$C$100))) -> 0.21135235 | G98: =IF($D$100=0,"",IF(D98="[Mark as ND1 if not relevant]","",IF(D98="","",D98/$D$100)))
A99: G.3.5.9 | B99: 10+ Y | C99: 28905.787 | D99: ND1 | F99: =IF($C$100=0,"",IF(C99="[for completion]","",IF(C99="","",C99/$C$100))) -> 0.031387111 | G99: =IF($D$100=0,"",IF(D99="[Mark as ND1 if not relevant]","",IF(D99="","",D99/$D$100)))
A100: G.3.5.10 | B100: Total | C100: =SUM(C93:C99) -> 920944.5 | D100: =SUM(D93:D99) -> 0 | F100: =SUM(F93:F99) -> 1 | G100: =SUM(G93:G99) -> 0
A101: OG.3.5.1 | B101: o/w 0-1 day | F101: =IF($C$100=0,"",IF(C101="[for completion]","",C101/$C$100)) -> 0 | G101: =IF($D$100=0,"",IF(D101="[for completion]","",D101/$D$100))
A102: OG.3.5.2 | B102: o/w 0-0.5y | F102: =IF($C$100=0,"",IF(C102="[for completion]","",C102/$C$100)) -> 0 | G102: =IF($D$100=0,"",IF(D102="[for completion]","",D102/$D$100))
A103: OG.3.5.3 | B103: o/w 0.5-1 y | F103: =IF($C$100=0,"",IF(C103="[for completion]","",C103/$C$100)) -> 0 | G103: =IF($D$100=0,"",IF(D103="[for completion]","",D103/$D$100))
A104: OG.3.5.4 | B104: o/w 1-1.5y | F104: =IF($C$100=0,"",IF(C104="[for completion]","",C104/$C$100)) -> 0 | G104: =IF($D$100=0,"",IF(D104="[for completion]","",D104/$D$100))
A105: OG.3.5.5 | B105: o/w 1.5-2 y | F105: =IF($C$100=0,"",IF(C105="[for completion]","",C105/$C$100)) -> 0 | G105: =IF($D$100=0,"",IF(D105="[for completion]","",D105/$D$100))
A106: OG.3.5.6
...

Sheet A. Input
A1: kapitalcenter | B1: field_number | C1: kolonne1
A2: D | B2: G.3.4.3
A3: D | B3: G.3.4.4
A4: D | B4: G.3.4.5
A5: D | B5: G.3.4.6
A6: D | B6: G.3.4.7
A7: D | B7: G.3.4.8 | C7: 7290.9142
A8: D | B8: G.3.5.3
A9: D | B9: G.3.5.4
A10: D | B10: G.3.5.5
A11: D | B11: G.3.5.6
A12: D | B12: G.3.5.7
A13: D | B13: G.3.5.8
A14: D | B14: G.3.5.9 | C14: 7290.9142
A15: D | B15: G.3.6.1 | C15: 5.9210458
A16: D | B16: G.3.6.16
A17: D | B17: G.3.6.7 | C17: 7284.9932
A18: D | B18: G.3.8.1 | C18: 789.6842
A19: D | B19: G.3.8.2 | C19: 3815.3945
A20: D | B20: G.3.8.3 | C20: 2685.8355
A21: E | B21: G.3.4.3
A22: E | B22: G.3.4.4
A23: E | B23: G.3.4.5 | C23: 2.2402481
A24: E | B24: G.3.4.6 | C24: 1.7339713
A25: E | B25: G.3.4.7 | C25: 320.41906
A26: E | B26: G.3.4.8 | C26: 551585.2
A27: E | B27: G.3.5.3
A28: E | B28: G.3.5.4
A29: E | B29: G.3.5.5
A30: E | B30: G.3.5.6 | C30: 2.4582038
A31: E | B31: G.3.5.7 | C31: 1.7339713
A32: E | B32: G.3.5.8 | C32: 337.4869
A33: E | B33: G.3.5.9 | C33: 551567.92
A34: E | B34: G.3.6.1 | C34: 5.3144888
A35: E | B35: G.3.6.16
A36: E | B36: G.3.6.7 | C36: 551904.28
A37: E | B37: G.3.8.1 | C37: 551035.85
A38: E | B38: G.3.8.2 | C38: 673.67559
A39: E | B39: G.3.8.3 | C39: 200.07088
A40: G | B40: G.3.4.3
A41: G | B41: G.3.4.4
A42: G | B42: G.3.4.5
A43: G | B43: G.3.4.6
A44: G | B44: G.3.4.7 | C44: 137.1732
A45: G | B45: G.3.4.8 | C45: 58038.905
A46: G | B46: G.3.5.3 | C46: 0.2124333
A47: G | B47: G.3.5.4 | C47: 1876.2575
A48: G | B48: G.3.5.5 | C48: 14586.669
A49: G | B49: G.3.5.6 | C49: 33339.487
A50: G | B50: G.3.5.7 | C50: 2415.1609
A51: G | B51: G.3.5.8 | C51: 5952.2057
A52: G | B52: G.3.5.9 | C52: 6.0857228
A53: G | B53: G.3.6.1 | C53: 1264.7203
A54: G | B54: G.3.6.16
A55: G | B55: G.3.6.7 | C55: 56911.358
A56: G | B56: G.3.8.1 | C56: 2.9856642
A57: G | B57: G.3.8.2 | C57: 58173.092
A58: G | B58: G.3.8.3
A59: H | B59: G.3.4.3 | C59: 49.081489
A60: H | B60: G.3.4.4 | C60: 423.50457
A61: H | B61: G.3.4.5 | C61: 1330.9236
A62: H | B62: G.3.4.6 | C62: 103.88226
A63: H | B63: G.3.4.7 | C63: 16063.437
A64: H | B64: G.3.4.8 | C64: 902973.67
A65: H | B65: G.3.5.3 | C65: 16.014737
A66: H | B66: G.3.5.4 | C66: 27788.771
A67: H | B67: G.3.5.5 | C67: 106767.65
A68: H | B68: G.3.5.6 | C68: 436270.8
A69: H | B69: G.3.5.7 | C69: 126551.69
A70: H | B70: G.3.5.8 | C70: 194643.78
... A74: H | B74: G.3.6.7 | C74: 862162.78
A75: H | B75: G.3.8.1
A76: H | B76: G.3.8.2 | C76: 898541.95
A77: H | B77: G.3.8.3 | C77: 22402.546
A78: I | B78: G.3.4.3
A79: I | B79: G.3.4.4
A80: I | B80: G.3.4.5
A81: I | B81: G.3.4.6
A82: I | B82: G.3.4.7
A83: I | B83: G.3.4.8 | C83: 2871.4409
A84: I | B84: G.3.5.3
A85: I | B85: G.3.5.4
A86: I | B86: G.3.5.5
A87: I | B87: G.3.5.6
A88: I | B88: G.3.5.7
A89: I | B89: G.3.5.8
A90: I | B90: G.3.5.9 | C90: 2871.4409
A91: I | B91: G.3.6.1
A92: I | B92: G.3.6.16
A93: I | B93: G.3.6.7 | C93: 2871.4409
A94: I | B94: G.3.8.1 | C94: 2871.4409
A95: I | B95: G.3.8.2
A96: I | B96: G.3.8.3
A97: Residual | B97: G.3.4.3
A98: Residual | B98: G.3.4.4
A99: Residual | B99: G.3.4.5
A100: Residual | B100: G.3.4.6
A101: Residual | B101: G.3.4.7 | C101: 32.616881
A102: Residual | B102: G.3.4.8 | C102: 69741.517
A103: Residual | B103: G.3.5.3
...

Sheet B1. HTT Mortgage Assets
A1: B1. Harmonised Transparency Template - Mortgage Assets | F1: HTT 2026
B3: Reporting in Domestic Currency | C3: DKK
B5: CONTENT OF TAB B1
B6: 7. Mortgage Assets
B7: 7.A Residential Cover Pool
B8: 7.B Commercial Cover Pool
A10: Field Number | B10: 7. Mortgage Assets
B11: 1. Property Type Information | C11: Nominal (mn) | F11: % Total Mortgages
A12: M.7.1.1 | B12: Residential | C12: 730274.21 | F12: =IF($C$15=0,"",IF(C12="[for completion]","",C12/$C$15)) -> 0.79296224
A13: M.7.1.2 | B13: Commercial | C13: 190670.28 | F13: =IF($C$15=0,"",IF(C13="[for completion]","",C13/$C$15)) -> 0.20703776
A14: M.7.1.3 | B14: Other | C14: 0 | F14: =IF($C$15=0,"",IF(C14="[for completion]","",C14/$C$15)) -> 0
A15: M.7.1.4 | B15: Total | C15: =SUM(C12:C14) -> 920944.5 | F15: =SUM(F12:F14) -> 1
A16: OM.7.1.1 | B16: o/w Housing Cooperatives / Multi-family assets | F16: =IF($C$15=0,"",IF(C16="[for completion]","",C16/$C$15)) -> 0
A17: OM.7.1.2 | B17: o/w Forest & Agriculture | F17: =IF($C$15=0,"",IF(C17="[for completion]","",C17/$C$15)) -> 0
A18: OM.7.1.3 | B18: o/w [If relevant, please specify] | F18: =IF($C$15=0,"",IF(C18="[for completion]","",C18/$C$15)) -> 0
A19: OM.7.1.4 | B19: o/w [If relevant, please specify] | F19: =IF($C$15=0,"",IF(C19="[for completion]","",C19/$C$15)) -> 0
A20: OM.7.1.5 | B20: o/w [If relevant, please specify] | F20: =IF($C$15=0,"",IF(C20="[for completion]","",C20/$C$15)) -> 0
A21: OM.7.1.6 | B21: o/w [If relevant, please specify] | F21: =IF($C$15=0,"",IF(C21="[for completion]","",C21/$C$15)) -> 0
A22: OM.7.1.7 | B22: o/w [If relevant, please specify] | F22: =IF($C$15=0,"",IF(C22="[for completion]","",C22/$C$15)) -> 0
A23: OM.7.1.8 | B23: o/w [If relevant, please specify] | F23: =IF($C$15=0,"",IF(C23="[for completion]","",C23/$C$15)) -> 0
A24: OM.7.1.9 | B24: o/w [If relevant, please specify] | F24: =IF($C$15=0,"",IF(C24="[for completion]","",C24/$C$15)) -> 0
A25: OM.7.1.10 | B25: o/w [If relevant, please specify] | F25: =IF($C$15=0,"",IF(C25="[for completion]","",C25/$C$15)) -> 0
A26: OM.7.1.11 | B26: o/w [If relevant, please specify] | F26: =IF($C$15=0,"",IF(C26="[for completion]","",C26/$C$15)) -> 0
B27: 2. General Information | C27: Residential Loans | D27: Commercial Loans | F27: Total Mortgages
A28: M.7.2.1 | B28: Number of mortgage loans | C28: 344869 | D28: 20637 | F28: =IF(AND(C28="[For completion]",D28="[For completion]"),"[For completion]",SUM(C28:D28)) -> 365506
A29: OM.7.2.1 | B29: Optional information eg, Number of borrowers
A30: OM.7.2.2 | B30: Optional information eg, Number of guarantors
A31: OM.7.2.3
A32: OM.7.2.4
A33: OM.7.2.5
A34: OM.7.2.6
B35: 3. Concentration Risks | C35: % Residential Loans | D35: % Commercial Loans | F35: % Total Mortgages
A36: M.7.3.1 | B36: 10 largest exposures | C36: 0.014460287 | D36: 0.054861487 | F36: 0.013355519
A37: OM.7.3.1
A38: OM.7.3.2
A39: OM.7.3.3
A40: OM.7.3.4
A41: OM.7.3.5
A42: OM.7.3.6
B43: 4. Breakdown by Geography | C43: % Residential Loans | D43: % Commercial Loans | F43: % Total Mortgages
A44: M.7.4.1 | B44: European Union | C44: =SUM(C45:C71) -> 1 | D44: =SUM(D45:D71) -> 0.98341272 | F44: =SUM(F45:F71) -> 0.99656581
A45: M.7.4.2 | B45: Austria | C45: 0 | D45: 0 | F45: 0
A46: M.7.4.3 | B46: Belgium | C46: 0 | D46: 0 | F46: 0
A47: M.7.4.4 | B47: Bulgaria | C47: 0 | D47: 0 | F47: 0
A48: M.7.4.5 | B48: Croatia | C48: 0 | D48: 0 | F48: 0
A49: M.7.4.6 | B49: Cyprus | C49: 0 | D49: 0 | F49: 0
A50: M.7.4.7 | B50: Czechia | C50: 0 | D50: 0 | F50: 0
A51: M.7.4.8 | B51: Denmark | C51: 0.95221704 | D51: 0.84890281 | F51: 0.93082709
A52: M.7.4.9 | B52: Estonia | C52: 0 | D52: 0 | F52: 0
A53: M.7.4.10 | B53: Finland | C53: 0.0028239515 | D53: 0.016639165 | F53: 0.0056842223
A54: M.7.4.11 | B54: France | C54: 0.0036379571 | D54: 0 | F54: 0.0028847626
A55: M.7.4.12 | B55: Germany | C55: 0.018363064 | D55: 0.012270654 | F55: 0.017101705
A56: M.7.4.13 | B56: Greece | C56: 0 | D56: 0 | F56: 0
... A71: M.7.4.28 | B71: Sweden | C71: 0.017762389 | D71: 0.1056001 | F71: 0.035948111
A72: M.7.4.29 | B72: European Economic Area (not member of EU) | C72: =SUM(C73:C75) -> 0 | D72: =SUM(D73:D75) -> 0 | F72: =SUM(F73:F75) -> 0
A73: M.7.4.30 | B73: Iceland | C73: 0 | D73: 0 | F73: 0
A74: M.7.4.31 | B74: Liechtenstein | C74: 0 | D74: 0 | F74: 0
A75: M.7.4.32 | B75: Norway | C75: 0 | D75: 0 | F75: 0
A76: M.7.4.33 | B76: Other | C76: =SUM(C77:C87) -> 0 | D76: =SUM(D77:D87) -> 0.016587277 | F76: =SUM(F77:F87) -> 0.0034341926
A77: M.7.4.34 | B77: Switzerland | C77: 0 | D77: 0 | F77: 0
A78: M.7.4.35 | B78: United Kingdom | C78: 0 | D78: 0.016587277 | F78: 0.0034341926
A79: M.7.4.36 | B79: Australia | C79: 0 | D79: 0 | F79: 0
A80: M.7.4.37 | B80: Brazil | C80: 0 | D80: 0 | F80: 0
A81: M.7.4.38 | B81: Canada | C81: 0 | D81: 0 | F81: 0
A82: M.7.4.39 | B82: Japan | C82: 0 | D82: 0 | F82: 0
A83: M.7.4.40 | B83: Korea | C83: 0 | D83: 0 | F83: 0
A84: M.7.4.41 | B84: New Zealand | C84: 0 | D84: 0 | F84: 0
A85: M.7.4.42 | B85: Singapore | C85: 0 | D85: 0 | F85: 0
A86: M.7.4.43 | B86: US | C86: 0 | D86: 0 | F86: 0
A87: M.7.4.44 | B87: Other | C87: 0 | D87: 0 | F87: 0
A88: OM.7.4.1 | B88: o/w [If relevant, please specify]
A89: OM.7.4.2 | B89: o/w [If relevant, please specify]
A90: OM.7.4.3 | B90: o/w [If relevant, please specify]
A91: OM.7.4.4 | B91: o/w [If relevant, please specify]
A92: OM.7.4.5 | B92: o/w [If relevant, please specify]
A93: OM.7.4.6 | B93: o/w [If relevant, please specify]
A94: OM.7.4.7 | B94: o/w [If relevant, please specify]
A95: OM.7.4.8 | B95: o/w [If relevant, please specify]
A96: OM.7.4.9 | B96: o/w [If relevant, please specify]
A97: OM.7.4.10 | B97: o/w [If relevant, please specify]
B98: 5. Breakdown by regions of the main country of origin | C98: % Residential Loans | D98: % Commercial Loans | F98: % Total Mortgages
A99: M.7.5.1 | B99: Greater Copenhagen area (Region Hovedstaden) | C99: 0.38131108 | D99: 0.3134876 | F99: 0.36850493
A100: M.7.5.2 | B100: Remaining Zealand & Bornholm (Region Sjælland) | C100: 0.10945526 | D100: 0.12348443 | F100: 0.11210419
A101: M.7.5.3 | B101: Northern Jutland (Region Nordjylland) | C101: 0.10759907 | D101: 0.1460912 | F101: 0.11486699
A102: M.7.5.4 | B102: Eastern Jutland (Region Midtjylland) | C102: 0.23394197 | D102: 0.23500835 | F102: 0.23414332
A103: M.7.5.5 | B103: Southern Jutland & Funen (Region Syddanmark) | C103: 0.16769262 | D103: 0.18192843 | F103: 0.17038057
A104: M.7.5.6
A105: M.7.5.7
A106: M.7.5.8
A107: M.7.5.9
A108: M.7.5.10
A109: M.7.5.11
A110: M.7.5.12
A111: M.7.5.13
A112: M.7.5.14
A113: M.7.5.15
A114: M.7.5.16
A115: M.7.5.17
... A148: M.7.5.50
B149: 6. Breakdown by Interest Rate | C149: % Residential Loans | D149: % Commercial Loans | F149: % Total Mortgages
...

Sheet B1. Input
A1: kapitalcenter | B1: field_number | C1: kolonne1 | D1: kolonne2 | E1: kolonne3
A2: D | B2: M.7.1.1 | C2: 3923.4836
A3: D | B3: M.7.1.2 | C3: 3367.4306
A4: D | B4: M.7.2.1 | C4: 9789 | D4: 416
A5: D | B5: M.7.3.1 | C5: 0.084220053 | D5: 0.88486655 | E5: 0.42242288
A6: D | B6: M.7.4.10
A7: D | B7: M.7.4.11 | C7: 0.000707252 | E7: 0.00038059584
A8: D | B8: M.7.4.12 | C8: 8.6604472e-05 | E8: 4.6604749e-05
A9: D | B9: M.7.4.27 | C9: 0.0040563046 | E9: 0.0021828326
A10: D | B10: M.7.4.28 | D10: 0.58737662 | E10: 0.27128971
A11: D | B11: M.7.4.35 | D11: 0.28062939 | E11: 0.12961338
A12: D | B12: M.7.4.8 | C12: 0.99514984 | D12: 0.13199398 | E12: 0.59648688
A13: D | B13: M.7.5.1 | C13: 0.21729291 | D13: 0.12109672 | E13: 0.20746123
A14: D | B14: M.7.5.2 | C14: 0.21890696 | D14: 0.19617807 | E14: 0.21658396
A15: D | B15: M.7.5.3 | C15: 0.10837043 | D15: 0.067849537 | E15: 0.10422901
A16: D | B16: M.7.5.4 | C16: 0.19298691 | D16: 0.25661063 | E16: 0.19948954
A17: D | B17: M.7.5.5 | C17: 0.26244279 | D17: 0.35826504 | E17: 0.27223626
A18: D | B18: M.7.6.1 | C18: 0.19159525 | D18: 0.011273689 | E18: 0.10831072
A19: D | B19: M.7.7.1 | C19: 0.14611563 | D19: 0.92524993 | E19: 0.50597183
A20: D | B20: M.7.7.2 | C20: 0.85388437 | D20: 0.074750065 | E20: 0.49402817
A21: D | B21: M.7.8.1
A22: D | B22: M.7.8.2
A23: D | B23: M.7.8.3
A24: D | B24: M.7.8.4
A25: D | B25: M.7.8.5 | C25: 1 | D25: 1 | E25: 1
A26: D | B26: M.7.9.1 | C26: 0.005921581 | D26: 3.6528623e-05 | E26: 0.0032034712
A27: D | B27: M.7A.10.2 | C27: 3242.0489 | D27: 9709
A28: D | B28: M.7A.10.3 | C28: 159.52259 | D28: 48
A29: D | B29: M.7A.10.4 | C29: 263.04213 | D29: 26
A30: D | B30: M.7A.10.5 | C30: 69.971 | D30: 3
A31: D | B31: M.7A.10.6 | C31: 188.899 | D31: 3
A32: D | B32: M.7A.10.7 | D32: 0
A33: D | B33: M.7A.12.1 | C33: 0.30974753
A34: D | B34: M.7A.12.2 | C34: 3551.5477
A35: D | B35: M.7A.12.3 | C35: 157.02762
A36: D | B36: M.7A.12.4 | C36: 73.20442
A37: D | B37: M.7A.12.5 | C37: 56.843956
A38: D | B38: M.7A.12.6 | C38: 40.764079
A39: D | B39: M.7A.12.7 | C39: 15.261134
A40: D | B40: M.7A.12.8 | C40: 10.109401
A41: D | B41: M.7A.12.9 | C41: 18.703477
A42: D | B42: M.7A.13.1 | C42: 0.75141553
A43: D | B43: M.7A.13.2 | C43: 0.030202185
A44: D | B44: M.7A.13.4 | C44: 0.024975529
A45: D | B45: M.7A.15.1 | C45: 74.899861 | D45: 24
A46: D | B46: M.7A.15.10 | C46: 761.66659 | D46: 1677
A47: D | B47: M.7A.15.11 | C47: 1567.1468 | D47: 4479
A48: D | B48: M.7A.15.12 | C48: 488.8212 | D48: 1428
A49: D | B49: M.7A.15.13 | C49: 23.675634 | D49: 54
A50: D | B50: M.7A.15.14 | C50: 0.91686169 | D50: 3
A51: D | B51: M.7A.15.18 | C51: 161.90746 | D51: 531
A52: D | B52: M.7A.15.2 | C52: 102.47667 | D52: 71
A53: D | B53: M.7A.15.3 | C53: 397.61492 | D53: 372
A54: D | B54: M.7A.15.4 | C54: 150.4646 | D54: 332
A55: D | B55: M.7A.15.5 | C55: 46.438989 | D55: 134
A56: D | B56: M.7A.15.6 | C56: 20.975833 | D56: 66
... A94: D | B94: M.7A.19.2 | C94: 3921.0625 | D94: 9373
A95: D | B95: M.7A.20.1 | D95: 6216.7066 | E95: 118347.26
A96: D | B96: M.7A.20.2 | D96: 160.6927 | E96: 3662.0007
A97: D | B97: M.7A.20.4 | D97: 37.085957 | E97: 2272.3412
A98: D | B98: M.7A.20.5 | D98: 637.54451 | E98: 5917.1466
A99: D | B99: M.7A.20.6 | D99: 0.40105434 | E99: 11.321257
A100: D | B100: M.7B.21.2 | C100: 166.75995 | D100: 369
A101: D | B101: M.7B.21.3 | C101: 71.211465 | D101: 24
A102: D | B102: M.7B.21.4 | C102: 149.73249 | D102: 13
A103: D | B103: M.7B.21.5 | C103: 136.55166 | D103: 4
A104: D | B104: M.7B.21.6 | D104: 0
A105: D | B105: M.7B.21.7 | C105: 2843.175 | D105: 6
A106: D | B106: M.7B.23.1 | C106: 0.48813504
A107: D | B107: M.7B.23.2 | C107: 2180.7015
A108: D | B108: M.7B.23.3 | C108: 375.9286
A109: D | B109: M.7B.23.4 | C109: 320.92967
A110: D | B110: M.7B.23.5 | C110: 207.37497
A111: D | B111: M.7B.23.6 | C111: 134.5901
A112: D | B112: M.7B.23.7 | C112: 100.4151
A113: D | B113: M.7B.23.8 | C113: 45.415099
A114: D | B114: M.7B.23.9 | C114: 2.075491
A115: D | B115: M.7B.24.1 | C115: 0.00090000109
A116: D | B116: M.7B.24.2 | C116: 0.032083202
A117: D | B117: M.7B.24.3 | C117: 0.00028249026
... A121: D | B121: M.7B.24.9 | C121: 0.016568727
A122: D | B122: M.7B.25.1 | C122: 0.9979966 | D122: 1
A123: D | B123: M.7B.25.10 | C123: 89.645955 | D123: 56
A124: D | B124: M.7B.25.11 | C124: 133.21907 | D124: 129
A125: D | B125: M.7B.25.12 | C125: 94.797004 | D125: 100
A126: D | B126: M.7B.25.13 | C126: 5.3135665 | D126: 8
A127: D | B127: M.7B.25.18 | C127: 3000.3392 | D127: 57
A128: D | B128: M.7B.25.2 | C128: 1.1314124 | D128: 7
A129: D | B129: M.7B.25.3 | C129: 37.996613 | D129: 14
A130: D | B130: M.7B.25.4 | C130: 1.0208217 | D130: 6
A131: D | B131: M.7B.25.5 | C131: 0.89771297 | D131: 4
A132: D | B132: M.7B.25.7 | C132: 0.30737692 | D132: 1
A133: D | B133: M.7B.25.8 | C133: 0.54464842 | D133: 3
... A162: D | B162: M.7B.28.2 | C162: 3364.9595 | D162: 388
A163: D | B163: M.7B.29.1 | D163: 10.43188 | E163: 186.33193
A164: D | B164: M.7B.29.13 | D164: 44.235999 | E164: 548.5291
A165: D | B165: M.7B.29.2 | D165: 288.54379 | E165: 1982.5183
A166: D | B166: M.7B.29.3 | D166: 2.7101761 | E166: 61.660712
A167: D | B167: M.7B.29.5 | D167: 26442.289 | E167: 108.19736
A168: D | B168: M.7B.29.6 | D168: 1583.7335 | E168: 71.44061
...

Sheet B2. HTT Public Sector Assets
A1: B2. Harmonised Transparency Template - Public Sector Assets | F1: HTT 2026
B3: Reporting in Domestic Currency | C3: [Please insert currency]
B5: CONTENT OF TAB B2
B6: 8. Public Sector Assets
A8: Field Number | B8: 8. Public Sector Assets
B9: 1. General Information
A10: PS.8.1.1 | B10: Number of public sector exposures | C10: [For completion]
A11: OPS.8.1.1 | B11: Optional information eg, Number of borrowers
A12: OPS.8.1.2 | B12: Optional information eg, Number of guarantors
A13: OPS.8.1.3
A14: OPS.8.1.4
A15: OPS.8.1.5
A16: OPS.8.1.6
A17: OPS.8.1.7
B18: 2. Size Information | C18: Nominal | D18: Number of Exposures | F18: % Public Sector Assets | G18: % No. of Exposures
A19: PS.8.2.1 | B19: Average exposure size (000s) | C19: [For completion]
B21: By buckets (mn):
A22: PS.8.2.2 | B22: TBC at a country level | C22: [For completion] | D22: [For completion] | F22: =IF($C$37=0,"",IF(C22="[for completion]","",C22/$C$37)) | G22: =IF($D$37=0,"",IF(D22="[for completion]","",D22/$D$37))
A23: PS.8.2.3 | B23: TBC at a country level | C23: [For completion] | D23: [For completion] | F23: =IF($C$37=0,"",IF(C23="[for completion]","",C23/$C$37)) | G23: =IF($D$37=0,"",IF(D23="[for completion]","",D23/$D$37))
A24: PS.8.2.4 | B24: TBC at a country level | C24: [For completion] | D24: [For completion] | F24: =IF($C$37=0,"",IF(C24="[for completion]","",C24/$C$37)) | G24: =IF($D$37=0,"",IF(D24="[for completion]","",D24/$D$37))
A25: PS.8.2.5 | B25: TBC at a country level | C25: [For completion] | D25: [For completion] | F25: =IF($C$37=0,"",IF(C25="[for completion]","",C25/$C$37)) | G25: =IF($D$37=0,"",IF(D25="[for completion]","",D25/$D$37))
A26: PS.8.2.6 | B26: TBC at a country level | C26: [For completion] | D26: [For completion] | F26: =IF($C$37=0,"",IF(C26="[for completion]","",C26/$C$37)) | G26: =IF($D$37=0,"",IF(D26="[for completion]","",D26/$D$37))
A27: PS.8.2.7 | B27: TBC at a country level | C27: [For completion] | D27: [For completion] | F27: =IF($C$37=0,"",IF(C27="[for completion]","",C27/$C$37)) | G27: =IF($D$37=0,"",IF(D27="[for completion]","",D27/$D$37))
A28: PS.8.2.8 | B28: TBC at a country level | C28: [For completion] | D28: [For completion] | F28: =IF($C$37=0,"",IF(C28="[for completion]","",C28/$C$37)) | G28: =IF($D$37=0,"",IF(D28="[for completion]","",D28/$D$37))
A29: PS.8.2.9 | B29: TBC at a country level | C29: [For completion] | D29: [For completion] | F29: =IF($C$37=0,"",IF(C29="[for completion]","",C29/$C$37)) | G29: =IF($D$37=0,"",IF(D29="[for completion]","",D29/$D$37))
A30: PS.8.2.10 | B30: TBC at a country level | C30: [For completion] | D30: [For completion] | F30: =IF($C$37=0,"",IF(C30="[for completion]","",C30/$C$37)) | G30: =IF($D$37=0,"",IF(D30="[for completion]","",D30/$D$37))
A31: PS.8.2.11 | B31: TBC at a country level | C31: [For completion] | D31: [For completion] | F31: =IF($C$37=0,"",IF(C31="[for completion]","",C31/$C$37)) | G31: =IF($D$37=0,"",IF(D31="[for completion]","",D31/$D$37))
A32: PS.8.2.12 | B32: TBC at a country level | C32: [For completion] | D32: [For completion] | F32: =IF($C$37=0,"",IF(C32="[for completion]","",C32/$C$37)) | G32: =IF($D$37=0,"",IF(D32="[for completion]","",D32/$D$37))
A33: PS.8.2.13 | B33: TBC at a country level | C33: [For completion] | D33: [For completion] | F33: =IF($C$37=0,"",IF(C33="[for completion]","",C33/$C$37)) | G33: =IF($D$37=0,"",IF(D33="[for completion]","",D33/$D$37))
... A36: PS.8.2.16 | B36: TBC at a country level | C36: [For completion] | D36: [For completion] | F36: =IF($C$37=0,"",IF(C36="[for completion]","",C36/$C$37)) | G36: =IF($D$37=0,"",IF(D36="[for completion]","",D36/$D$37))
A37: PS.8.2.17 | B37: Total | C37: =SUM(C22:C36) -> 0 | D37: =SUM(D22:D36) -> 0 | F37: =SUM(F22:F36) -> 0 | G37: =SUM(G22:G36) -> 0
B38: 3. Breakdown by Asset Type | C38: Nominal (mn) | F38: % Public Sector Assets
A39: PS.8.3.1 | B39: Loans | C39: [For completion] | F39: =IF($C$42=0,"",IF(C39="[for completion]","",C39/$C$42))
A40: PS.8.3.2 | B40: Bonds | C40: [For completion] | F40: =IF($C$42=0,"",IF(C40="[for completion]","",C40/$C$42))
A41: PS.8.3.3 | B41: Other | C41: [For completion] | F41: =IF($C$42=0,"",IF(C41="[for completion]","",C41/$C$42))
A42: PS.8.3.4 | B42: Total | C42: =SUM(C39:C41) -> 0 | F42: =SUM(F39:F41) -> 0
A43: OPS.8.3.1
A44: OPS.8.3.2
A45: OPS.8.3.3
A46: OPS.8.3.4
A47: OPS.8.3.5
B48: 4. Breakdown by Geography | C48: % Public Sector Assets
A49: PS.8.4.1 | B49: European Union | C49: =SUM(C50:C76) -> 0
A50: PS.8.4.2 | B50: Austria | C50: [For completion]
A51: PS.8.4.3 | B51: Belgium | C51: [For completion]
A52: PS.8.4.4 | B52: Bulgaria | C52: [For completion]
A53: PS.8.4.5 | B53: Croatia | C53: [For completion]
A54: PS.8.4.6 | B54: Cyprus | C54: [For completion]
A55: PS.8.4.7 | B55: Czechia | C55: [For completion]
A56: PS.8.4.8 | B56: Denmark | C56: [For completion]
A57: PS.8.4.9 | B57: Estonia | C57: [For completion]
A58: PS.8.4.10 | B58: Finland | C58: [For completion]
A59: PS.8.4.11 | B59: France | C59: [For completion]
A60: PS.8.4.12 | B60: Germany | C60: [For completion]
A61: PS.8.4.13 | B61: Greece | C61: [For completion]
... A76: PS.8.4.28 | B76: Sweden | C76: [For completion]
A77: PS.8.4.29 | B77: European Economic Area (not member of EU) | C77: =SUM(C78:C80) -> 0
A78: PS.8.4.30 | B78: Iceland | C78: [For completion]
A79: PS.8.4.31 | B79: Liechtenstein | C79: [For completion]
A80: PS.8.4.32 | B80: Norway | C80: [For completion]
A81: PS.8.4.33 | B81: Other | C81: =SUM(C82:C92) -> 0
A82: PS.8.4.34 | B82: Switzerland | C82: [For completion]
A83: PS.8.4.35 | B83: United Kingdom | C83: [For completion]
A84: PS.8.4.36 | B84: Australia | C84: [For completion]
A85: PS.8.4.37 | B85: Brazil | C85: [For completion]
A86: PS.8.4.38 | B86: Canada | C86: [For completion]
A87: PS.8.4.39 | B87: Japan | C87: [For completion]
A88: PS.8.4.40 | B88: Korea | C88: [For completion]
A89: PS.8.4.41 | B89: New Zealand | C89: [For completion]
A90: PS.8.4.42 | B90: Singapore | C90: [For completion]
A91: PS.8.4.43 | B91: US | C91: [For completion]
A92: PS.8.4.44 | B92: Other | C92: [For completion]
A93: OPS.8.4.1 | B93: o/w [If relevant, please specify]
A94: OPS.8.4.2 | B94: o/w [If relevant, please specify]
A95: OPS.8.4.3 | B95: o/w [If relevant, please specify]
A96: OPS.8.4.4 | B96: o/w [If relevant, please specify]
A97: OPS.8.4.5 | B97: o/w [If relevant, please specify]
A98: OPS.8.4.6 | B98: o/w [If relevant, please specify]
A99: OPS.8.4.7 | B99: o/w [If relevant, please specify]
A100: OPS.8.4.8 | B100: o/w [If relevant, please specify]
A101: OPS.8.4.9 | B101: o/w [If relevant, please specify]
A102: OPS.8.4.10 | B102: o/w [If relevant, please specify]
B103: 5. Breakdown by regions of main country of origin | C103: % Public Sector Assets
A104: PS.8.5.1 | B104: TBC at a country level | C104: [For completion]
A105: PS.8.5.2 | B105: TBC at a country level | C105: [For completion]
A106: PS.8.5.3 | B106: TBC at a country level | C106: [For completion]
A107: PS.8.5.4 | B107: TBC at a country level | C107: [For completion]
A108: PS.8.5.5 | B108: TBC at a country level | C108: [For completion]
A109: PS.8.5.6 | B109: TBC at a country level | C109: [For completion]
A110: PS.8.5.7 | B110: TBC at a country level | C110: [For completion]
A111: PS.8.5.8 | B111: TBC at a country level | C111: [For completion]
A112: PS.8.5.9 | B112: TBC at a country level | C112: [For completion]
A113: PS.8.5.10 | B113: TBC at a country level | C113: [For completion]
A114: PS.8.5.11 | B114: TBC at a country level | C114: [For completion]
A115: PS.8.5.12 | B115: TBC at a country level | C115: [For completion]
... A128: PS.8.5.25 | B128: TBC at a country level | C128: [For completion]
B129: 6. Breakdown by Interest Rate | C129: % Public Sector Assets
A130: PS.8.6.1 | B130: Fixed rate | C130: [For completion]
A131: PS.8.6.2 | B131: Floating rate | C131: [For completion]
A132: PS.8.6.3 | B132: Other | C132: [For completion]
...

Sheet B3. HTT Shipping Assets
A1: B3. Harmonised Transparency Template - Shipping Assets | F1: HTT 2026
B3: Reporting in Domestic Currency | C3: [Please insert currency]
B5: CONTENT OF TAB B3
B6: 9. Shipping Assets
A8: Field Number | B8: 9. Shipping Assets
B9: 1. General Information | C9: Shipping Loans
A10: S.9.1.1 | B10: Number of shipping loans | C10: [For completion]
A11: OS.9.1.1 | B11: Optional information eg, Number of borrowers
A12: OS.9.1.2 | B12: Optional information eg, Number of guarantors
A13: OS.9.1.3
A14: OS.9.1.4
A15: OS.9.1.5
A16: OS.9.1.6
B17: 2. Concentration Risks | C17: % Shipping Loans
A18: S.9.2.1 | B18: 10 largest exposures | C18: [For completion]
A19: OS.9.2.1
A20: OS.9.2.2
A21: OS.9.2.3
A22: OS.9.2.4
A23: OS.9.2.5
A24: OS.9.2.6
B25: 3. Breakdown by Geography / Country of Registration | C25: % Shipping Loans
A26: S.9.3.1 | B26: European Union | C26: =SUM(C27:C53) -> 0
A27: S.9.3.2 | B27: Austria | C27: [For completion]
A28: S.9.3.3 | B28: Belgium | C28: [For completion]
A29: S.9.3.4 | B29: Bulgaria | C29: [For completion]
A30: S.9.3.5 | B30: Croatia | C30: [For completion]
A31: S.9.3.6 | B31: Cyprus | C31: [For completion]
A32: S.9.3.7 | B32: Czechia | C32: [For completion]
A33: S.9.3.8 | B33: Denmark | C33: [For completion]
A34: S.9.3.9 | B34: Estonia | C34: [For completion]
A35: S.9.3.10 | B35: Finland | C35: [For completion]
A36: S.9.3.11 | B36: France | C36: [For completion]
A37: S.9.3.12 | B37: Germany | C37: [For completion]
A38: S.9.3.13 | B38: Greece | C38: [For completion]
... A53: S.9.3.28 | B53: Sweden | C53: [For completion]
A54: S.9.3.29 | B54: European Economic Area (not member of EU) | C54: =SUM(C55:C57) -> 0
A55: S.9.3.30 | B55: Iceland | C55: [For completion]
A56: S.9.3.31 | B56: Liechtenstein | C56: [For completion]
A57: S.9.3.32 | B57: Norway | C57: [For completion]
A58: S.9.3.33 | B58: Other | C58: =SUM(C59:C69) -> 0
A59: S.9.3.34 | B59: Switzerland | C59: [For completion]
A60: S.9.3.35 | B60: United Kingdom | C60: [For completion]
A61: S.9.3.36 | B61: Australia | C61: [For completion]
A62: S.9.3.37 | B62: Brazil | C62: [For completion]
A63: S.9.3.38 | B63: Canada | C63: [For completion]
A64: S.9.3.39 | B64: Japan | C64: [For completion]
A65: S.9.3.40 | B65: Korea | C65: [For completion]
A66: S.9.3.41 | B66: New Zealand | C66: [For completion]
A67: S.9.3.42 | B67: Singapore | C67: [For completion]
A68: S.9.3.43 | B68: US | C68: [For completion]
A69: S.9.3.44 | B69: Other | C69: [For completion]
A70: OS.9.3.1 | B70: o/w [If relevant, please specify]
A71: OS.9.3.2 | B71: o/w [If relevant, please specify]
A72: OS.9.3.3 | B72: o/w [If relevant, please specify]
A73: OS.9.3.4 | B73: o/w [If relevant, please specify]
A74: OS.9.3.5 | B74: o/w [If relevant, please specify]
A75: OS.9.3.6 | B75: o/w [If relevant, please specify]
A76: OS.9.3.7 | B76: o/w [If relevant, please specify]
A77: OS.9.3.8 | B77: o/w [If relevant, please specify]
A78: OS.9.3.9 | B78: o/w [If relevant, please specify]
A79: OS.9.3.10 | B79: o/w [If relevant, please specify]
B80: 4. Breakdown by Interest Rate | C80: % Shipping Loans
A81: S.9.4.1 | B81: Fixed rate | C81: [For completion]
A82: S.9.4.2 | B82: Floating rate | C82: [For completion]
A83: S.9.4.3 | B83: Other | C83: [For completion]
A84: OS.9.4.1
A85: OS.9.4.2
A86: OS.9.4.3
A87: OS.9.4.4
A88: OS.9.4.5
A89: OS.9.4.6
B90: 5. Breakdown by Repayment Type | C90: % Shipping Loans
A91: S.9.5.1 | B91: Bullet / interest only | C91: [For completion]
A92: S.9.5.2 | B92: Amortising | C92: [For completion]
A93: S.9.5.3 | B93: Other | C93: [For completion]
A94: OS.9.5.1
A95: OS.9.5.2
A96: OS.9.5.3
A97: OS.9.5.4
A98: OS.9.5.5
A99: OS.9.5.6
B100: 6. Loan Seasoning | C100: % Shipping Loans
A101: S.9.6.1 | B101: Up to 12months | C101: [For completion]
A102: S.9.6.2 | B102: > 12 - ≤ 24 months | C102: [For completion]
A103: S.9.6.3 | B103: > 24 - ≤ 36 months | C103: [For completion]
A104: S.9.6.4 | B104: > 36 - ≤ 60 months | C104: [For completion]
A105: S.9.6.5 | B105: > 60 months | C105: [For completion]
A106: OS.9.6.1
A107: OS.9.6.2
A108: OS.9.6.3
A109: OS.9.6.4
B110: 7. Non-Performing Loans (NPLs) | C110: % Shipping Loans
A111: S.9.7.1 | B111: % NPLs | C111: [For completion]
A112: OS.9.7.1 | B112: Defaulted Loans pursuant Art 178 CRR | C112: [For completion]
A113: OS.9.7.2
A114: OS.9.7.3
A115: OS.9.7.4
B116: 8. Loan Size Information | C116: Nominal | D116: Number of Loans | F116: % Shipping Loans | G116: % No. of Loans
A117: S.9.8.1 | B117: Average loan size (000s) | C117: [For completion]
...

Sheet C. HTT Harmonised Glossary
A1: C. Harmonised Transparency Template - Glossary | C1: HTT 2026
A3: The definitions below reflect the national specificities
A5: Field Number | B5: 1. Glossary - Standard Harmonised Items | C5: Definition
A6: HG.1.1 | B6: OC Calculation: Statutory | C6: Statutory Overcollateralisation is the overcollateralisation percentage required to be provided by each Issuer and included/disclosed in the national covered bond framework.
A7: HG.1.2 | B7: OC Calculation: Contractual | C7: Contractual Overcollateralisation is the overcollateralisation percentage each Issuer has contractually agreed to maintain pursuant to the covered bond programme documents.
A8: HG.1.3 | B8: OC Calculation: Voluntary | C8: Voluntary Overcollateralisation is the difference (if positive) between the actual overcollateralisation provided by an Issuer and the higher of the contractual and statutory overcollateralisation.
A9: HG.1.4 | B9: Interest Rate Types | C9: Index Loans: These are loans where instalments and outstanding debt are adjusted with the development of an index which typically reflects trends in consumer prices. The loan type was introduced in Denmark in 1982. All Danish index loans have index semi-annual payment dates (January 1st and July 1st). Index loans are offered as cash loans. The maturity depends on the loan type. Especially the maturity for subsidized housing depends on the size of the future inflation rate. Fixed-rate loans: The long-term – typically 30-year – fixed-rate, callable loan is considered the most traditional mortgage loan. With this loan, the borrower knows in advance the fixed repayments throughout the term of the loan. The long-term fixed-rate mortgage loan has a prepayment option which may be exercised in two ways, i.e. the borrowers may prepay their outstanding debt at a price of 100 (par) or the borrowers may purchase the underlying bonds in the financial markets and deliver them to the mortgage bank. This loan type is also offered with interest-only periods. Adjustable Rate Mortgages: Adjustable-rate mortgages (ARMs) were introduced in 1996 and the main advantage of ARMs is that interest rates are generally lower than those of fixed-rate loans when raised. The interest rate is generally reset at a frequency of 1, 3, 5 or 10 years and the underlying bonds are replaced by new bonds. The yield of the new bonds determines the loan rate for the period until the next interest rate reset. The lower initial loan rate should therefore be weighed against the risk that it will increase during the loan term. An ARM may be prepaid at a price of 100 in connection with each interest rate reset. Alternatively, the borrower may prepay the loan by purchasing the bonds on market terms – as with all mortgage loans. This loan type is also offered with interest-only periods. Money market based loans: The loan rate changes at generally three or six months. In addition, this loan type differs from ARMs as this interest rate depends on a reference rate, ie an interest rate determined in another market. The reference rate of DKK-denominated loans is CIBOR (Copenhagen Interbank Offered Rate) or CITA (Copenhagen Interbank Tomorrow/Next Average ), an interest rate which is quoted daily by NASDAQ. This loan type is also offered with interest-only periods. Non Capped floaters: These are loans where the rate changes at generally three or six months. The reference rate of DKK-denominated loans is CIBOR (Copenhagen Interbank Offered Rate) or CITA (Copenhagen Interbank Tomorrow/Next Average ), an interest rate which is quoted daily by OMX NASDAQ Capped floaters: It is possible to get a loan with a floating interest rate which cannot exceed a certain level (cap). In this way, the borrower hedges against major interest rate increases. If a loan has a cap of 6%, then the interest rate can never be higher than 6%. The loan rate will track Cibor (or Euribor / Cita), as long as it does not exceed 6%. A floating-rate loan may be prepaid in two ways: either at an agreed price – typically 100 or 105 – or the borrower may buy the underlying bonds at market price. Other: Any other loan types, which not comply with the above mentioned.
A10: HG.1.5 | B10: Life of cover assets: how is it calculated? Does it only consider the final date of redemption or does it take into account scheduled redemptions for amortising assets? Is is calculated by reference to the next interest reset dates or by reference to the redemption dates ? If assets have a floating or resettable rate, which assumption do you make regarding the future applicable rate? | C10: Only contratual maturity is relevant and reported. Early repayments happens at borrowes discretion is among other thing depending on interest rate developments and cannot be anticipated by issuer.
A11: HG.1.6 | B11: Maturity Buckets of Covered Bonds [i.e. how is the contractual and/or expected maturity defined? What maturity structure (hard bullet, soft bullet, conditional pass through)? Under what conditions/circumstances? Etc.] | C11: Only contratual maturity is relevant and reported. Early repayments happens at borrowes discretion is among other thing depending on interest rate developments and cannot be anticipated by issuer.
A12: HG.1.7 | B12: Maturity Extention Triggers | C12: Base Prospectus 8 May 2024 (nykredit.com)
A13: HG.1.8 | B13: LTVs: Definition | C13: LTV is reported continuously. The loans are distributed from the start LTV of the loan to the marginal LTV. This means that, if the loan is first rank, it is distributed proportionaly by bracket size from 0 to the marginal
A14: HG.1.9 | B14: LTVs: Calculation of property/shipping value | C14: LTV is calculated as: (nominal outstanding mortgage debt at market value) divided by (current market value of the property)
A15: HG.1.10 | B15: LTVs: Applied property/shipping valuation techniques, including whether use of index, Automated Valuation Model (AVM) or on-site audits
A16: HG.1.11 | B16: LTVs: Frequency and time of last valuation | C16: Minimum once per year for commercial properties. Minimum once every third year for owner occupied properties.
A17: HG.1.12 | B17: Explain how mortgage types are defined whether for residential housing, multi-family housing, commercial real estate, etc. Same for shipping where relecvant | C17: The Danish FSA sets guidelines for the grouping of property in categories. Property type is determined by its primary use.
A18: HG.1.13 | B18: Hedging Strategy (please explain how you address interest rate and currency risk) | C18: Virtually all of Nykredit's mortgage loans are match funded.
A19: HG.1.14 | B19: Non-performing loans | C19: A loan is categorised as non-performing at the latest when the payment of instalments and/or interest is 90 days past due.
A20: HG.1.15 | B20: Valuation Method | C20: Market Value.
A21: OHG.1.1 | B21: NPV assumptions (when stated)
A22: OHG.1.2
A23: OHG.1.3
A24: OHG.1.4
A25: OHG.1.5
A26: OHG.1.6
A27: OHG.1.7
B28: 2. Glossary - ESG items (optional) | C28: Definition
A29: HG.2.1 | B29: Sustainability - strategy pursued in the cover pool | C29: A and B label/estimate or equivalent labelled properties
A30: HG.2.2 | B30: Subsidised Housing (definitions of affordable, social housing)
A31: HG.2.3 | B31: New Property and Existing Property | C31: New properties are buildings constructed within the last 5 calender years
A32: OHG.2.1 | B32: Indication of proxy usage for ESG-related data (indicator, methodology, timing, share of proxy usage for single indicators etc.)
A33: OHG.2.2
A34: OHG.2.3
A35: OHG.2.4
A36: OHG.2.5
A37: OHG.2.6
A38: OHG.2.7
A39: OHG.2.8
A40: OHG.2.9
A41: OHG.2.10
A42: OHG.2.11
A43: OHG.2.12
B44: 3. Reason for No Data | C44: Value
A45: HG.3.1 | B45: Not applicable for the jurisdiction | C45: ND1
A46: HG.3.2 | B46: Not relevant for the issuer and/or CB programme at the present time | C46: ND2
A47: HG.3.3 | B47: Not available at the present time | C47: ND3
A48: OHG.3.1 | B48: Confidential Information | C48: ND4
A49: OHG.3.2
A50: OHG.3.3
B51: 4. Glossary - Extra national and/or Issuer Items | C51: Definition
A52: HG.4.1 | B52: Other definitions deemed relevant | C52: [For completion]
A53: OHG.4.1
A54: OHG.4.2
A55: OHG.4.3
A56: OHG.4.4
A57: OHG.4.5

Sheet D. Insert Nat Trans Templ

Sheet D. NTT Front page
C5: ECBC National Label Transparency Template (NTT) for Danish issuers
C6: 2026

Sheet D. NTT Contents
B5: ECBC Label Template : Contents
B7: As of | D7: 31 December 2025
B10: Specialised finance institutes
B11: General Issuer Detail
B12: A | D12: General Issuer Detail
B14: Cover Pool Information
B15: G1.1 | D15: General cover pool information
B16: G2 | D16: Outstanding CBs
B17: G2.1a-f | D17: Cover assets and maturity structure
B18: G2.2 | D18: Interest and currency risk
B19: G3 | D19: Legal ALM (balance principle) adherence
B20: G4 | D20: Additional characteristics of ALM business model for issued CBs
B22: M1/B1 | D22: Number of loans by property category
B23: M2/B2 | D23: Lending by property category, DKKm
B24: M3/B3 | D24: Lending, by loan size, DKKm
B25: M4a/B4a | D25: Lending, by-loan to-value (LTV), current property value, DKKm
B26: M4b/B4b | D26: Lending, by-loan to-value (LTV), current property value, Per cent
B27: M4c/B4c | D27: Lending, by-loan to-value (LTV), current property value, DKKm ("Sidste krone")
... B39: M12a/B12a | D39: Realised losses (%)
B43: Ship finance institutes
B44: A | D44: General Issuer Detail
B45: G1-G4 | D45: Cover pool information
B46: S1-S3 | D46: Lending
B47: S4 | D47: LTV
B48: S5 | D48: Lending by region and ship type
B49: S6-S8 | D49: Lending by ship type
B50: S9-13 | D50: Lending (Classification Societies, Size of Ships, NPL definition)
B53: Key Concepts
B54: X1 | D54: Key Concepts Explanation
B55: X2 | D55: Key Concepts Explanation
B56: X3 | D56: General explanation

Sheet D. General Issuer Details
B4: Table A. General Issuer Detail
B5: Key information regarding issuers' balance sheet
B9: (DKKm – except Tier 1 and Solvency ratio) | C9: Q3 2026
B10: Total Balance Sheet Assets | C10: 2060437.6
B11: Total Customer Loans(fair value) | C11: 1518728.8
B12: of which: Used/registered for covered bond collateral pool | C12: 1518728.8
B13: Tier 1 Ratio (%) | C13: 0.179
B14: Solvency Ratio (%) | C14: 0.21
B15: Outstanding Covered Bonds (fair value) | C15: 1463989.1
B16: Outstanding Senior Unsecured Liabilities | C16: 87807.086
B17: Senior Secured Bonds | C17: 630.05732
B18: Guarantees (e.g. provided by states, municipals, banks) | C18: 13704
B19: Net loan losses (Net loan losses and net loan loss provisions) | C19: -57.186809
B20: Value of acquired properties / ships (temporary possessions, end quarter) | C20: 608.96966
B23: Customer loans (mortgage) (DKKbn)
B24: Total customer loans (market value) | C24: 1518.7288
B25: Composition by
B27: Maturity
B28: - 0 <= 1 year | C28: 4.1564438
B29: - < 1 <= 5 years | C29: 30.386502
B30: - over 5 years | C30: 1484.1858
B31: Currency
B32: - DKK | C32: 1462.1098
B33: - EUR | C33: 28.958054
B34: - USD | C34: 0
B35: - Other | C35: 27.660939
B36: customer type
B37: - Residential (owner-occ., private rental, corporate housing, holiday houses) | C37: 1169.5223
B38: - Commercial (office and business, industry, agriculture, manufacture, social and cultural, ships) | C38: 264.26182
B39: - Subsidised | C39: 84.944675
B40: eligibility as covered bond collateral
B41: Non-performing loans (See definition in table X1) | C41: 14.276104
B42: Loan loss provisions (sum of total individual and group wise loss provisions, end of quarter) | C42: 4.8330751
F46: To Contents

Sheet D. G1-G4 - Cover pool inform.
B4: Table G1.1 – General cover pool information
B7: DKKm / Percentage of nominal outstanding CBs | F7: ='D. General Issuer Details'!C9 -> Q3 2026
B8: Nominal cover pool (total value) | F8: =F10+F13 -> 947478.7
B9: Transmission or liquidation proceeds to CB holders (for redemption of CBs maturing 0-1 day) | F9: 1
B10: Overcollateralisation | F10: ='A. HTT General'!C56 -> 26534.198
B11: Overcollateralisation ratio | C11: Total | F11: =F10/F13 -> 0.028811941
C12: Mandatory (percentage of risk weigted assets,general, by law) | F12: 0.08
B13: Nominal value of outstanding CBs | F13: ='D. Table 1-3 - Lending'!I26 -> 920944.5
C14: – hereof amount maturing 0-1 day | F14: 0
B15: Proceeds from senior secured debt | F15: 517.4353
B16: Proceeds from senior unsecured debt | F16: 0
B17: Tier 2 capital | F17: 0
A18: G1.1.1 | B18: Additional tier 1 capital (e.g. hybrid core capital) | F18: 3437.4638
A19: G1.1.2 | B19: Core tier 1 capital invested in gilt-edged securities | F19: 8588.3872
B20: Total capital coverage (rating compliant capital) | F20: =F10-F19 -> 17945.811
B22: Loan loss provisions (cover pool level - shown i Table A on issuer level) - Optional | F22: N/A
B24: Table G2 – Outstanding CBs
B26: DKKm / Percentage of nominal outstanding CBs | F26: =+F7 -> Q3 2026
B27: Nominal value of outstanding CBs | F27: =F13 -> 920944.5
A28: G2.2 | B28: Fair value of outstanding CBs (marked value) | F28: 899575.55
B29: Maturity of issued CBs | C29: 0-1 day | F29: 0
C30: 1 day – < 1 year | F30: 0
A31: G2.3.1 | C31: 1 year | F31: 0
A32: G2.3.2 | C32: > 1 and ≤ 2 years | F32: 49.081489
A33: G2.3.3 | C33: > 2 and ≤ 3 years | F33: 423.50457
A34: G2.3.4 | C34: > 3 and ≤ 4 years | F34: 1330.9236
A35: G2.3.5 | C35: > 4 and ≤ 5 years | F35: 103.88226
A36: G2.3.6 | C36: 5-10 years | F36: 16063.437
A37: G2.3.7 | C37: 10-20 years | F37: 59566.347
A38: G2.3.8 | C38: > 20 years | F38: 843407.32
A39: G2.4.1 | B39: Amortisation profile of issued CBs | C39: Bullet | F39: 0.44045522
A40: G2.4.2 | C40: Annuity | F40: 0.55954478
C41: Serial | F41: 0
B42: Interest rate profile of issued CBs | C42: Fixed rate (Fixed rate constant for more than 1 year) | F42: ='A. HTT General'!G164 -> 0
C43: Floating rate ( Floating rate constant for less than 1 year) | F43: ='A. HTT General'!G165 -> 0.97567438
C44: Capped floating rate | F44: ='A. HTT General'!G166 -> 0.02432562
B45: Currency denomination profile of issued CBs | C45: DKK | F45: ='A. HTT General'!G144 -> 0.93617236
C46: EUR | F46: ='A. HTT General'!G138 -> 0.031968078
C47: SEK | F47: ='A. HTT General'!G126 -> 0
C48: CHF
C49: NOK
C50: USD
C51: Other
B52: UCITS compliant | F52: Yes
B53: CRD compliant | F53: Yes
B54: Eligible for central bank repo | F54: Yes
B55: Rating | C55: Moody’s | F55: 0
C56: S&P | F56: AAA
C57: Fitch | F57: 0
B59: Table G2.1a-f – Cover assets and maturity structure
B61: Table G2.1a - Assets other than the loan portfolio in the cover pool
B62: Rating/maturity | C62: AAA | D62: AA+ | E62: AA | F62: AA- | G62: A+ | H62: A | I62: A- | J62: etc. | K62: Not rated
B63: Gilt-edged secutities / rating compliant capital
A64: G2.1a.1 | B64: 0-<1 year | C64: 18811.842 | D64: 77.089642 | E64: 0 | F64: 5.0177299 | G64: 1324.3746 | H64: 0 | I64: 9.4285652 | J64: 0 | K64: 0
A65: G2.1a.2 | B65: >1- < 5 years | C65: 3936.4794 | D65: 331.6386 | E65: 6.3994749 | F65: 0 | G65: 1354.3523 | H65: 0 | I65: 0 | J65: 0 | K65: 0
A66: G2.1a.3 | B66: > 5 years | C66: 604.90257 | D66: 22.524554 | E66: 0 | F66: 0 | G66: 38.089023 | H66: 0 | I66: 12.060036 | J66: 0 | K66: 0
B67: Total | C67: =SUM(C64:C66) -> 23353.224 | D67: =SUM(D64:D66) -> 431.25279 | E67: =SUM(E64:E66) -> 6.3994749 | F67: =SUM(F64:F66) -> 5.0177299 | G67: =SUM(G64:G66) -> 2716.816 | H67: =SUM(H64:H66) -> 0 | I67: =SUM(I64:I66) -> 21.488601 | J67: =SUM(J64:J66) -> 0 | K67: =SUM(K64:K66) -> 0
B69: Table G2.1b - Assets other than the loan portfolio in the cover pool
B70: Rating/type of cover asset | C70: AAA | D70: AA+ | E70: AA | F70: AA- | G70: A+ | H70: A | I70: A- | J70: etc. | K70: Not rated
A71: G2.1b.1 | B71: Exposures to/guaranteed by govenments etc. in EU | C71: 676.46588 | D71: 431.25279 | E71: 6.3994749 | F71: 0 | G71: 150.85635 | H71: 0 | I71: 0 | J71: 0 | K71: 0
A72: G2.1b.2 | B72: Exposures to/guaranteed by govenments etc. third countries | C72: 0 | D72: 0 | E72: 0 | F72: 0 | G72: 0 | H72: 0 | I72: 0 | J72: 0 | K72: 0
A73: G2.1b.3 | B73: Exposure to credit institute credit quality step 1 | C73: 1202.1134 | D73: 0 | E73: 0 | F73: 0 | G73: 0 | H73: 0 | I73: 0 | J73: 0 | K73: 0
A74: G2.1b.4 | B74: Exposure to credit institute credit quality step 2 | C74: 21474.644 | D74: 0 | E74: 0 | F74: 5.0177299 | G74: 2565.9596 | H74: 0 | I74: 21.488601 | J74: 0 | K74: 0
B75: Total | C75: =SUM(C71:C74) -> 23353.224 | D75: =SUM(D71:D74) -> 431.25279 | E75: =SUM(E71:E74) -> 6.3994749 | F75: =SUM(F71:F74) -> 5.0177299 | G75: =SUM(G71:G74) -> 2716.816 | H75: =SUM(H71:H74) -> 0 | I75: =SUM(I71:I74) -> 21.488601 | J75: 0 | K75: 0
B77: Table G2.1c - Assets other than the loan portfolio in the cover pool
B78: Maturity structure/Type of cover asset | C78: 0-<1 year | D78: >1- < 5 years | E78: > 5 years | F78: Total
A79: G2.1c.1 | B79: Exposures to/guaranteed by govenments etc. in EU | C79: 407.34964 | D79: 835.10031 | E79: 22.524554 | F79: =SUM(C79:E79) -> 1264.9745
A80: G2.1c.2 | B80: Exposures to/guaranteed by govenments etc. third countries | C80: 0 | D80: 0 | E80: 0 | F80: =SUM(C80:E80) -> 0
A81: G2.1c.3 | B81: Exposure to credit institute credit quality step 1 | C81: 1161.6736 | D81: 40.439821 | E81: 0 | F81: =SUM(C81:E81) -> 1202.1134
A82: G2.1c.4 | B82: Exposure to credit institute credit quality step 2 | C82: 18658.729 | D82: 4753.3296 | E82: 655.05163 | F82: =SUM(C82:E82) -> 24067.11
B83: Total | C83: =SUM(C79:C82) -> 20227.752 | D83: =SUM(D79:D82) -> 5628.8698 | E83: =SUM(E79:E82) -> 677.57619 | F83: =SUM(F79:F82) -> 26534.198
B85: Table G2.1d - Assets other than the loan portfolio in the cover pool
B86: Other assets, total (distributed pro rata after total assets in credit institution and cover pool) | F86: =F83 -> 26534.198
B89: Table G2.1e - Derivatives at programme level (not subordinated / pari passu with covered bonds)
B90: 0-<1 year
B91: >1- < 5 years
B92: > 5 years
B93: Total
B95: Table G2.1f - Other Derivatives (subordinated)
B96: 0-<1 year
B97: >1- < 5 years
B98: > 5 years
B99: Total
B103: Table G2.2 – Interest and currency risk
B105: Total value of loans funded in cover pool | C105: =F27 -> 920944.5
B106: Match funded (without interest and/or currency risk) | C106: 1
B107: Completely hedged with derivatives
B108: Un-hedged interest rate risk
B109: Un-hedged currency risk
B110: - Of which EUR
B111: - Of which DKK
B112: - Of which…
B115: Table G3 – Legal ALM (balance principle) adherence1
C116: Issue adherence
B117: General balance principle | C117: X
B119: Specific balance principle
B120: 1) Cf. the Danish Executive Order on bond issuance, balance principle and risk management
B124: Table G4 – Additional characteristics of ALM business model for issued CBs
C125: Issue adherence
C126: Yes | E126: No
...

Sheet D. Table 1-3 - Lending
B5: Property categories are defined according to Danish FSA's AS-reporting form
B7: Table M1/B1
B9: Number of loans by property category
C10: Owner-occupied homes | D10: Holiday houses | E10: Subsidised Housing | F10: Cooperative Housing | G10: Private rental | H10: Manufacturing and Manual Industries | I10: Office and Business | J10: Agriculture | K10: Social and cultural purposes | L10: Other | M10: Total
A11: M1 | B11: Total | C11: 296858 | D11: 29695 | E11: 329 | F11: 1362 | G11: 16625 | H11: 1428 | I11: 6872 | J11: 11481 | K11: 422 | L11: 434 | M11: =SUM(C11:L11) -> 365506
B12: In % | C12: =C11/$M$11 -> 0.81218366 | D12: =D11/$M$11 -> 0.081243536 | E12: =E11/$M$11 -> 0.00090012202 | F12: =F11/$M$11 -> 0.003726341 | G12: =G11/$M$11 -> 0.045484889 | H12: =H11/$M$11 -> 0.0039069126 | I12: =I11/$M$11 -> 0.018801333 | J12: =J11/$M$11 -> 0.031411249 | ... L12: =L11/$M$11 -> 0.001187395 | M12: =SUM(C12:L12) -> 1
B14: Table M2/B2
F15: 15.694
B16: Lending by property category, DKKm
C17: Owner-occupied homes | D17: Holiday houses | E17: Subsidised Housing | F17: Cooperative Housing | G17: Private rental | H17: Manufacturing and Manual Industries | I17: Office and Business | J17: Agriculture | K17: Social and cultural purposes | L17: Other | M17: Total
A18: M2 | B18: Total | C18: 533341.5 | D18: 34300.101 | E18: 2287.4008 | F18: 10399.843 | G18: 149945.37 | H18: 20366.727 | I18: 102052.91 | J18: 54456.179 | K18: 4761.7706 | L18: 9032.6966 | M18: =SUM(C18:L18) -> 920944.5
B19: In % | C19: =C18/$M$18 -> 0.57912448 | D19: =D18/$M$18 -> 0.037244483 | E19: =E18/$M$18 -> 0.0024837554 | F19: =F18/$M$18 -> 0.011292584 | G19: =G18/$M$18 -> 0.16281694 | H19: =H18/$M$18 -> 0.022115043 | I19: =I18/$M$18 -> 0.11081331 | J19: =J18/$M$18 -> 0.059130794 | ... L19: =L18/$M$18 -> 0.0098080792 | M19: =SUM(C19:L19) -> 1
B21: Table M3/B3
B23: Lending, by loan size, DKKm
C25: DKK 0 - 2m | D25: DKK 2 - 5m | E25: DKK 5 - 20m | F25: DKK 20 - 50m | G25: DKK 50 - 100m | H25: > DKK 100m | I25: Total
A26: M3 | B26: Total | C26: 238836.17 | D26: 306542.85 | E26: 149733.28 | F26: 48397.246 | G26: 33424.258 | H26: 144010.69 | I26: =SUM(C26:H26) -> 920944.5
B27: In % | C27: =C26/$I$26 -> 0.25933829 | D27: =D26/$I$26 -> 0.33285703 | E27: =E26/$I$26 -> 0.16258665 | F27: =F26/$I$26 -> 0.052551751 | G27: =G26/$I$26 -> 0.036293455 | H27: =H26/$I$26 -> 0.15637282 | I27: =SUM(C27:H27) -> 1
N29: To Contents

Sheet D. Table 4 - LTV
B5: Table M4a/B4a
B7: Lending, by-loan to-value (LTV), current property value, DKKm
C8: Per cent
C9: 0 - 19,9 | D9: 20 - 39,9 | E9: 40 - 59,9 | F9: 60 - 69,9 | G9: 70 - 79,9 | H9: 80 - 84,9 | I9: 85 - 89,9 | J9: 90 - 94,9 | K9: 95 - 100 | L9: > 100
A11: M4a.1 | B11: Owner-occupied homes | C11: 204625.16 | D11: 180416.37 | E11: 111374.85 | F11: 25036.399 | G11: 10706.75 | H11: 655.93411 | I11: 194.44036 | J11: 92.504931 | K11: 58.899496 | L11: 180.19424 | N11: =SUM(C11:M11) -> 533341.5
A12: M4a.2 | B12: Holiday houses | C12: 15388.862 | D12: 11905.654 | E12: 5766.8934 | F12: 1048.7639 | G12: 178.0541 | H12: 2.6235624 | I12: 1.5851402 | J12: 1.2250553 | K12: 0.98640433 | L12: 5.454419 | N12: =SUM(C12:M12) -> 34300.101
A13: M4a.3 | B13: Subsidised Housing | C13: 1142.4421 | D13: 592.85096 | E13: 316.06211 | F13: 68.131478 | G13: 56.20754 | H13: 27.828158 | I13: 24.954326 | J13: 18.294431 | K13: 14.302272 | L13: 26.327432 | N13: =SUM(C13:M13) -> 2287.4008
A14: M4a.4 | B14: Cooperative Housing | C14: 4211.4205 | D14: 3821.3589 | E14: 1938.2197 | F14: 252.1799 | G14: 125.56885 | H14: 23.087523 | I14: 13.648118 | J14: 7.1088767 | K14: 3.2348099 | L14: 4.0157271 | N14: =SUM(C14:M14) -> 10399.843
A15: M4a.5 | B15: Private rental | C15: 55653.668 | D15: 54103.977 | E15: 35905.839 | F15: 3240.2762 | G15: 730.11351 | H15: 78.979777 | I15: 48.536158 | J15: 36.580439 | K15: 31.885607 | L15: 107.75716 | N15: =SUM(C15:M15) -> 149937.61
A16: M4a.6 | B16: Manufacturing and Manual Industries | C16: 10255.552 | D16: 7911.4902 | E16: 2165.0576 | F16: 15.548958 | G16: 4.728785 | H16: 2.0025392 | I16: 1.9985793 | J16: 1.9985793 | K16: 1.2933209 | L16: 7.0570778 | N16: =SUM(C16:M16) -> 20366.727
A17: M4a.7 | B17: Office and Business | C17: 49637.426 | D17: 38996.421 | E17: 12972.858 | F17: 342.44756 | G17: 63.384794 | H17: 5.714389 | I17: 5.0361715 | J17: 4.6258369 | K17: 4.2868735 | L17: 20.708959 | N17: =SUM(C17:M17) -> 102052.91
A18: M4a.8 | B18: Agricultutal properties | C18: 26011.089 | D18: 22541.766 | E18: 5668.7037 | F18: 125.08191 | G18: 35.936311 | H18: 10.134743 | I18: 9.0494756 | J18: 7.7322308 | K18: 7.1434969 | L18: 39.542544 | N18: =SUM(C18:M18) -> 54456.179
A19: M4a.9 | B19: Properties for social and cultural purposes | C19: 2686.8104 | D19: 1509.3008 | E19: 397.70987 | F19: 13.077031 | G19: 6.7078564 | H19: 3.2625361 | I19: 2.8663082 | J19: 2.8606557 | K19: 2.6215943 | L19: 136.07043 | N19: =SUM(C19:M19) -> 4761.2875
A20: M4a.10 | B20: Other | C20: 4765.601 | D20: 3364.0304 | E20: 816.30856 | F20: 77.147871 | G20: 5.950125 | H20: 1.6218063 | I20: 1.0389217 | J20: 0.31828068 | K20: 0.21164197 | L20: 0.46794636 | N20: =SUM(C20:M20) -> 9032.6966
N21: =SUM(C21:M21) -> 0
B22: Total | C22: =SUM(C11:C21) -> 374378.03 | D22: =SUM(D11:D21) -> 325163.22 | E22: =SUM(E11:E21) -> 177322.5 | F22: =SUM(F11:F21) -> 30219.053 | G22: =SUM(G11:G21) -> 11913.402 | H22: =SUM(H11:H21) -> 811.18914 | I22: =SUM(I11:I21) -> 303.15356 | J22: =SUM(J11:J21) -> 173.24932 | ... L22: =SUM(L11:L21) -> 527.59593 | N22: =SUM(C22:M22) -> 920936.26
B27: Table M4b/B4b
B29: Lending, by-loan to-value (LTV), current property value, per cent
C30: Per cent
C31: 0 - 19,9 | D31: 20 - 39,9 | E31: 40 - 59,9 | F31: 60 - 69,9 | G31: 70 - 79,9 | H31: 80 - 84,9 | I31: 85 - 89,9 | J31: 90 - 94,9 | K31: 95 - 100 | L31: > 100
B33: Owner-occupied homes | C33: =C11/$N$11 -> 0.38366629 | D33: =D11/$N$11 -> 0.33827551 | E33: =E11/$N$11 -> 0.20882465 | F33: =F11/$N$11 -> 0.046942528 | G33: =G11/$N$11 -> 0.02007485 | H33: =H11/$N$11 -> 0.0012298576 | I33: =I11/$N$11 -> 0.00036457009 | J33: =J11/$N$11 -> 0.00017344409 | ... L33: =L11/$N$11 -> 0.00033785902
B34: Holiday houses | C34: =C12/$N$12 -> 0.44865354 | D34: =D12/$N$12 -> 0.34710258 | E34: =E12/$N$12 -> 0.1681305 | F34: =F12/$N$12 -> 0.030576115 | G34: =G12/$N$12 -> 0.0051910663 | H34: =H12/$N$12 -> 7.6488472e-05 | I34: =I12/$N$12 -> 4.6213863e-05 | J34: =J12/$N$12 -> 3.5715792e-05 | ... L34: =L12/$N$12 -> 0.00015902049
B35: Subsidised Housing | C35: =C13/$N$13 -> 0.49944991 | D35: =D13/$N$13 -> 0.25918105 | E35: =E13/$N$13 -> 0.13817522 | F35: =F13/$N$13 -> 0.029785544 | G35: =G13/$N$13 -> 0.024572667 | H35: =H13/$N$13 -> 0.012165842 | I35: =I13/$N$13 -> 0.010909468 | J35: =J13/$N$13 -> 0.0079979122 | ... L35: =L13/$N$13 -> 0.011509759
B36: Cooperative Housing | C36: =C14/$N$14 -> 0.40495039 | D36: =D14/$N$14 -> 0.3674439 | E36: =E14/$N$14 -> 0.1863701 | F36: =F14/$N$14 -> 0.024248433 | G36: =G14/$N$14 -> 0.01207411 | H36: =H14/$N$14 -> 0.0022199877 | I36: =I14/$N$14 -> 0.0013123389 | J36: =J14/$N$14 -> 0.00068355617 | ... L36: =L14/$N$14 -> 0.00038613344
B37: Private rental | C37: =C15/$N$15 -> 0.37117883 | D37: =D15/$N$15 -> 0.36084326 | E37: =E15/$N$15 -> 0.23947186 | F37: =F15/$N$15 -> 0.02161083 | G37: =G15/$N$15 -> 0.0048694486 | H37: =H15/$N$15 -> 0.00052675093 | I37: =I15/$N$15 -> 0.00032370902 | J37: =J15/$N$15 -> 0.00024397106 | ... L37: =L15/$N$15 -> 0.00071867996
B38: Manufacturing and Manual Industries | C38: =C16/$N$16 -> 0.50354441 | D38: =D16/$N$16 -> 0.38845172 | E38: =E16/$N$16 -> 0.10630366 | F38: =F16/$N$16 -> 0.00076344904 | G38: =G16/$N$16 -> 0.00023218188 | H38: =H16/$N$16 -> 9.8324052e-05 | I38: =I16/$N$16 -> 9.8129623e-05 | J38: =J16/$N$16 -> 9.8129623e-05 | ... L38: =L16/$N$16 -> 0.00034650034
B39: Office and Business | C39: =C17/$N$17 -> 0.48638913 | D39: =D17/$N$17 -> 0.38211964 | E39: =E17/$N$17 -> 0.12711894 | F39: =F17/$N$16 -> 0.016814069 | G39: =G17/$N$17 -> 0.00062109738 | H39: =H17/$N$17 -> 5.5994377e-05 | I39: =I17/$N$17 -> 4.9348633e-05 | J39: =J17/$N$17 -> 4.532783e-05 | K39: =K17/$N$17 -> 4.2006382e-05 | L39: =L17/$N$17 -> 0.00020292375
B40: Agricultutal properties | C40: =C18/$N$18 -> 0.47765174 | D40: =D18/$N$18 -> 0.41394322 | E40: =E18/$N$18 -> 0.10409661 | F40: =F18/$N$16 -> 0.0061414832 | G40: =G18/$N$18 -> 0.00065991246 | H40: =H18/$N$18 -> 0.00018610824 | I40: =I18/$N$18 -> 0.00016617904 | J40: =J18/$N$18 -> 0.00014198996 | K40: =K18/$N$18 -> 0.00013117881 | L40: =L18/$N$18 -> 0.00072613511
B41: Properties for social and cultural purposes | C41: =C19/$N$19 -> 0.56430333 | D41: =D19/$N$19 -> 0.31699426 | E41: =E19/$N$19 -> 0.0835299 | F41: =F19/$N$19 -> 0.0027465326 | G41: =G19/$N$19 -> 0.0014088325 | H41: =H19/$N$19 -> 0.0006852214 | I41: =I19/$N$19 -> 0.00060200275 | J41: =J19/$N$19 -> 0.00060081557 | ... L41: =L19/$N$19 -> 0.028578494
B42: Other | C42: =C20/$N$20 -> 0.5275945 | D42: =D20/$N$20 -> 0.37242814 | E42: =E20/$N$20 -> 0.090372631 | F42: =F20/$N$20 -> 0.0085409568 | G42: =G20/$N$20 -> 0.00065873186 | H42: =H20/$N$20 -> 0.00017954841 | I42: =I20/$N$20 -> 0.0001150179 | J42: =J20/$N$20 -> 3.5236508e-05 | ... L42: =L20/$N$20 -> 5.1805832e-05
B44: Total | C44: =C22/$N$22 -> 0.40651894 | D44: =D22/$N$22 -> 0.35307896 | E44: =E22/$N$22 -> 0.1925459 | F44: =F22/$N$22 -> 0.032813404 | G44: =G22/$N$22 -> 0.012936186 | H44: =H22/$N$22 -> 0.00088083093 | I44: =I22/$N$22 -> 0.00032917974 | J44: =J22/$N$22 -> 0.00018812303 | ... L44: =L22/$N$22 -> 0.00057289082
B49: Table M4c/B4c
B51: Lending, by-loan to-value (LTV), current property value, DKKm (Entire loan entered in the top LTV bracket)
C52: Per cent
C53: 0 - 19,9 | D53: 20 - 39,9 | E53: 40 - 59,9 | F53: 60 - 69,9 | G53: 70 - 79,9 | H53: 80 - 84,9 | I53: 85 - 89,9 | J53: 90 - 94,9 | K53: 95 - 100 | L53: > 100 | N53: Avg. LTV
A55: M4c.1 | B55: Owner-occupied homes | C55: 9251.8861 | D55: 80851.059 | E55: 212034.04 | F55: 99886.952 | G55: 106056.46 | H55: 19745.881 | I55: 3202.4831 | J55: 869.24419 | K55: 401.00825 | L55: 1042.4863 | N55: 0.56631469 | P55: =C55+D55+E55+F55+G55+H55+I55+J55+K55+L55 -> 533341.5
A56: M4c.2 | B56: Holiday houses | C56: 1127.75 | D56: 9175.0918 | E56: 13545.673 | F56: 6348.4459 | G56: 4037.4242 | H56: 29.371471 | I56: 4.1579814 | J56: 6.1111486 | K56: 4.7810697 | L56: 21.294878 | N56: 0.49858498 | P56: =C56+D56+E56+F56+G56+H56+I56+J56+K56+L56 -> 34300.101
A57: M4c.3 | B57: Subsidised Housing | C57: 460.48203 | D57: 595.14454 | E57: 735.13322 | F57: 106.89769 | G57: 7.1452267 | H57: 0.17199424 | I57: 108.38749 | J57: 98.063683 | K57: 0.11065186 | L57: 175.86432 | N57: 0.45720826 | P57: =C57+D57+E57+F57+G57+H57+I57+J57+K57+L57 -> 2287.4008
A58: M4c.4 | B58: Cooperative Housing | C58: 1022.4545 | D58: 2634.1248 | E58: 4363.9452 | F58: 1269.0016 | G58: 584.70248 | H58: 271.8974 | I58: 79.805251 | J58: 57.087708 | K58: 84.50174 | L58: 32.322124 | N58: 0.46936087 | P58: =C58+D58+E58+F58+G58+H58+I58+J58+K58+L58 -> 10399.843
A59: M4c.5 | B59: Private rental | C59: 1154.923 | D59: 14656.695 | E59: 93085.862 | F59: 31391.213 | G59: 7484.158 | H59: 1012.1045 | I59: 283.54762 | J59: 93.500618 | K59: 88.389404 | L59: 694.9757 | N59: 0.54571601 | P59: =C59+D59+E59+F59+G59+H59+I59+J59+K59+L59 -> 149945.37
A60: M4c.6 | B60: Manufacturing and Manual Industries | C60: 1889.6361 | D60: 4640.8143 | E60: 13483.767 | F60: 293.09492 | G60: 12.667254 | H60: 0.42395989 | I60: 0 | J60: 0 | K60: 25.152171 | L60: 21.171234 | N60: 0.42226403 | P60: =C60+D60+E60+F60+G60+H60+I60+J60+K60+L60 -> 20366.727
A61: M4c.7 | B61: Office and Business | C61: 6259.1238 | D61: 26535.118 | E61: 63437.549 | F61: 4901.5361 | G61: 769.69065 | H61: 26.331922 | I61: 9.0112491 | J61: 3.5713803 | K61: 10.827791 | L61: 100.14816 | N61: 0.43420486 | P61: =C61+D61+E61+F61+G61+H61+I61+J61+K61+L61 -> 102052.91
A62: M4c.8 | B62: Agricultutal properties | C62: 1341.9369 | D62: 19379.622 | E62: 32231.807 | F62: 997.93274 | G62: 248.97731 | H62: 43.527895 | I62: 33.480266 | J62: 5.6084435 | K62: 23.143018 | L62: 150.14442 | N62: 0.42731137 | P62: =C62+D62+E62+F62+G62+H62+I62+J62+K62+L62 -> 54456.179
A63: M4c.9 | B63: Properties for social and cultural purposes | C63: 1550.5136 | D63: 1162.0899 | E63: 1807.3922 | F63: 49.271445 | G63: 15.945645 | H63: 0 | I63: 12.310341 | J63: 0 | K63: 0.37954579 | L63: 163.86792 | N63: 0.37511927 | P63: =C63+D63+E63+F63+G63+H63+I63+J63+K63+L63 -> 4761.7706
A64: M4c.10 | B64: Other | C64: 725.914 | D64: 4971.1529 | E64: 2524.5934 | F64: 702.84558 | G64: 82.825395 | H64: 8.2692132 | I64: 6.7971687 | J64: 4.2618046 | K64: 1.9546659 | L64: 4.0824688 | N64: 0.38575533 | P64: =C64+D64+E64+F64+G64+H64+I64+J64+K64+L64 -> 9032.6966
A66: M4c | B66: Total | C66: =SUM(C55:C65) -> 24784.62 | D66: =SUM(D55:D65) -> 164600.91 | E66: =SUM(E55:E65) -> 437249.76 | F66: =SUM(F55:F65) -> 145947.19 | G66: =SUM(G55:G65) -> 119300 | H66: =SUM(H55:H65) -> 21137.98 | I66: =SUM(I55:I65) -> 3739.9805 | J66: =SUM(J55:J65) -> 1137.449 | ... L66: =SUM(L55:L65) -> 2406.3575 | N66: 0.53026835 | P66: =C66+D66+E66+F66+G66+H66+I66+J66+K66+L66 -> 920944.5
B71: Table M4d/B4d
B73: Lending, by-loan to-value (LTV), current property value, PER CENT (Entire loan entered in the top LTV bracket)
C74: Per cent
C75: 0 - 19,9 | D75: 20 - 39,9 | E75: 40 - 59,9 | F75: 60 - 69,9 | G75: 70 - 79,9 | H75: 80 - 84,9 | I75: 85 - 89,9 | J75: 90 - 94,9 | K75: 95 - 100 | L75: > 100 | N75: Avg. LTV
B77: Owner-occupied homes | C77: =C55/$P55 -> 0.017347021 | D77: =D55/$P55 -> 0.15159341 | E77: =E55/$P55 -> 0.39755773 | F77: =F55/$P55 -> 0.18728517 | G77: =G55/$P55 -> 0.19885283 | H77: =H55/$P55 -> 0.03702296 | I77: =I55/$P55 -> 0.0060045639 | J77: =J55/$P55 -> 0.0016298079 | ... L77: =L55/$P55 -> 0.0019546319 | N77: =N55 -> 0.56631469
B78: Holiday houses | C78: =C56/$P56 -> 0.032878911 | D78: =D56/$P56 -> 0.2674946 | E78: =E56/$P56 -> 0.39491641 | F78: =F56/$P56 -> 0.18508534 | G78: =G56/$P56 -> 0.11770881 | H78: =H56/$P56 -> 0.00085630858 | I78: =I56/$P56 -> 0.00012122359 | J78: =J56/$P56 -> 0.00017816707 | ... L78: =L56/$P56 -> 0.0006208401 | N78: =N56 -> 0.49858498
B79: Subsidised Housing | C79: =C57/$P57 -> 0.20131235 | D79: =D57/$P57 -> 0.26018375 | E79: =E57/$P57 -> 0.32138365 | F79: =F57/$P57 -> 0.046733256 | G79: =G57/$P57 -> 0.0031237318 | H79: =H57/$P57 -> 7.5191998e-05 | I79: =I57/$P57 -> 0.047384565 | J79: =J57/$P57 -> 0.042871228 | ... L79: =L57/$P57 -> 0.076883911 | N79: =N57 -> 0.45720826
B80: Cooperative Housing | C80: =C58/$P58 -> 0.098314416 | D80: =D58/$P58 -> 0.25328506 | E80: =E58/$P58 -> 0.41961646 | F80: =F58/$P58 -> 0.12202123 | G80: =G58/$P58 -> 0.056222242 | H80: =H58/$P58 -> 0.026144376 | I80: =I58/$P58 -> 0.0076736978 | J80: =J58/$P58 -> 0.0054892856 | ... L80: =L58/$P58 -> 0.0031079435 | N80: =N58 -> 0.46936087
B81: Private rental | C81: =C59/$P59 -> 0.0077022922 | D81: =D59/$P59 -> 0.097746898 | E81: =E59/$P59 -> 0.62079851 | F81: =F59/$P59 -> 0.209351 | G81: =G59/$P59 -> 0.049912566 | H81: =H59/$P59 -> 0.0067498214 | I81: =I59/$P59 -> 0.0018910062 | J81: =J59/$P59 -> 0.00062356456 | ... L81: =L59/$P59 -> 0.0046348594 | N81: =N59 -> 0.54571601
B82: Manufacturing and Manual Industries | C82: =C60/$P60 -> 0.092780545 | D82: =D60/$P60 -> 0.22786254 | E82: =E60/$P60 -> 0.6620488 | F82: =F60/$P60 -> 0.01439087 | G82: =G60/$P60 -> 0.00062195824 | H82: =H60/$P60 -> 2.0816299e-05 | I82: =I60/$P60 -> 0 | J82: =J60/$P60 -> 0 | ... L82: =L60/$P60 -> 0.001039501 | N82: =N60 -> 0.42226403
B83: Office and Business | C83: =C61/$P61 -> 0.061332146 | D83: =D61/$P61 -> 0.26001335 | E83: =E61/$P61 -> 0.62161432 | F83: =F61/$P61 -> 0.048029362 | G83: =G61/$P61 -> 0.0075420747 | H83: =H61/$P61 -> 0.00025802226 | I83: =I61/$P61 -> 8.8299777e-05 | J83: =J61/$P61 -> 3.499538e-05 | ... L83: =L61/$P61 -> 0.00098133566 | N83: =N61 -> 0.43420486
B84: Agricultutal properties | C84: =C62/$P62 -> 0.024642509 | D84: =D62/$P62 -> 0.35587553 | E84: =E62/$P62 -> 0.5918852 | F84: =F62/$P62 -> 0.018325427 | G84: =G62/$P62 -> 0.0045720672 | H84: =H62/$P62 -> 0.00079931966 | I84: =I62/$P62 -> 0.00061481115 | J84: =J62/$P62 -> 0.00010299003 | ... L84: =L62/$P62 -> 0.0027571603 | N84: =N62 -> 0.42731137
B85: Properties for social and cultural purposes | C85: =C63/$P63 -> 0.32561703 | D85: =D63/$P63 -> 0.24404576 | E85: =E63/$P63 -> 0.37956305 | F85: =F63/$P63 -> 0.010347295 | G85: =G63/$P63 -> 0.0033486797 | H85: =H63/$P63 -> 0 | I85: =I63/$P63 -> 0.0025852444 | J85: =J63/$P63 -> 0 | ... L85: =L63/$P63 -> 0.034413232 | N85: =N63 -> 0.37511927
B86: Other | C86: =C64/$P64 -> 0.080365149 | D86: =D64/$P64 -> 0.55035092 | E86: =E64/$P64 -> 0.27949499 | F86: =F64/$P64 -> 0.077811269 | G86: =G64/$P64 -> 0.0091695093 | H86: =H64/$P64 -> 0.00091547559 | I86: =I64/$P64 -> 0.00075250715 | J86: =J64/$P64 -> 0.00047181974 | ... L86: =L64/$P64 -> 0.00045196567 | N86: =N64 -> 0.38575533
B88: Total | C88: =C66/$P66 -> 0.026912176 | D88: =D66/$P66 -> 0.17873055 | E88: =E66/$P66 -> 0.47478405 | F88: =F66/$P66 -> 0.15847556 | G88: =G66/$P66 -> 0.12954092 | H88: =H66/$P66 -> 0.022952501 | I88: =I66/$P66 -> 0.0040610271 | J88: =J66/$P66 -> 0.0012350896 | ... L88: =L66/$P66 -> 0.0026129235 | N88: =N66 -> 0.53026835
N92: To Contents

Sheet D. Table 5 - Region
B5: Table M5/B5 - Total
B7: Lending by region, DKKm
C9: Greater Copenhagen area (Region Hovedstaden) | D9: Remaining Zealand & Bornholm (Region Sjælland) | E9: Northern Jutland (Region Nordjylland) | F9: Eastern Jutland (Region Midtjylland) | G9: Southern Jutland & Funen (Region Syddanmark) | H9: Outside Denmark | I9: Total
A11: M5.1 | B11: Owner-occupied homes | C11: 193955.26 | D11: 59171.26 | E11: 57592.782 | F11: 124470.92 | G11: 91682.721 | H11: 6468.556 | I11: =SUM(C11:H11) -> 533341.5
A12: M5.2 | B12: Holiday houses | C12: 6651.106 | D12: 6639.4066 | E12: 6421.773 | F12: 7637.6139 | G12: 6942.2894 | H12: 7.912576 | I12: =SUM(C12:H12) -> 34300.101
A13: M5.3 | B13: Subsidised Housing | C13: 294.64584 | D13: 255.15406 | E13: 375.69795 | F13: 920.05838 | G13: 441.84461 | H13: 0 | I13: =SUM(C13:H13) -> 2287.4008
A14: M5.4 | B14: Cooperative Housing | C14: 4769.7328 | D14: 1115.7627 | E14: 1651.0275 | F14: 1548.3752 | G14: 1314.9446 | H14: 0 | I14: =SUM(C14:H14) -> 10399.843
A15: M5.5 | B15: Private rental | C15: 59350.473 | D15: 8931.3671 | E15: 8780.9103 | F15: 28101.496 | G15: 16228.221 | H15: 28552.902 | I15: =SUM(C15:H15) -> 149945.37
A16: M5.6 | B16: Manufacturing and Manual Industries | C16: 3159.0433 | D16: 1074.153 | E16: 1089.3292 | F16: 6579.9097 | G16: 4184.3728 | H16: 4279.9192 | I16: =SUM(C16:H16) -> 20366.727
A17: M5.7 | B17: Office and Business | C17: 40495.516 | D17: 7534.9833 | E17: 7869.6678 | F17: 12765.692 | G17: 8743.2344 | H17: 24643.815 | I17: =SUM(C17:H17) -> 102052.91
A18: M5.8 | B18: Agricultural properties | C18: 896.71684 | D18: 9573.2977 | E18: 14017.15 | F18: 16218.25 | G18: 13719.28 | H18: 31.484367 | I18: =SUM(C18:H18) -> 54456.179
A19: M5.9 | B19: Properties for social and cultural purposes | C19: 2861.2202 | D19: 240.44495 | E19: 167.66208 | F19: 916.36547 | G19: 457.04701 | H19: 119.03083 | I19: =SUM(C19:H19) -> 4761.7706
A20: M5.10 | B20: Other | C20: 2838.1818 | D20: 1564.3775 | E20: 502.59053 | F20: 1558.3598 | G20: 2343.0986 | H20: 226.0883 | I20: =SUM(C20:H20) -> 9032.6966
B22: Total | C22: =SUM(C11:C21) -> 315271.9 | D22: =SUM(D11:D21) -> 96100.207 | E22: =SUM(E11:E21) -> 98468.591 | F22: =SUM(F11:F21) -> 200717.04 | G22: =SUM(G11:G21) -> 146057.05 | H22: =SUM(H11:H21) -> 64329.708 | I22: =SUM(I11:I21) -> 920944.5
B25: Tables M5x below are distributed by issuer's choice. Must sum to column "Outside Denmark" in table M5
B27: Table M5a - Outside Denmark
B29: Lending by region, DKKm
C31: Finland | D31: France | E31: Germany | F31: Norway | G31: Poland | H31: Spain | I31: Sweden | J31: United Kingdom | K31: Greenland & Faroe Islands
A33: M5a.1 | B33: Owner-occupied homes | C33: 0 | D33: 2656.7063 | E33: 16.834138 | F33: 0 | G33: 0 | H33: 3786.2968 | I33: 0 | J33: 0 | K33: 8.7187242
A34: M5a.2 | B34: Holiday houses | C34: 0 | D34: 0 | E34: 0 | F34: 0 | G34: 0 | H34: 7.912576 | I34: 0 | J34: 0 | K34: 0
A35: M5a.3 | B35: Subsidised Housing | C35: 0 | D35: 0 | E35: 0 | F35: 0 | G35: 0 | H35: 0 | I35: 0 | J35: 0 | K35: 0
A36: M5a.4 | B36: Cooperative Housing | C36: 0 | D36: 0 | E36: 0 | F36: 0 | G36: 0 | H36: 0 | I36: 0 | J36: 0 | K36: 0
A37: M5a.5 | B37: Private rental | C37: 2062.259 | D37: 0 | E37: 13393.238 | F37: 0 | G37: 0 | H37: 0 | I37: 12971.415 | J37: 0 | K37: 125.98988
A38: M5a.6 | B38: Manufacturing and Manual Industries | C38: 375.79888 | D38: 0 | E38: 1817.6486 | F38: 0 | G38: 0 | H38: 0 | I38: 1647.9622 | J38: 207.25922 | K38: 231.25032
A39: M5a.7 | B39: Office and Business | C39: 2796.7954 | D39: 0 | E39: 507.1969 | F39: 0 | G39: 0 | H39: 0 | I39: 18275.554 | J39: 2923.9572 | K39: 140.312
A40: M5a.8 | B40: Agricultural properties | C40: 0 | D40: 0 | E40: 0 | F40: 0 | G40: 0 | H40: 0 | I40: 0 | J40: 31.484367 | K40: 0
A41: M5a.9 | B41: Properties for social and cultural purposes | C41: 0 | D41: 0 | E41: 0 | F41: 0 | G41: 0 | H41: 0 | I41: 0 | J41: 0 | K41: 119.03083
A42: M5a.10 | B42: Other | C42: 0 | D42: 0 | E42: 14.803556 | F42: 0 | G42: 0 | H42: 0 | I42: 211.28475 | J42: 0 | K42: 0
B44: Total | C44: =SUM(C33:C43) -> 5234.8532 | D44: =SUM(D33:D43) -> 2656.7063 | E44: =SUM(E33:E43) -> 15749.722 | F44: =SUM(F33:F43) -> 0 | G44: =SUM(G33:G43) -> 0 | H44: =SUM(H33:H43) -> 3794.2094 | I44: =SUM(I33:I43) -> 33106.215 | J44: =SUM(J33:J43) -> 3162.7008 | K44: =SUM(K33:K43) -> 625.30175
B49: Table M5b - Norway
B51: Lending by region, DKKm
C53: Oslo og Akershus | D53: Hedmark og Oppland | E53: Sør-Østlandet | F53: Agder og Rogaland | G53: Vestlandet | H53: Trøndelag | I53: Nord-Norge
B55: Owner-occupied homes
B56: Holiday houses
B57: Subsidised Housing
B58: Cooperative Housing
B59: Private rental
B60: Manufacturing and Manual Industries
B61: Office and Business
B62: Agricultutal properties
B63: Properties for social and cultural purposes
B64: Other
B66: Total
I71: To Contents

Sheet D. Table 6-8 - Loan types
B5: Table M6/B6
B6: Lending by loan type - IO Loans, DKKm
C8: Owner-occupied homes | D8: Holiday houses | E8: Subsidised Housing | F8: Cooperative Housing | G8: Private rental | H8: Manufacturing and Manual Industries | I8: Office and Business | J8: Agriculture | K8: Social and cultural purposes | L8: Other | M8: Total
A9: M6.1 | B9: Index Loans | C9: 0 | D9: 0 | E9: 0 | F9: 0 | G9: 0 | H9: 0 | I9: 0 | J9: 0 | K9: 0 | L9: 0 | M9: =SUM(C9:L9) -> 0
A10: M6.2 | B10: Fixed-rate loans | C10: 3409.622 | D10: 167.263 | E10: 0 | F10: 0 | G10: 0 | H10: 0 | I10: 0 | J10: 0 | K10: 0 | L10: 0 | M10: =SUM(C10:L10) -> 3576.885
A11: M6.3 | B11: Fixed-rate shorter period than maturity (ARM's etc.) | C11: =SUM(C12:C15) -> 137975.28 | D11: =SUM(D12:D15) -> 8518.813 | E11: =SUM(E12:E15) -> 0 | F11: =SUM(F12:F15) -> 5497.4773 | G11: =SUM(G12:G15) -> 49645.52 | H11: =SUM(H12:H15) -> 2190.6859 | I11: =SUM(I12:I15) -> 10820.804 | J11: =SUM(J12:J15) -> 9348.1536 | ... L11: =SUM(L12:L15) -> 588.36948 | M11: =SUM(C11:L11) -> 224768.09
A12: M6.3.1 | B12: - rate fixed ≤ 1 year | C12: 38958.696 | D12: 2498.6721 | E12: 0 | F12: 580.99968 | G12: 12161.034 | H12: 463.83346 | I12: 2693.9231 | J12: 3140.6721 | K12: 43.596453 | L12: 49.715846 | M12: =SUM(C12:L12) -> 60591.143
A13: M6.3.2 | B13: - rate fixed > 1 and ≤ 3 years | C13: 45157.802 | D13: 2534.8126 | E13: 0 | F13: 1785.2131 | G13: 19968.486 | H13: 1095.4823 | I13: 5958.9969 | J13: 3072.4023 | K13: 24.192184 | L13: 208.25799 | M13: =SUM(C13:L13) -> 79805.646
A14: M6.3.3 | B14: - rate fixed > 3 and ≤ 5 years | C14: 53772.21 | D14: 3477.017 | E14: 0 | F14: 1593.5437 | G14: 15070.171 | H14: 631.37022 | I14: 1988.7262 | J14: 3066.7459 | K14: 115.19731 | L14: 25.030687 | M14: =SUM(C14:L14) -> 79740.012
A15: M6.3.4 | B15: - rate fixed > 5 years | C15: 86.576887 | D15: 8.3113543 | E15: 0 | F15: 1537.7207 | G15: 2445.8281 | H15: 0 | I15: 179.15813 | J15: 68.333321 | K15: 0 | L15: 305.36496 | M15: =SUM(C15:L15) -> 4631.2935
A16: M6.4 | B16: Money market based loans | C16: =SUM(C17:C18) -> 148793.74 | D16: =SUM(D17:D18) -> 9579.2469 | E16: =SUM(E17:E18) -> 0 | F16: =SUM(F17:F18) -> 4014.016 | G16: =SUM(G17:G18) -> 77371.944 | H16: =SUM(H17:H18) -> 10187.688 | I16: =SUM(I17:I18) -> 60403.376 | J16: =SUM(J17:J18) -> 37335.838 | ... L16: =SUM(L17:L18) -> 3106.5309 | M16: =SUM(C16:L16) -> 353425.52
A17: M6.4.1 | B17: Non Capped floaters | C17: 139180.64 | D17: 9245.4662 | E17: 0 | F17: 3946.1499 | G17: 77288.206 | H17: 10187.688 | I17: 60396.588 | J17: 37278.612 | K17: 2633.1348 | L17: 3106.5309 | M17: =SUM(C17:L17) -> 343263.01
A18: M6.4.2 | B18: Capped floaters | C18: 9613.1049 | D18: 333.78068 | E18: 0 | F18: 67.866079 | G18: 83.738 | H18: 0 | I18: 6.7885228 | J18: 57.225363 | K18: 0 | L18: 0 | M18: =SUM(C18:L18) -> 10162.504
A19: M6.5 | B19: Other | C19: 0 | D19: 0 | E19: 0 | F19: 0 | G19: 0 | H19: 0 | I19: 0 | J19: 0 | K19: 0 | L19: 0 | M19: =SUM(C19:L19) -> 0
B20: Total | C20: =C10+C11+C16 -> 290178.65 | D20: =D10+D11+D16 -> 18265.323 | E20: =E10+E11+E16 -> 0 | F20: =F10+F11+F16 -> 9511.4932 | G20: =G10+G11+G16 -> 127017.46 | H20: =H10+H11+H16 -> 12378.374 | I20: =I10+I11+I16 -> 71224.18 | J20: =J10+J11+J16 -> 46683.991 | ... M20: =M10+M11+M16 -> 581770.5
B21: * Interest-only loans at time of compilation. Interest-only is typically limited to a maximum of 10 years.
B25: Table M7/B7
B26: Lending by loan type - Repayment Loans / Amortizing Loans, DKKm
C28: Owner-occupied homes | D28: Holiday houses | E28: Subsidised Housing | F28: Cooperative Housing | G28: Private rental | H28: Manufacturing and Manual Industries | I28: Office and Business | J28: Agriculture | K28: Social and cultural purposes | L28: Other | M28: Total
A29: M7.1 | B29: Index Loans | C29: 0 | D29: 0 | E29: 0 | F29: 0 | G29: 0 | H29: 0 | I29: 0 | J29: 0 | K29: 0 | L29: 0 | M29: =SUM(C29:L29) -> 0
A30: M7.2 | B30: Fixed-rate loans | C30: 2654.0168 | D30: 169.84414 | E30: 0 | F30: 0 | G30: 0 | H30: 0 | I30: 0 | J30: 0 | K30: 0 | L30: 0 | M30: =SUM(C30:L30) -> 2823.861
A31: M7.3 | B31: Fixed-rate shorter period than maturity (ARM's etc.) | C31: =SUM(C32:C35) -> 143244.49 | D31: =SUM(D32:D35) -> 8337.004 | E31: =SUM(E32:E35) -> 2138.2247 | F31: =SUM(F32:F35) -> 766.52812 | G31: =SUM(G32:G35) -> 10610.596 | H31: =SUM(H32:H35) -> 2337.9071 | I31: =SUM(I32:I35) -> 9038.6115 | J31: =SUM(J32:J35) -> 2097.9066 | ... L31: =SUM(L32:L35) -> 1561.5228 | M31: =SUM(C31:L31) -> 180866.71
A32: M7.3.1 | B32: - rate fixed ≤ 1 year | C32: 38585.576 | D32: 2376.3337 | E32: 544.38514 | F32: 224.82679 | G32: 3406.3868 | H32: 397.63772 | I32: 2862.8162 | J32: 1165.604 | K32: 340.4702 | L32: 445.29681 | M32: =SUM(C32:L32) -> 50349.333
A33: M7.3.2 | B33: - rate fixed > 1 and ≤ 3 years | C33: 44049.605 | D33: 2422.4512 | E33: 998.15044 | F33: 179.4201 | G33: 3229.0955 | H33: 918.05215 | I33: 2734.4876 | J33: 559.84054 | K33: 123.92877 | L33: 656.76351 | M33: =SUM(C33:L33) -> 55871.795
A34: M7.3.3 | B34: - rate fixed > 3 and ≤ 5 years | C34: 60450.126 | D34: 3532.9697 | E34: 496.27413 | F34: 312.20537 | G34: 3701.9836 | H34: 914.95464 | I34: 2954.8337 | J34: 362.73865 | K34: 257.52574 | L34: 442.69002 | M34: =SUM(C34:L34) -> 73426.302
A35: M7.3.4 | B35: - rate fixed > 5 years | C35: 159.18302 | D35: 5.2494435 | E35: 99.41497 | F35: 50.075853 | G35: 273.13031 | H35: 107.26262 | I35: 486.47394 | J35: 9.72341 | K35: 11.996938 | L35: 16.77249 | M35: =SUM(C35:L35) -> 1219.283
A36: M7.4 | B36: Money market based loans | C36: =SUM(C37:C38) -> 97264.345 | D36: =SUM(D37:D38) -> 7527.9304 | E36: =SUM(E37:E38) -> 149.17617 | F36: =SUM(F37:F38) -> 121.82149 | G36: =SUM(G37:G38) -> 12317.308 | H36: =SUM(H37:H38) -> 5650.4459 | I36: =SUM(I37:I38) -> 21790.117 | J36: =SUM(J37:J38) -> 5674.2817 | ... L36: =SUM(L37:L38) -> 3776.2734 | M36: =SUM(C36:L36) -> 155483.43
A37: M7.4.1 | B37: Non Capped floaters | C37: 85988.841 | D37: 7015.7568 | E37: 149.17617 | F37: 91.072675 | G37: 12098.816 | H37: 5645.5485 | I37: 21736.074 | J37: 5568.3309 | K37: 1175.0725 | L37: 3774.696 | M37: =SUM(C37:L37) -> 143243.38
A38: M7.4.2 | B38: Capped floaters | C38: 11275.505 | D38: 512.17361 | E38: 0 | F38: 30.748817 | G38: 218.4915 | H38: 4.8974391 | I38: 54.04248 | J38: 105.95077 | K38: 36.655666 | L38: 1.5773108 | M38: =SUM(C38:L38) -> 12240.042
A39: M7.5 | B39: Other | C39: 0 | D39: 0 | E39: 0 | F39: 0 | G39: 0 | H39: 0 | I39: 0 | J39: 0 | K39: 0 | L39: 0 | M39: =SUM(C39:L39) -> 0
B40: Total | C40: =C30+C31+C36 -> 243162.85 | D40: =D30+D31+D36 -> 16034.779 | E40: =E30+E31+E36 -> 2287.4008 | F40: =F30+F31+F36 -> 888.34961 | G40: =G30+G31+G36 -> 22927.904 | H40: =H30+H31+H36 -> 7988.3531 | I40: =I30+I31+I36 -> 30828.728 | J40: =J30+J31+J36 -> 7772.1882 | ... M40: =M30+M31+M36 -> 339174
B45: Table M8/B8
B46: Lending by loan type - All loans, DKKm
C48: Owner-occupied homes | D48: Holiday houses | E48: Subsidised Housing | F48: Cooperative Housing | G48: Private rental | H48: Manufacturing and Manual Industries | I48: Office and Business | J48: Agriculture | K48: Social and cultural purposes | L48: Other | M48: Total
B49: Index Loans | C49: =C9+C29 -> 0 | D49: =D9+D29 -> 0 | E49: =E9+E29 -> 0 | F49: =F9+F29 -> 0 | G49: =G9+G29 -> 0 | H49: =H9+H29 -> 0 | I49: =I9+I29 -> 0 | J49: =J9+J29 -> 0 | ... M49: =M9+M29 -> 0
B50: Fixed-rate loans | C50: =C10+C30 -> 6063.6388 | D50: =D10+D30 -> 337.10714 | E50: =E10+E30 -> 0 | F50: =F10+F30 -> 0 | G50: =G10+G30 -> 0 | H50: =H10+H30 -> 0 | I50: =I10+I30 -> 0 | J50: =J10+J30 -> 0 | ... M50: =M10+M30 -> 6400.746
B51: Fixed-rate shorter period than maturity (ARM's etc.) | C51: =C11+C31 -> 281219.78 | D51: =D11+D31 -> 16855.817 | E51: =E11+E31 -> 2138.2247 | F51: =F11+F31 -> 6264.0054 | G51: =G11+G31 -> 60256.116 | H51: =H11+H31 -> 4528.5931 | I51: =I11+I31 -> 19859.416 | J51: =J11+J31 -> 11446.06 | ... M51: =M11+M31 -> 405634.81
B52: - rate fixed ≤ 1 year | C52: =C12+C32 -> 77544.271 | D52: =D12+D32 -> 4875.0058 | E52: =E12+E32 -> 544.38514 | F52: =F12+F32 -> 805.82647 | G52: =G12+G32 -> 15567.421 | H52: =H12+H32 -> 861.47118 | I52: =I12+I32 -> 5556.7393 | J52: =J12+J32 -> 4306.2761 | ... M52: =M12+M32 -> 110940.48
B53: - rate fixed > 1 and ≤ 3 years | C53: =C13+C33 -> 89207.408 | D53: =D13+D33 -> 4957.2637 | E53: =E13+E33 -> 998.15044 | F53: =F13+F33 -> 1964.6332 | G53: =G13+G33 -> 23197.582 | H53: =H13+H33 -> 2013.5344 | I53: =I13+I33 -> 8693.4845 | J53: =J13+J33 -> 3632.2429 | ... M53: =M13+M33 -> 135677.44
B54: - rate fixed > 3 and ≤ 5 years | C54: =C14+C34 -> 114222.34 | D54: =D14+D34 -> 7009.9867 | E54: =E14+E34 -> 496.27413 | F54: =F14+F34 -> 1905.7491 | G54: =G14+G34 -> 18772.155 | H54: =H14+H34 -> 1546.3249 | I54: =I14+I34 -> 4943.5599 | J54: =J14+J34 -> 3429.4845 | ... M54: =M14+M34 -> 153166.31
B55: - rate fixed > 5 years | C55: =C15+C35 -> 245.75991 | D55: =D15+D35 -> 13.560798 | E55: =E15+E35 -> 99.41497 | F55: =F15+F35 -> 1587.7966 | G55: =G15+G35 -> 2718.9584 | H55: =H15+H35 -> 107.26262 | I55: =I15+I35 -> 665.63208 | J55: =J15+J35 -> 78.056731 | ... M55: =M15+M35 -> 5850.5765
B56: Money market based loans | C56: =C16+C36 -> 246058.09 | D56: =D16+D36 -> 17107.177 | E56: =E16+E36 -> 149.17617 | F56: =F16+F36 -> 4135.8375 | G56: =G16+G36 -> 89689.252 | H56: =H16+H36 -> 15838.134 | I56: =I16+I36 -> 82193.493 | J56: =J16+J36 -> 43010.119 | ... M56: =M16+M36 -> 508908.94
B57: Not Capped floaters | C57: =C17+C37 -> 225169.48 | D57: =D17+D37 -> 16261.223 | E57: =E17+E37 -> 149.17617 | F57: =F17+F37 -> 4037.2226 | G57: =G17+G37 -> 89387.023 | H57: =H17+H37 -> 15833.237 | I57: =I17+I37 -> 82132.662 | J57: =J17+J37 -> 42846.943 | ... M57: =M17+M37 -> 486506.4
B58: Capped floaters | C58: =C18+C38 -> 20888.61 | D58: =D18+D38 -> 845.95429 | E58: =E18+E38 -> 0 | F58: =F18+F38 -> 98.614896 | G58: =G18+G38 -> 302.2295 | H58: =H18+H38 -> 4.8974391 | I58: =I18+I38 -> 60.831003 | J58: =J18+J38 -> 163.17613 | ... M58: =M18+M38 -> 22402.546
B59: Other | C59: =C19+C39 -> 0 | D59: =D19+D39 -> 0 | E59: =E19+E39 -> 0 | F59: =F19+F39 -> 0 | G59: =G19+G39 -> 0 | H59: =H19+H39 -> 0 | I59: =I19+I39 -> 0 | J59: =J19+J39 -> 0 | ... M59: =M19+M39 -> 0
B60: Total | C60: =C50+C51+C56 -> 533341.5 | D60: =D50+D51+D56 -> 34300.101 | E60: =E50+E51+E56 -> 2287.4008 | F60: =F50+F51+F56 -> 10399.843 | G60: =G50+G51+G56 -> 149945.37 | H60: =H50+H51+H56 -> 20366.727 | I60: =I50+I51+I56 -> 102052.91 | J60: =J50+J51+J56 -> 54456.179 | ... M60: =M50+M51+M56 -> 920944.5
N64: To Contents

Sheet D. Table 9-13 - Lending
B5: Table M9/B9
B6: Lending by Seasoning, DKKm (Seasoning defined by duration of customer relationship)
C8: Owner-occupied homes | D8: Holiday houses | E8: Subsidised Housing | F8: Cooperative Housing | G8: Private rental | H8: Manufacturing and Manual Industries | I8: Office and Business | J8: Agriculture | K8: Social and cultural purposes | L8: Other | M8: Total
A9: M9.1 | B9: < 12 months | C9: 40585.803 | D9: 1669.8705 | E9: 71.595493 | F9: 494.65367 | G9: 20094.517 | H9: 1097.6206 | I9: 3078.4513 | J9: 1489.0562 | K9: 78.938602 | L9: 1030.4213 | M9: =SUM(C9:L9) -> 69690.928
A10: M9.2 | B10: ≥ 12 - ≤ 24 months | C10: 34234.256 | D10: 1532.3517 | E10: 60.738705 | F10: 257.26774 | G10: 11640.874 | H10: 1308.6052 | I10: 4004.0829 | J10: 1201.6585 | K10: 132.52536 | L10: 531.34579 | M10: =SUM(C10:L10) -> 54903.705
A11: M9.3 | B11: ≥ 24 - ≤ 36 months | C11: 22824.92 | D11: 978.40044 | E11: 1.9503568 | F11: 40.811227 | G11: 10769.264 | H11: 832.01687 | I11: 2011.216 | J11: 2078.6814 | K11: 21.018311 | L11: 403.41756 | M11: =SUM(C11:L11) -> 39961.696
A12: M9.4 | B12: ≥ 36 - ≤ 60 months | C12: 46085.758 | D12: 2140.679 | E12: 275.41953 | F12: 191.24773 | G12: 22481.211 | H12: 2776.7504 | I12: 21547.121 | J12: 3882.2138 | K12: 163.78817 | L12: 753.92149 | M12: =SUM(C12:L12) -> 100298.11
A13: M9.5 | B13: ≥ 60 months | C13: 389610.77 | D13: 27978.8 | E13: 1877.6968 | F13: 9415.8625 | G13: 84959.503 | H13: 14351.734 | I13: 71412.038 | J13: 45804.569 | K13: 4365.5001 | L13: 6313.5905 | M13: =SUM(C13:L13) -> 656090.06
B14: Total | C14: =SUM(C9:C13) -> 533341.5 | D14: =SUM(D9:D13) -> 34300.101 | E14: =SUM(E9:E13) -> 2287.4008 | F14: =SUM(F9:F13) -> 10399.843 | G14: =SUM(G9:G13) -> 149945.37 | H14: =SUM(H9:H13) -> 20366.727 | I14: =SUM(I9:I13) -> 102052.91 | J14: =SUM(J9:J13) -> 54456.179 | ... M14: =SUM(M9:M13) -> 920944.5
B19: Table M10/B10
B20: Lending by remaining maturity, DKKm
C22: Owner-occupied homes | D22: Holiday houses | E22: Subsidised Housing | F22: Cooperative Housing | G22: Private rental | H22: Manufacturing and Manual Industries | I22: Office and Business | J22: Agriculture | K22: Social and cultural purposes | L22: Other | M22: Total
A23: M10.1 | B23: < 1 Years | C23: 13.832045 | D23: 1.544849 | E23: 0.7976662 | F23: 0.43731115 | G23: 1120.6883 | H23: 1.0997546 | I23: 1969.2358 | J23: 4.0501715 | K23: 1.8536325 | L23: 36.020603 | M23: =SUM(C23:L23) -> 3149.5601
A24: M10.2 | B24: ≥ 1 - ≤ 3 Years | C24: 166.06431 | D24: 20.426157 | E24: 19.211797 | F24: 2.0199855 | G24: 6902.5598 | H24: 37.187013 | I24: 6357.5696 | J24: 28.928302 | K24: 12.102719 | L24: 456.5433 | M24: =SUM(C24:L24) -> 14002.613
A25: M10.3 | B25: ≥ 3 - ≤ 5 Years | C25: 454.33454 | D25: 46.304602 | E25: 19.077972 | F25: 9.2958849 | G25: 5935.8335 | H25: 95.059809 | I25: 6486.773 | J25: 68.222746 | K25: 36.143529 | L25: 498.06984 | M25: =SUM(C25:L25) -> 13649.115
A26: M10.4 | B26: ≥ 5 - ≤ 10 Years | C26: 4369.1092 | D26: 342.70747 | E26: 118.43298 | F26: 173.0887 | G26: 16213.892 | H26: 879.55744 | I26: 13962.678 | J26: 540.68419 | K26: 253.22557 | L26: 1500.3086 | M26: =SUM(C26:L26) -> 38353.684
A27: M10.5 | B27: ≥ 10 - ≤ 20 Years | C27: 52495.486 | D27: 3419.0732 | E27: 776.62342 | F27: 4952.8244 | G27: 14902.528 | H27: 18464.265 | I27: 45029.982 | J27: 8887.5846 | K27: 3220.7595 | L27: 5621.1773 | M27: =SUM(C27:L27) -> 157770.3
A28: M10.6 | B28: > 20 Years | C28: 475842.67 | D28: 30470.045 | E28: 1353.257 | F28: 5262.1766 | G28: 104869.87 | H28: 889.55788 | I28: 28246.67 | J28: 44926.709 | K28: 1237.6856 | L28: 920.57689 | M28: =SUM(C28:L28) -> 694019.22
B29: Total | C29: =SUM(C23:C28) -> 533341.5 | D29: =SUM(D23:D28) -> 34300.101 | E29: =SUM(E23:E28) -> 2287.4008 | F29: =SUM(F23:F28) -> 10399.843 | G29: =SUM(G23:G28) -> 149945.37 | H29: =SUM(H23:H28) -> 20366.727 | I29: =SUM(I23:I28) -> 102052.91 | J29: =SUM(J23:J28) -> 54456.179 | ... M29: =SUM(M23:M28) -> 920944.5
B34: Table M11/B11
B35: 90 day Non-performing loans by property type, as percentage of total payments, %
C37: Owner-occupied homes | D37: Holiday houses | E37: Subsidised Housing | F37: Cooperative Housing | G37: Private rental | H37: Manufacturing and Manual Industries | I37: Office and Business | J37: Agriculture | K37: Social and cultural purposes | L37: Other | M37: Total
B38: 90 day NPL | C38: 0.0018773055 | D38: 0.00124411 | E38: 0 | F38: 0 | G38: 0.0013038032 | H38: 0 | I38: 0.0020595644 | J38: 0.0013504908 | K38: 0 | L38: 0 | M38: 0.0017150905
B44: Table M11a/B11a
B45: 90 day Non-performing loans by property type, as percentage of lending, %
C47: Owner-occupied homes | D47: Holiday houses | E47: Subsidised Housing | F47: Cooperative Housing | G47: Private rental | H47: Manufacturing and Manual Industries | I47: Office and Business | J47: Agriculture | K47: Social and cultural purposes | L47: Other | M47: Total
B48: 90 day NPL | C48: 0.0011682623 | D48: 0.001261182 | E48: 0 | F48: 0 | G48: 0.00076949806 | H48: 0 | I48: 0.0010946328 | J48: 0.00097170772 | K48: 0 | L48: 0 | M48: 0.0010481439
B54: Table M11b/B11b
B55: 90 day Non-performing loans by property type, as percentage of lending, by continous LTV bracket, %
C57: Owner-occupied homes | D57: Holiday houses | E57: Subsidised Housing | F57: Cooperative Housing | G57: Private rental | H57: Manufacturing and Manual Industries | I57: Office and Business | J57: Agriculture | K57: Social and cultural purposes | L57: Other | M57: Total
A58: M11b.1 | B58: < 60per cent LTV | C58: 0.0010207522 | D58: 0.0010414764 | E58: 0 | F58: 0 | G58: 0.00055827387 | H58: 0 | I58: 0.0011066373 | J58: 0.00078108815 | K58: 0 | L58: 6.2150248e-05 | M58: 0.00088704826
A59: M11b.2 | B59: 60-69.9 per cent LTV | C59: 0.00086230468 | D59: 4.2907657e-05 | E59: 0 | F59: 0 | G59: 0.0026285021 | H59: 0 | I59: 0.013767182 | J59: 0.0018991368 | K59: 0 | L59: 0.00080955137 | M59: 0.0011636902
A60: M11b.3 | B60: 70-79.9 per cent LTV | C60: 0.0011097459 | D60: 0.00025273217 | E60: 0 | F60: 0 | G60: 0.0087891001 | H60: 0 | I60: 0.06689742 | J60: 0 | K60: 0 | L60: 0 | M60: 0.0018956879
A61: M11b.4 | B61: 80-89.9 per cent LTV | C61: 0.0081805484 | D61: 0.010692131 | E61: 0 | F61: 0 | G61: 0.034279955 | H61: 0 | I61: 0.29358545 | J61: 0 | K61: 0 | L61: 0 | M61: 0.01303816
A62: M11b.5 | B62: 90-100 per cent LTV | C62: 0.037263319 | D62: 0.020348551 | E62: 0 | F62: 0 | G62: 0.062175198 | H62: 0 | I62: 0.35291993 | J62: 0 | K62: 0 | L62: 0 | M62: 0.043906553
A63: M11b.6 | B63: >100 per cent LTV | C63: 0.085206789 | D63: 0.019629389 | E63: 0 | F63: 0 | G63: 0.12237986 | H63: 0 | I63: 0.050994055 | J63: 0 | K63: 0 | L63: 0 | M63: 0.056301001
B68: Table M12/B12
B69: Realised losses (DKKm)
C71: Owner-occupied homes | D71: Holiday houses | E71: Subsidised Housing | F71: Cooperative Housing | G71: Private rental | H71: Manufacturing and Manual Industries | I71: Office and Business | J71: Agriculture | K71: Social and cultural purposes | L71: Other | M71: Total
A72: M12 | B72: Total realised losses | C72: 118.76097 | D72: 0.47903838 | E72: 0 | F72: 0 | G72: 2.1536152 | H72: 0 | I72: 0.70845258 | J72: 3.5614931 | K72: 0 | L72: 0 | M72: 125.66357
B77: Table M12a/B12a
B78: Realised losses (%)
C80: Owner-occupied homes | D80: Holiday houses | E80: Subsidised Housing | F80: Cooperative Housing | G80: Private rental | H80: Manufacturing and Manual Industries | I80: Office and Business | J80: Agriculture | K80: Social and cultural purposes | L80: Other | M80: Total
A81: M12a | B81: Total realised losses, % | C81: 0.00022857959 | D81: 1.3948213e-05 | E81: 0 | F81: 0 | G81: 1.4359704e-05 | H81: 0 | I81: 5.9670682e-06 | J81: 5.1481213e-05 | K81: 0 | L81: 0 | M81: 0.00013627576
B82: Per cent of average loan balance
B85: Table S9
B86: Lending distributed by age of asset and ship type, DKKm
C88: Bulk Carriers | D88: LPG | E88: LNG | F88: Chemical Carriers | G88: Crude Oil Tankers | H88: Product Tankers | I88: Ferries/RO-RO | J88: Offshore Vessels | K88: Semi-submersible | L88: Container | M88: Other | N88: Total
B89: < 1 year | C89: 0 | D89: 0 | E89: 0 | F89: 0 | G89: 0 | H89: 0 | I89: 0 | J89: 0 | K89: 0 | L89: 0 | M89: 0 | N89: =SUM(C89:M89) -> 0
B90: ≥ 1 - ≤ 3 years | C90: 0 | D90: 0 | E90: 0 | F90: 0 | G90: 0 | H90: 0 | I90: 0 | J90: 0 | K90: 0 | L90: 0 | M90: 0 | N90: =SUM(C90:M90) -> 0
B91: ≥ 3 - ≤ 5 years | C91: 0 | D91: 0 | E91: 0 | F91: 0 | G91: 0 | H91: 0 | I91: 0 | J91: 0 | K91: 0 | L91: 0 | M91: 0 | N91: =SUM(C91:M91) -> 0
B92: ≥ 5 - ≤ 10 years | C92: 0 | D92: 0 | E92: 0 | F92: 0 | G92: 0 | H92: 0 | I92: 0 | J92: 0 | K92: 0 | L92: 0 | M92: 0 | N92: =SUM(C92:M92) -> 0
B93: > 10 years | C93: 0 | D93: 0 | E93: 0 | F93: 0 | G93: 0 | H93: 0 | I93: 0 | J93: 0 | K93: 0 | L93: 0 | M93: 0 | N93: =SUM(C93:M93) -> 0
B94: Total | C94: =SUM(C89:C93) -> 0 | D94: =SUM(D89:D93) -> 0 | E94: =SUM(E89:E93) -> 0 | F94: =SUM(F89:F93) -> 0 | G94: =SUM(G89:G93) -> 0 | H94: =SUM(H89:H93) -> 0 | I94: =SUM(I89:I93) -> 0 | J94: =SUM(J89:J93) -> 0 | ... N94: =SUM(N89:N93) -> 0
B97: Table S10
B98: Lending distributed by classification societies and ship type, DKKm
C100: Bulk | D100: LPG | E100: LNG | F100: Chemical Carriers | G100: Crude Oil Tankers | H100: Product Tankers | I100: Ferries/RO-RO | J100: Offshore Vessels | K100: Semi-Submersible | L100: Container | M100: Other | N100: Total
B101: American Bureau of Shippping | C101: 0 | D101: 0 | E101: 0 | F101: 0 | G101: 0 | H101: 0 | I101: 0 | J101: 0 | K101: 0 | L101: 0 | M101: 0 | N101: =SUM(C101:M101) -> 0
B102: Bureau Veritas | C102: 0 | D102: 0 | E102: 0 | F102: 0 | G102: 0 | H102: 0 | I102: 0 | J102: 0 | K102: 0 | L102: 0 | M102: 0 | N102: =SUM(C102:M102) -> 0
B103: Det Norske Veritas | C103: 0 | D103: 0 | E103: 0 | F103: 0 | G103: 0 | H103: 0 | I103: 0 | J103: 0 | K103: 0 | L103: 0 | M103: 0 | N103: =SUM(C103:M103) -> 0
B104: Germanischer Lloyd | C104: 0 | D104: 0 | E104: 0 | F104: 0 | G104: 0 | H104: 0 | I104: 0 | J104: 0 | K104: 0 | L104: 0 | M104: 0 | N104: =SUM(C104:M104) -> 0
B105: Lloyd's Register | C105: 0 | D105: 0 | E105: 0 | F105: 0 | G105: 0 | H105: 0 | I105: 0 | J105: 0 | K105: 0 | L105: 0 | M105: 0 | N105: =SUM(C105:M105) -> 0
B106: Nippon Kaiji Kyokai | C106: 0 | D106: 0 | E106: 0 | F106: 0 | G106: 0 | H106: 0 | I106: 0 | J106: 0 | K106: 0 | L106: 0 | M106: 0 | N106: =SUM(C106:M106) -> 0
B107: Polish Shipping Register S.A | C107: 0 | D107: 0 | E107: 0 | F107: 0 | G107: 0 | H107: 0 | I107: 0 | J107: 0 | K107: 0 | L107: 0 | M107: 0 | N107: =SUM(C107:M107) -> 0
B108: Registro Italiano Navale | C108: 0 | D108: 0 | E108: 0 | F108: 0 | G108: 0 | H108: 0 | I108: 0 | J108: 0 | K108: 0 | L108: 0 | M108: 0 | N108: =SUM(C108:M108) -> 0
B109: Total | C109: =SUM(C101:C108) -> 0 | D109: =SUM(D101:D108) -> 0 | E109: =SUM(E101:E108) -> 0 | F109: =SUM(F101:F108) -> 0 | G109: =SUM(G101:G108) -> 0 | H109: =SUM(H101:H108) -> 0 | I109: =SUM(I101:I108) -> 0 | J109: =SUM(J101:J108) -> 0 | ... N109: =SUM(N101:N108) -> 0
B113: Table S11a
B114: 90 day Non-performing loans, as percentage of lending, %
F115: Total
B116: 90 day NPL | F116: 0
B117: Total | F117: =SUM(F116:F116) -> 0
B119: Table S11b
B120: 90 day Non-performing loans, as percentage of lending, %
F121: Total
B122: < 80 percent LTV | F122: 0
B123: 80 - 89.9 percent LTV | F123: 0
B124: 90 - 100 percent LTV | F124: 0
B125: > 100 percent LTV | F125: 0
B126: Total | F126: =SUM(F122:F125) -> 0
B128: Table S12
B129: Realised losses (DKKm)
F130: Total
B131: 90 day NPL | F131: 0
B132: Total | F132: =SUM(F131:F131) -> 0
B134: Table S12a
B135: Realised losses (%)
F136: Total
B137: 90 day NPL | F137: 0
B138: Total | F138: =SUM(F137:F137) -> 0
B141: Table S13
B142: Lending distributed by size of ships and ship type, DKKm
B144: Gross Ton. | C144: Bulk | D144: LPG | E144: LNG | F144: Chemical Carriers | G144: Crude Oil Tankers | H144: Product Tankers | I144: Ferries/RO-RO | J144: Offshore Vessels | K144: Semi-Submersible | L144: Container | M144: Other | N144: Total
B145: 0-25k | C145: 0 | D145: 0 | E145: 0 | F145: 0 | G145: 0 | H145: 0 | I145: 0 | J145: 0 | K145: 0 | L145: 0 | M145: 0 | N145: =SUM(C145:M145) -> 0
B146: 25-50k | C146: 0 | D146: 0 | E146: 0 | F146: 0 | G146: 0 | H146: 0 | I146: 0 | J146: 0 | K146: 0 | L146: 0 | M146: 0 | N146: =SUM(C146:M146) -> 0
B147: 50-100k | C147: 0 | D147: 0 | E147: 0 | F147: 0 | G147: 0 | H147: 0 | I147: 0 | J147: 0 | K147: 0 | L147: 0 | M147: 0 | N147: =SUM(C147:M147) -> 0
B148: 100k+ | C148: 0 | D148: 0 | E148: 0 | F148: 0 | G148: 0 | H148: 0 | I148: 0 | J148: 0 | K148: 0 | L148: 0 | M148: 0 | N148: =SUM(C148:M148) -> 0
B149: Others | C149: 0 | D149: 0 | E149: 0 | F149: 0 | G149: 0 | H149: 0 | I149: 0 | J149: 0 | K149: 0 | L149: 0 | M149: 0 | N149: =SUM(C149:M149) -> 0
B150: Total | C150: =SUM(C145:C149) -> 0 | D150: =SUM(D145:D149) -> 0 | E150: =SUM(E145:E149) -> 0 | F150: =SUM(F145:F149) -> 0 | G150: =SUM(G145:G149) -> 0 | H150: =SUM(H145:H149) -> 0 | I150: =SUM(I145:I149) -> 0 | J150: =SUM(J145:J149) -> 0 | ... N150: =SUM(N145:N149) -> 0
N153: To Contents

Sheet D. NTT - Input
A1: kapitalcenter | B1: field_number | C1: by_variable | D1: vaerdi
A2: D | B2: M5.8 | C2: Eastern Jutland (Region Midtjylland) | D2: 29.625678
A3: D | B3: M5.8 | C3: Greater Copenhagen area (Region Hovedstaden) | D3: 6.668086
A4: D | B4: M5.8 | C4: Northern Jutland (Region Nordjylland) | D4: 14.702325
A5: D | B5: M5.8 | C5: Remaining Zealand & Bornholm (Region Sjælland) | D5: 12.558834
A6: D | B6: M5.8 | C6: Southern Jutland & Funen (Region Syddanmark) | D6: 26.63033
A7: D | B7: M5.4 | C7: Eastern Jutland (Region Midtjylland) | D7: 19.809802
A8: D | B8: M5.4 | C8: Greater Copenhagen area (Region Hovedstaden) | D8: 349.49711
A9: D | B9: M5.4 | C9: Northern Jutland (Region Nordjylland) | D9: 20.927953
A10: D | B10: M5.4 | C10: Outside Denmark | D10: 0.26200564
A11: D | B11: M5.4 | C11: Remaining Zealand & Bornholm (Region Sjælland) | D11: 77.187187
A12: D | B12: M5.4 | C12: Southern Jutland & Funen (Region Syddanmark) | D12: 127.61196
A13: D | B13: M5.2 | C13: Eastern Jutland (Region Midtjylland) | D13: 17.370624
... A2408: Residual | B2408: M10.6 | C2408: Subsidised Housing | D2408: 39253.78
A2409: D | B2409: M11b.1 | C2409: Agriculture
A2410: D | B2410: M11b.2 | C2410: Agriculture
A2411: D | B2411: M11b.3 | C2411: Agriculture
A2412: D | B2412: M11b.4 | C2412: Agriculture
A2413: D | B2413: M11b.5 | C2413: Agriculture
A2414: D | B2414: M11b.6 | C2414: Agriculture
A2415: D | B2415: M11b.1 | C2415: Cooperative Housing
A2416: D | B2416: M11b.2 | C2416: Cooperative Housing
A2417: D | B2417: M11b.3 | C2417: Cooperative Housing
A2418: D | B2418: M11b.4 | C2418: Cooperative Housing
A2419: D | B2419: M11b.5 | C2419: Cooperative Housing
A2420: D | B2420: M11b.6 | C2420: Cooperative Housing
A2421: D | B2421: M11b.1 | C2421: Holiday houses | D2421: 0.011094102
A2422: D | B2422: M11b.2 | C2422: Holiday houses | D2422: 0
A2423: D | B2423: M11b.3 | C2423: Holiday houses | D2423: 0
A2424: D | B2424: M11b.4 | C2424: Holiday houses | D2424: 0
A2425: D | B2425: M11b.5 | C2425: Holiday houses | D2425: 0
A2426: D | B2426: M11b.6 | C2426: Holiday houses | D2426: 0
A2427: D | B2427: M11b.1 | C2427: Manufacturing and Manual Industries
A2428: D | B2428: M11b.2 | C2428: Manufacturing and Manual Industries
A2429: D | B2429: M11b.3 | C2429: Manufacturing and Manual Industries
A2430: D | B2430: M11b.4 | C2430: Manufacturing and Manual Industries
A2431: D | B2431: M11b.5 | C2431: Manufacturing and Manual Industries
A2432: D | B2432: M11b.6 | C2432: Manufacturing and Manual Industries
A2433: D | B2433: M11b.1 | C2433: Office and Business | D2433: 0.0011865875
A2434: D | B2434: M11b.2 | C2434: Office and Business | D2434: 0
A2435: D | B2435: M11b.3 | C2435: Office and Business | D2435: 0
A2436: D | B2436: M11b.4 | C2436: Office and Business | D2436: 0
A2437: D | B2437: M11b.5 | C2437: Office and Business | D2437: 0
A2438: D | B2438: M11b.6 | C2438: Office and Business | D2438: 0
A2439: D | B2439: M11b.1 | C2439: Other
A2440: D | B2440: M11b.2 | C2440: Other
A2441: D | B2441: M11b.3 | C2441: Other
A2442: D | B2442: M11b.4 | C2442: Other
A2443: D | B2443: M11b.5 | C2443: Other
A2444: D | B2444: M11b.6 | C2444: Other
A2445: D | B2445: M11b.1 | C2445: Owner-occupied homes | D2445: 0.0064348343
A2446: D | B2446: M11b.2 | C2446: Owner-occupied homes | D2446: 0.058253612
A2447: D | B2447: M11b.3 | C2447: Owner-occupied homes | D2447: 0.086678127
A2448: D | B2448: M11b.4 | C2448: Owner-occupied homes | D2448: 0.1191753
A2449: D | B2449: M11b.5 | C2449: Owner-occupied homes | D2449: 0.13499824
A2450: D | B2450: M11b.6 | C2450: Owner-occupied homes | D2450: 0.1368548
A2451: D | B2451: M11b.1 | C2451: Private rental | D2451: 0.0047153483
A2452: D | B2452: M11b.2 | C2452: Private rental | D2452: 0
A2453: D | B2453: M11b.3 | C2453: Private rental | D2453: 0
A2454: D | B2454: M11b.4 | C2454: Private rental | D2454: 0
A2455: D | B2455: M11b.5 | C2455: Private rental | D2455: 0
A2456: D | B2456: M11b.6 | C2456: Private rental | D2456: 0
A2457: D | B2457: M11b.1 | C2457: Social and cultural purposes
A2458: D | B2458: M11b.2 | C2458: Social and cultural purposes
A2459: D | B2459: M11b.3 | C2459: Social and cultural purposes
A2460: D | B2460: M11b.4 | C2460: Social and cultural purposes
A2461: D | B2461: M11b.5 | C2461: Social and cultural purposes
A2462: D | B2462: M11b.6 | C2462: Social and cultural purposes
A2463: D | B2463: M11b.1 | C2463: Subsidised Housing
A2464: D | B2464: M11b.2 | C2464: Subsidised Housing
A2465: D | B2465: M11b.3 | C2465: Subsidised Housing
A2466: D | B2466: M11b.4 | C2466: Subsidised Housing
A2467: D | B2467: M11b.5 | C2467: Subsidised Housing
A2468: D | B2468: M11b.6 | C2468: Subsidised Housing
A2469: D | B2469: M11b.1 | C2469: Total | D2469: 0.0029607716
A2470: D | B2470: M11b.2 | C2470: Total | D2470: 0.0051172281
A2471: D | B2471: M11b.3 | C2471: Total | D2471: 0.0095149068
A2472: D | B2472: M11b.4 | C2472: Total | D2472: 0.035659327
A2473: D | B2473: M11b.5 | C2473: Total | D2473: 0.03912851
A2474: D | B2474: M11b.6 | C2474: Total | D2474: 0.080041158
A2475: E | B2475: M11b.1 | C2475: Agriculture | D2475: 0.00083360274
A2476: E | B2476: M11b.2 | C2476: Agriculture | D2476: 0
A2477: E | B2477: M11b.3 | C2477: Agriculture | D2477: 0
A2478: E | B2478: M11b.4 | C2478: Agriculture | D2478: 0
A2479: E | B2479: M11b.5 | C2479: Agriculture | D2479: 0
A2480: E | B2480: M11b.6 | C2480: Agriculture
A2481: E | B2481: M11b.1 | C2481: Cooperative Housing
A2482: E | B2482: M11b.2 | C2482: Cooperative Housing
A2483: E | B2483: M11b.3 | C2483: Cooperative Housing
A2484: E | B2484: M11b.4 | C2484: Cooperative Housing
A2485: E | B2485: M11b.5 | C2485: Cooperative Housing
A2486: E | B2486: M11b.6 | C2486: Cooperative Housing
A2487: E | B2487: M11b.1 | C2487: Holiday houses | D2487: 0.00074780126
A2488: E | B2488: M11b.2 | C2488: Holiday houses | D2488: 0.00034668994
A2489: E | B2489: M11b.3 | C2489: Holiday houses | D2489: 0.00017398438
A2490: E | B2490: M11b.4 | C2490: Holiday houses | D2490: 0
A2491: E | B2491: M11b.5 | C2491: Holiday houses | D2491: 0
A2492: E | B2492: M11b.6 | C2492: Holiday houses | D2492: 0.16905037
A2493: E | B2493: M11b.1 | C2493: Manufacturing and Manual Industries
A2494: E | B2494: M11b.2 | C2494: Manufacturing and Manual Industries
...

Sheet E. Optional ECB-ECAIs data
A1: This addendum is optional
A2: E. Harmonised Transparency Template - Optional ECB - ECAIs Data Disclosure | F2: HTT 2026
B4: Reporting in Domestic Currency | C4: DKK
B6: CONTENT OF TAB E
B7: 1. Additional information on the programme
B8: 2. Additional information on the swaps
B9: 3. Additional information on the asset distribution
A12: Field Number | B12: 1. Additional information on the programme
B13: Transaction Counterparties | C13: Name | D13: Legal Entity Identifier (LEI)
A14: E.1.1.1 | B14: Sponsor (if applicable) | C14: ND2
A15: E.1.1.2 | B15: Servicer | C15: Nykredit Realkredit A/S | D15: LIU16F6VZJSD6UKHD557
A16: E.1.1.3 | B16: Back-up servicer | C16: ND2
A17: E.1.1.4 | B17: BUS facilitator | C17: ND2
A18: E.1.1.5 | B18: Cash manager | C18: Nykredit Realkredit A/S | D18: LIU16F6VZJSD6UKHD557
A19: E.1.1.6 | B19: Back-up cash manager | C19: ND2
A20: E.1.1.7 | B20: Account bank | C20: Nykredit Bank A/S | D20: 52965FONQ5NZKP0WZL45
A21: E.1.1.8 | B21: Standby account bank | C21: ND2
A22: E.1.1.9 | B22: Account bank guarantor | C22: ND3
A23: E.1.1.10 | B23: Trustee | C23: ND1
A24: E.1.1.11 | B24: Cover Pool Monitor | C24: Nykredit Realkredit A/S | D24: LIU16F6VZJSD6UKHD557
A25: OE.1.1.1 | B25: where applicable - paying agent
A26: OE.1.1.2
A27: OE.1.1.3
A28: OE.1.1.4
A29: OE.1.1.5
A30: OE.1.1.6
A31: OE.1.1.7
A32: OE.1.1.8
B33: 2. Additional information on the swaps
B34: Swap Counterparties | C34: Guarantor (if applicable) | D34: Legal Entity Identifier (LEI) | E34: Type of Swap
A35: E.2.1.1 | B35: Counterparty 1 | C35: ND2 | D35: ND2 | E35: ND2
A36: E.2.1.2
A37: E.2.1.3
A38: E.2.1.4
A39: E.2.1.5
A40: E.2.1.6
A41: E.2.1.7
A42: E.2.1.8
A43: E.2.1.9
A44: E.2.1.10
A45: E.2.1.11
A46: E.2.1.12
A47: E.2.1.13
... A72: OE.2.1.13
B73: 3. Additional information on the asset distribution
B74: 1. General Information | C74: Residential Assets | D74: Commercial Assets | E74: Public Sector Assets | F74: Shipping Assets | G74: Total Assets
A75: E.3.1.1 | B75: Weighted Average Seasoning (years) | C75: 12.048246 | D75: 14.218327 | E75: 0 | F75: 0 | G75: 12.497535
A76: E.3.1.2 | B76: Weighted Average Maturity (years) | C76: 24.601321 | D76: 18.271516 | E76: 0 | F76: 0 | G76: 23.290812
A77: OE.3.1.1 | G77: When this equals C66 in A. HTT General, please explain in the Glossary (HG 1.5) the different calculations of the cover assets' weighted average life and maturity.
A78: OE.3.1.2
A79: OE.3.1.3
A80: OE.3.1.4
B81: 2. Arrears | C81: % Residential Loans | D81: % Commercial Loans | E81: % Public Sector Assets | F81: % Shipping Loans | G81: % Total Loans
A82: E.3.2.1 | B82: 1-<30 days | C82: 0.00066316659 | D82: 0.00022980259 | E82: ND2 | F82: ND2 | G82: 0.00057344388
A83: E.3.2.2 | B83: 30-<60 days | C83: 0.00029021121 | D83: 0.0004323835 | E83: ND2 | F83: ND2 | G83: 0.00031964624
A84: E.3.2.3 | B84: 60-<90 days | C84: 0.00037289685 | D84: 0.00034906826 | E84: ND2 | F84: ND2 | G84: 0.00036796343
A85: E.3.2.4 | B85: 90-<180 days | C85: 0.00017858912 | D85: 6.3757998e-05 | E85: ND2 | F85: ND2 | G85: 0.00015481474
A86: E.3.2.5 | B86: >= 180 days | C86: 0.00043571911 | D86: 0.00048905583 | E86: ND2 | F86: ND2 | G86: 0.00044676183
A87: OE.3.2.1
A88: OE.3.2.2
A89: OE.3.2.3
A90: OE.3.2.4

Sheet E. Input
A1: kapitalcenter | B1: field_number | C1: kolonne1 | D1: kolonne2 | E1: kolonne3
A2: D | B2: E.3.2.4 | C2: 0.0010221983 | E2: 0.00055007894
A3: E | B3: E.3.2.4 | C3: 9.9111719e-05 | E3: 9.1903475e-05
A4: G | B4: E.3.2.4 | C4: 0.00027815694 | D4: 4.3498335e-05 | E4: 0.00010742809
A5: H | B5: E.3.2.4 | C5: 0.00017858912 | D5: 6.3757998e-05 | E5: 0.00015481474
A6: I | B6: E.3.2.4
A7: Residual | B7: E.3.2.4 | C7: 2.675016e-05 | E7: 2.5814152e-05
A8: D | B8: E.3.2.5 | C8: 0.0012875617 | D8: 1.5795963e-05 | E8: 0.00070017546
A9: E | B9: E.3.2.5 | C9: 0.00013735643 | E9: 0.00012736671
A10: G | B10: E.3.2.5 | C10: 0.0010111825 | D10: 0.0018391192 | E10: 0.0016135584
A11: H | B11: E.3.2.5 | C11: 0.00043571911 | D11: 0.00048905583 | E11: 0.00044676183
A12: I | B12: E.3.2.5
A13: Residual | B13: E.3.2.5 | C13: 1.5360201e-05 | D13: 0.0019669245 | E13: 8.3646913e-05
A14: D | B14: E.3.2.1 | C14: 0.0060041852 | E14: 0.0032310519
A15: E | B15: E.3.2.1 | C15: 0.00061954032 | D15: 0.00055582159 | E15: 0.00061490615
A16: G | B16: E.3.2.1 | C16: 0.00073729735 | D16: 0.0014132975 | E16: 0.0012291299
A17: H | B17: E.3.2.1 | C17: 0.00066316659 | D17: 0.00022980259 | E17: 0.00057344388
A18: I | B18: E.3.2.1 | C18: 0.00095509806 | E18: 0.00050075752
A19: Residual | B19: E.3.2.1 | C19: 6.7704156e-05 | E19: 6.5335136e-05
A20: D | B20: E.3.2.2 | C20: 0.0035166871 | D20: 2.6099276e-06 | E20: 0.0018936519
A21: E | B21: E.3.2.2 | C21: 0.00023965436 | D21: 8.1901733e-05 | E21: 0.00022818125
A22: G | B22: E.3.2.2 | C22: 9.0344515e-05 | D22: 0.00084596711 | E22: 0.00064010735
A23: H | B23: E.3.2.2 | C23: 0.00029021121 | D23: 0.0004323835 | E23: 0.00031964624
A24: I | B24: E.3.2.2 | C24: 0.00021301896 | E24: 0.00011168575
A25: Residual | B25: E.3.2.2 | C25: 2.4945586e-05 | E25: 2.4072721e-05
A26: D | B26: E.3.2.3 | C26: 0.003611821 | D26: 2.0732659e-05 | E26: 0.0019532168
A27: E | B27: E.3.2.3 | C27: 0.00034634521 | D27: 0.00012283352 | E27: 0.00033008955
A28: G | B28: E.3.2.3 | C28: 8.1373894e-06 | D28: 0.00052515317 | E28: 0.0003842988
A29: H | B29: E.3.2.3 | C29: 0.00037289685 | D29: 0.00034906826 | E29: 0.00036796343
A30: I | B30: E.3.2.3 | C30: 0.00031479835 | D30: 8.1222091e-05 | E30: 0.00020368602
A31: Residual | B31: E.3.2.3 | C31: 5.4907178e-05 | D31: 0.0013312157 | E31: 9.956618e-05
A32: D | B32: E.3.1.1 | C32: 26.279687 | D32: 26.77024 | E32: 26.506257
A33: E | B33: E.3.1.1 | C33: 12.71078 | D33: 13.209517 | E33: 12.747052
A34: G | B34: E.3.1.1 | C34: 14.087118 | D34: 15.923542 | E34: 15.423232
A35: H | B35: E.3.1.1 | C35: 12.048246 | D35: 14.218327 | E35: 12.497535
A36: I | B36: E.3.1.1 | C36: 20.180233 | D36: 14.724474 | E36: 17.584926
A37: Residual | B37: E.3.1.1 | C37: 18.417997 | D37: 13.047689 | E37: 18.230085
... A43: Residual | B43: E.3.1.2 | C43: 20.628604 | D43: 18.166753 | E43: 20.542462

Sheet F1. Sustainable M data
A1: F1. Harmonised Transparency Template - Sustainable Mortgage Data | F1: HTT 2026
B3: Reporting in Domestic Currency | C3: DKK
B5: CONTENT OF TAB F1
B6: 1. Share of sustainable loans in the total mortgage program
B7: 2. Additional information on the sustainable section of the mortgage stock
B8: 2A. Sustainable Residential Cover Pool
B9: 2B. Sustainable Commercial Cover Pool
B13: 1. Share of sustainable loans in the total mortgage program
B14: 1. Amount of sustainable loans | C14: Nominal (mn) | D14: Number of loans | F14: % Nominal (mn) to total mortgage program | G14: % No. of Loans to total mortgage program
A15: SM.1.1.1 | B15: EE mortgage loans | C15: 187494.21 | D15: 54182 | F15: =IF(OR('[1]B1. HTT Mortgage Assets'!$C$15=0,C15="[For completion]"),"",C15/'[1]B1. HTT Mortgage Assets'!$C$15) | G15: =IF(OR('[1]B1. HTT Mortgage Assets'!$F$28=0,D15="[For completion]"),"",D15/'[1]B1. HTT Mortgage Assets'!$F$28) -> #VALUE!
A16: SM.1.1.2 | B16: Social impact mortgage loans | C16: 1571.0276 | D16: 242 | F16: =IF(OR('[1]B1. HTT Mortgage Assets'!$C$15=0,C16="[For completion]"),"",C16/'[1]B1. HTT Mortgage Assets'!$C$15) | G16: =IF(OR('[1]B1. HTT Mortgage Assets'!$F$28=0,D16="[For completion]"),"",D16/'[1]B1. HTT Mortgage Assets'!$F$28) -> #VALUE!
A17: SM.1.1.3 | B17: other | C17: 0 | D17: 0 | F17: =IF(OR('[1]B1. HTT Mortgage Assets'!$C$15=0,C17="[For completion]"),"",C17/'[1]B1. HTT Mortgage Assets'!$C$15) | G17: =IF(OR('[1]B1. HTT Mortgage Assets'!$F$28=0,D17="[For completion]"),"",D17/'[1]B1. HTT Mortgage Assets'!$F$28) -> #VALUE!
A18: SM.1.1.4 | B18: Total sustainable mortgage loans | C18: =SUM(C15:C17) -> 189065.23 | D18: =SUM(D15:D17) -> 54424 | F18: =SUM(F15:F17) -> 0 | G18: =SUM(G15:G17) -> #VALUE!
A19: SM. 1.1.5 | B19: Outstanding Sustainable Covered Bonds | C19: [For completion]
A20: OSM.1.1.1 | B20: o/w [If relevant, please specify]
A21: OSM.1.1.2 | B21: o/w [If relevant, please specify]
A22: OSM.1.1.3 | B22: o/w [If relevant, please specify]
A23: OSM.1.1.4 | B23: o/w [If relevant, please specify]
B24: 2. Additional information on the sustainable section of the mortgage stock
B25: 1. Sustainable Property Type Information | C25: Nominal (mn) | F25: % Total sustainable Mortgages
A26: SM.2.1.1 | B26: Residential | C26: 162093.04 | F26: =IF($C$29=0,"",IF(C26="[For completion]","",C26/$C$29)) -> 0.85733923
A27: SM.2.1.2 | B27: Commercial | C27: 26972.192 | F27: =IF($C$29=0,"",IF(C27="[For completion]","",C27/$C$29)) -> 0.14266077
A28: SM.2.1.3 | B28: Other | C28: =SUM(C30:C39) -> 0 | F28: =IF($C$29=0,"",IF(C28="[For completion]","",C28/$C$29)) -> 0
A29: SM.2.1.4 | B29: Total | C29: =SUM(C26:C28) -> 189065.23 | F29: =SUM(F26:F28) -> 1
A30: OSM.2.1.1 | B30: o/w Forest & Agriculture | F30: =IF($C$29=0,"",IF(C30="[For completion]","",C30/$C$29)) -> 0
A31: OSM.2.1.2 | B31: o/w EE residential | F31: =IF($C$29=0,"",IF(C31="[For completion]","",C31/$C$29)) -> 0
A32: OSM.2.1.3 | B32: o/w EE commercial | F32: =IF($C$29=0,"",IF(C32="[For completion]","",C32/$C$29)) -> 0
A33: OSM.2.1.4 | B33: o/w EE other | F33: =IF($C$29=0,"",IF(C33="[For completion]","",C33/$C$29)) -> 0
A34: OSM.2.1.5 | B34: EE total | F34: =IF($C$29=0,"",IF(C34="[For completion]","",C34/$C$29)) -> 0
A35: OSM.2.1.6 | B35: o/w Social residential | F35: =IF($C$29=0,"",IF(C35="[For completion]","",C35/$C$29)) -> 0
A36: OSM.2.1.7 | B36: o/wSocial Commercial | F36: =IF($C$29=0,"",IF(C36="[For completion]","",C36/$C$29)) -> 0
A37: OSM.2.1.8 | B37: o/w social other | F37: =IF($C$29=0,"",IF(C37="[For completion]","",C37/$C$29)) -> 0
A38: OSM.2.1.9 | B38: social tot | F38: =IF($C$29=0,"",IF(C38="[For completion]","",C38/$C$29)) -> 0
A39: OSM.2.1.10 | B39: o/w Renewable Energy and Renewable Energy Transmission | F39: =IF($C$29=0,"",IF(C39="[For completion]","",C39/$C$29)) -> 0
A40: OSM.2.1.11 | B40: o/w [If relevant, please specify]
A41: OSM.2.1.12 | B41: o/w [If relevant, please specify]
A42: OSM.2.1.13 | B42: o/w [If relevant, please specify]
A43: OSM.2.1.14 | B43: o/w [If relevant, please specify]
A44: OSM.2.1.15 | B44: o/w [If relevant, please specify]
A45: OSM.2.1.16 | B45: o/w [If relevant, please specify]
A46: OSM.2.1.17 | B46: o/w [If relevant, please specify]
A47: OSM.2.1.18 | B47: o/w [If relevant, please specify]
B48: 2. General Information | C48: Residential Loans | D48: Commercial Loans | F48: Total sustainable Mortgages
A49: SM.2.2.1 | B49: Number of sustainable mortgage loans | C49: 52695 | D49: 1729 | F49: =IF(AND(C49="[For completion]",D49="[For completion]"),"[For completion]",SUM(C49:D49)) -> 54424
A50: OSM.2.2.1 | B50: Optional information eg, Number of borrowers
A51: OSM.2.2.2 | B51: Optional information eg, Number of guarantors
A52: OSM.2.2.3
A53: OSM.2.2.4
A54: OSM.2.2.5
A55: OSM.2.2.6
B56: 3. Concentration Risks | C56: % Residential Loans | D56: % Commercial Loans | F56: % Total Sustainable Mortgages
A57: SM.2.3.1 | B57: 10 largest exposures | C57: 0.031195413 | D57: 0.15196856 | F57: 0.028609314
A58: OSM.2.3.1
A59: OSM.2.3.2
A60: OSM.2.3.3
A61: OSM.2.3.4
A62: OSM.2.3.5
A63: OSM.2.3.6
B64: 4. Breakdown by Geography | C64: % Residential Loans | D64: % Commercial Loans | F64: % Total Sustainable Mortgages
A65: SM.2.4.1 | B65: European Union | C65: =SUM(C66:C92) -> 1 | D65: =SUM(D66:D92) -> 1 | F65: =SUM(F66:F92) -> 1
A66: SM.2.4.2 | B66: Austria | C66: 0 | D66: 0 | F66: 0
A67: SM.2.4.3 | B67: Belgium | C67: 0 | D67: 0 | F67: 0
A68: SM.2.4.4 | B68: Bulgaria | C68: 0 | D68: 0 | F68: 0
A69: SM.2.4.5 | B69: Croatia | C69: 0 | D69: 0 | F69: 0
A70: SM.2.4.6 | B70: Cyprus | C70: 0 | D70: 0 | F70: 0
A71: SM.2.4.7 | B71: Czechia | C71: 0 | D71: 0 | F71: 0
A72: SM.2.4.8 | B72: Denmark | C72: 1 | D72: 1 | F72: 1
A73: SM.2.4.9 | B73: Estonia | C73: 0 | D73: 0 | F73: 0
A74: SM.2.4.10 | B74: Finland | C74: 0 | D74: 0 | F74: 0
A75: SM.2.4.11 | B75: France | C75: 0 | D75: 0 | F75: 0
A76: SM.2.4.12 | B76: Germany | C76: 0 | D76: 0 | F76: 0
A77: SM.2.4.13 | B77: Greece | C77: 0 | D77: 0 | F77: 0
... A92: SM.2.4.28 | B92: Sweden | C92: 0 | D92: 0 | F92: 0
A93: SM.2.4.29 | B93: European Economic Area (not member of EU) | C93: =SUM(C94:C96) -> 0 | D93: =SUM(D94:D96) -> 0 | F93: =SUM(F94:F96) -> 0
A94: SM.2.4.30 | B94: Iceland | C94: 0 | D94: 0 | F94: 0
A95: SM.2.4.31 | B95: Liechtenstein | C95: 0 | D95: 0 | F95: 0
A96: SM.2.4.32 | B96: Norway | C96: 0 | D96: 0 | F96: 0
A97: SM.2.4.33 | B97: Other | C97: =SUM(C98:C108) -> 0 | D97: =SUM(D98:D108) -> 0 | F97: =SUM(F98:F108) -> 0
A98: SM.2.4.34 | B98: Switzerland | C98: 0 | D98: 0 | F98: 0
A99: SM.2.4.35 | B99: United Kingdom | C99: 0 | D99: 0 | F99: 0
A100: SM.2.4.36 | B100: Australia | C100: 0 | D100: 0 | F100: 0
A101: SM.2.4.37 | B101: Brazil | C101: 0 | D101: 0 | F101: 0
A102: SM.2.4.38 | B102: Canada | C102: 0 | D102: 0 | F102: 0
A103: SM.2.4.39 | B103: Japan | C103: 0 | D103: 0 | F103: 0
A104: SM.2.4.40 | B104: Korea | C104: 0 | D104: 0 | F104: 0
A105: SM.2.4.41 | B105: New Zealand | C105: 0 | D105: 0 | F105: 0
A106: SM.2.4.42 | B106: Singapore | C106: 0 | D106: 0 | F106: 0
A107: SM.2.4.43 | B107: US | C107: 0 | D107: 0 | F107: 0
A108: SM.2.4.44 | B108: Other | C108: 0 | D108: 0 | F108: 0
A109: SM.2.4.45
A110: SM.2.4.46
A111: SM.2.4.47
A112: SM.2.4.48
A113: SM.2.4.49
A114: SM.2.4.50
A115: SM.2.4.51
A116: SM.2.4.52
A117: SM.2.4.53
A118: SM.2.4.54
B119: 5. Breakdown by regions of main country of origin | C119: % Residential Loans | D119: % Commercial Loans | F119: % Total Mortgages
...

Sheet F1. Input
A1: kapitalcenter | B1: field_number | C1: kolonne1 | D1: kolonne2 | E1: kolonne3
A2: D | B2: OSM.2.6.2
A3: D | B3: OSM.2.6.3 | C3: 0.38932313 | D3: 0.49797307 | E3: 0.39042229
A4: D | B4: OSM.2.6.4 | C4: 0.38850286 | D4: 0.15230133 | E4: 0.38611333
A5: D | B5: OSM.2A.13.1 | C5: 0.0049768759
A6: D | B6: OSM.2A.13.5 | C6: 0.38850286
A7: D | B7: OSM.2B.24.1 | C7: 0.34244341
A8: D | B8: SM.1.1.1 | C8: 296.88489 | D8: 288
A9: D | B9: SM.1.1.2 | C9: 87.955753 | D9: 236
A10: D | B10: SM.2.1.1 | C10: 380.94739
A11: D | B11: SM.2.1.2 | C11: 3.8932485
A12: D | B12: SM.2.2.1 | C12: 509 | D12: 15
A13: D | B13: SM.2.3.1 | C13: 0.39970127 | D13: 0.97098938 | E13: 0.39565768
A14: D | B14: SM.2.4.8 | C14: 1 | D14: 1 | E14: 1
A15: D | B15: SM.2.5.1 | C15: 0.30346361 | D15: 0.19066219 | E15: 0.30232245
A16: D | B16: SM.2.5.2 | C16: 0.12710151 | E16: 0.12581568
A17: D | B17: SM.2.5.3 | C17: 0.13520035 | D17: 0.065705372 | E17: 0.13449731
A18: D | B18: SM.2.5.4 | C18: 0.23074189 | D18: 0.41143518 | E18: 0.23256987
A19: D | B19: SM.2.5.5 | C19: 0.20349265 | D19: 0.33219727 | E19: 0.20479469
A20: D | B20: SM.2.6.1 | C20: 0.22217401 | D20: 0.34972561 | E20: 0.22346439
A21: D | B21: SM.2.7.1 | C21: 0.38850286 | E21: 0.38457257
A22: D | B22: SM.2.7.2 | C22: 0.61149714 | D22: 1 | E22: 0.61542743
A23: D | B23: SM.2.8.1
A24: D | B24: SM.2.8.2
A25: D | B25: SM.2.8.3
A26: D | B26: SM.2.8.4
A27: D | B27: SM.2.8.5 | C27: 1 | D27: 1 | E27: 1
A28: D | B28: SM.2.9.1
A29: D | B29: SM.2A.10.2 | C29: 204.73323 | D29: 491
A30: D | B30: SM.2A.10.3 | C30: 33.035006 | D30: 10
A31: D | B31: SM.2A.10.4 | C31: 77.733152 | D31: 7
A32: D | B32: SM.2A.10.5 | D32: 0
A33: D | B33: SM.2A.10.6 | C33: 65.446 | D33: 1
A34: D | B34: SM.2A.10.7 | D34: 0
A35: D | B35: SM.2A.12.1 | C35: 0.35972769
A36: D | B36: SM.2A.12.2 | C36: 335.17584
A37: D | B37: SM.2A.12.3 | C37: 16.154149
A38: D | B38: SM.2A.12.4 | C38: 8.9857155
A39: D | B39: SM.2A.12.5 | C39: 11.887109
A40: D | B40: SM.2A.12.6 | C40: 5.7097677
A41: D | B41: SM.2A.12.7 | C41: 1.3625297
A42: D | B42: SM.2A.12.8 | C42: 1.4076491
A43: D | B43: SM.2A.12.9 | C43: 0.26463156
A44: D | B44: SM.2A.13.1 | C44: 0.34131561
A45: D | B45: SM.2A.13.2 | C45: 0.0079746876
A46: D | B46: SM.2A.13.4 | C46: 0.25722996
A47: D | B47: SM.2A.15.1 | C47: 74.899861 | D47: 24
A48: D | B48: SM.2A.15.10 | C48: 11.559496 | D48: 35
A49: D | B49: SM.2A.15.11 | C49: 15.114706 | D49: 26
A50: D | B50: SM.2A.15.12 | C50: 9.0519669 | D50: 6
A51: D | B51: SM.2A.15.13 | C51: 4.8254913 | D51: 5
A52: D | B52: SM.2A.15.18 | C52: 8.4601554 | D52: 4
A53: D | B53: SM.2A.15.2 | C53: 102.47667 | D53: 71
A54: D | B54: SM.2A.15.3 | C54: 27.351292 | D54: 56
A55: D | B55: SM.2A.15.4 | C55: 9.1006618 | D55: 38
A56: D | B56: SM.2A.15.5 | C56: 2.4919827 | D56: 13
A57: D | B57: SM.2A.15.8 | C57: 5.0891369 | D57: 12
A58: D | B58: SM.2A.15.9 | C58: 110.52597 | D58: 155
... A90: D | B90: SM.2A.19.2 | C90: 378.78138 | D90: 438
A91: D | B91: SM.2A.20.1 | D91: 92.776607
A92: D | B92: SM.2A.20.2 | D92: 2.1559439
A93: D | B93: SM.2A.20.4 | D93: 3.3075286
A94: D | B94: SM.2A.20.5 | D94: 180.45783
A95: D | B95: SM.2A.20.6 | D95: 0.39136169
A96: D | B96: SM.2B.21.2 | C96: 3.8932485 | D96: 15
A97: D | B97: SM.2B.21.3 | D97: 0
A98: D | B98: SM.2B.21.4 | D98: 0
A99: D | B99: SM.2B.21.5 | D99: 0
A100: D | B100: SM.2B.21.6 | D100: 0
A101: D | B101: SM.2B.21.7 | D101: 0
A102: D | B102: SM.2B.23.1 | C102: 0.10334779
A103: D | B103: SM.2B.23.2 | C103: 3.8932485
A104: D | B104: SM.2B.23.3 | C104: 0
A105: D | B105: SM.2B.23.4 | C105: 0
A106: D | B106: SM.2B.23.5 | C106: 0
A107: D | B107: SM.2B.23.6 | C107: 0
A108: D | B108: SM.2B.23.7 | C108: 0
A109: D | B109: SM.2B.23.8 | C109: 0
A110: D | B110: SM.2B.23.9 | C110: 0
A111: D | B111: SM.2B.24.2 | C111: 0.1547376
A112: D | B112: SM.2B.24.5 | C112: 0.11158898
A113: D | B113: SM.2B.24.6 | C113: 0.39123001
A114: D | B114: SM.2B.25.1 | C114: 0.9979966 | D114: 1
A115: D | B115: SM.2B.25.2 | C115: 1.1314124 | D115: 7
A116: D | B116: SM.2B.25.8 | C116: 0.54464842 | D116: 3
A117: D | B117: SM.2B.25.9 | C117: 1.219191 | D117: 4
A118: D | B118: SM.2B.26.1 | C118: 0.9979966 | D118: 1
A119: D | B119: SM.2B.26.2 | C119: 1.1314124 | D119: 7
A120: D | B120: SM.2B.26.8 | C120: 0.54464842 | D120: 3
A121: D | B121: SM.2B.26.9 | C121: 1.219191 | D121: 4
A122: D | B122: SM.2B.27.1 | C122: 0.22348383 | D122: 1
A123: D | B123: SM.2B.27.10 | C123: 0.52515905 | D123: 1
A124: D | B124: SM.2B.27.11 | C124: 1.4324402 | D124: 2
A125: D | B125: SM.2B.27.3 | C125: 0.17722577 | D125: 2
... A131: D | B131: SM.2B.28.2 | C131: 3.8932485 | D131: 15
A132: D | B132: SM.2B.29.13 | D132: 1.6049595
A133: D | B133: SM.2B.29.2 | D133: 0.82527582
A134: D | B134: SM.2B.29.5 | D134: 2.3843272
A135: D | B135: SM.2B.29.6 | D135: 26.78931
A136: E | B136: OSM.2.6.2
...

Sheet F2. Sustainable PS data
A1: F2. Harmonised Transparency Template - Sustainable Public Sector Assets | F1: HTT 2026
B3: Reporting in Domestic Currency | C3: [Please insert currency]
B5: CONTENT OF TAB F2
B6: 1. Share of sustainable Public Sector Assets
B7: 2. Sustainable Public Sector Assets
B9: 1. Share of sustainable public sector assets in the total cover pool program
B10: 1. Amount of sustainable loans | C10: Nominal (mn) | D10: Number of loans | F10: % Nominal (mn) to total Public Sector program | G10: % No. of Loans to total Public Sector program
A11: SPS.1.1.1 | B11: Green Public Sector exposures | C11: [For completion] | D11: [For completion] | F11: =IF(OR('[1]B2. HTT Public Sector Assets'!$C$37=0,C11="[For completion]"),"",C11/'[1]B2. HTT Public Sector Assets'!$C$37) | G11: =IF(OR('[1]B2. HTT Public Sector Assets'!$C$10=0,D11="[For completion]"),"",D11/'[1]B2. HTT Public Sector Assets'!$C$10)
A12: SPS.1.1.2 | B12: o/w Local Communities | C12: [For completion] | D12: [For completion]
A13: SPS.1.1.3 | B13: o/w Hospitals | C13: [For completion] | D13: [For completion]
A14: SPS.1.1.4 | B14: o/w Export Credit | C14: [For completion] | D14: [For completion]
B15: o/w other | C15: [For completion] | D15: [For completion]
A16: SPS.1.1.5 | B16: Social Public Sector exposures | C16: [For completion] | D16: [For completion] | F16: =IF(OR('[1]B2. HTT Public Sector Assets'!$C$37=0,C16="[For completion]"),"",C16/'[1]B2. HTT Public Sector Assets'!$C$37) | G16: =IF(OR('[1]B2. HTT Public Sector Assets'!$C$10=0,D16="[For completion]"),"",D16/'[1]B2. HTT Public Sector Assets'!$C$10)
A17: SPS.1.1.6 | B17: o/w Local Communities | C17: [For completion] | D17: [For completion]
A18: SPS.1.1.7 | B18: o/w Hospitals | C18: [For completion] | D18: [For completion]
A19: SPS.1.1.8 | B19: o/w Export Credit | C19: [For completion] | D19: [For completion]
B20: o/w other | C20: [For completion] | D20: [For completion]
A21: SPS.1.1.9 | B21: other | C21: [For completion] | D21: [For completion] | F21: =IF(OR('[1]B2. HTT Public Sector Assets'!$C$37=0,C21="[For completion]"),"",C21/'[1]B2. HTT Public Sector Assets'!$C$37) | G21: =IF(OR('[1]B2. HTT Public Sector Assets'!$C$10=0,D21="[For completion]"),"",D21/'[1]B2. HTT Public Sector Assets'!$C$10)
A22: SPS.1.1.10 | B22: Total sustainable Public Sector exposures | C22: =SUM(C11,C16,C21) -> 0 | D22: =SUM(D11,D16,D21) -> 0 | F22: =SUM(F11:F21) -> 0 | G22: =SUM(G11:G21) -> 0
A23: OSPS.1.1.1 | B23: o/w [If relevant, please specify]
A24: OSPS.1.1.2 | B24: o/w [If relevant, please specify]
A25: OSPS.1.1.3 | B25: o/w [If relevant, please specify]
A26: OSPS.1.1.4 | B26: o/w [If relevant, please specify]
A27: OSPS.1.1.5 | B27: o/w [If relevant, please specify]
B30: 2. Type of use of sustainable loans | C30: Nominal (mn) | D30: Number of loans | F30: % Nominal (mn) to total Public Sector program | G30: % No. of Loans to total Public Sector program
A31: SPS.1.2.1 | B31: Renewable energy | C31: [For completion] | D31: [For completion] | F31: =IF(OR('[1]B2. HTT Public Sector Assets'!$C$37=0,C31="[For completion]"),"",C31/'[1]B2. HTT Public Sector Assets'!$C$37) | G31: =IF(OR('[1]B2. HTT Public Sector Assets'!$C$10=0,D31="[For completion]"),"",D31/'[1]B2. HTT Public Sector Assets'!$C$10)
A32: SPS.1.2.2 | B32: Energy efficiency | C32: [For completion] | D32: [For completion] | F32: =IF(OR('[1]B2. HTT Public Sector Assets'!$C$37=0,C32="[For completion]"),"",C32/'[1]B2. HTT Public Sector Assets'!$C$37) | G32: =IF(OR('[1]B2. HTT Public Sector Assets'!$C$10=0,D32="[For completion]"),"",D32/'[1]B2. HTT Public Sector Assets'!$C$10)
A33: SPS.1.2.3 | B33: Pollution prevention and control | C33: [For completion] | D33: [For completion] | F33: =IF(OR('[1]B2. HTT Public Sector Assets'!$C$37=0,C33="[For completion]"),"",C33/'[1]B2. HTT Public Sector Assets'!$C$37) | G33: =IF(OR('[1]B2. HTT Public Sector Assets'!$C$10=0,D33="[For completion]"),"",D33/'[1]B2. HTT Public Sector Assets'!$C$10)
A34: SPS.1.2.4 | B34: Ecologically sustainable management of living natural resources and land use | C34: [For completion] | D34: [For completion] | F34: =IF(OR('[1]B2. HTT Public Sector Assets'!$C$37=0,C34="[For completion]"),"",C34/'[1]B2. HTT Public Sector Assets'!$C$37) | G34: =IF(OR('[1]B2. HTT Public Sector Assets'!$C$10=0,D34="[For completion]"),"",D34/'[1]B2. HTT Public Sector Assets'!$C$10)
A35: SPS.1.2.5 | B35: Conservation of terrestrial and marine biodiversity | C35: [For completion] | D35: [For completion] | F35: =IF(OR('[1]B2. HTT Public Sector Assets'!$C$37=0,C35="[For completion]"),"",C35/'[1]B2. HTT Public Sector Assets'!$C$37) | G35: =IF(OR('[1]B2. HTT Public Sector Assets'!$C$10=0,D35="[For completion]"),"",D35/'[1]B2. HTT Public Sector Assets'!$C$10)
A36: SPS.1.2.6 | B36: Clean transportation/mobility | C36: [For completion] | D36: [For completion] | F36: =IF(OR('[1]B2. HTT Public Sector Assets'!$C$37=0,C36="[For completion]"),"",C36/'[1]B2. HTT Public Sector Assets'!$C$37) | G36: =IF(OR('[1]B2. HTT Public Sector Assets'!$C$10=0,D36="[For completion]"),"",D36/'[1]B2. HTT Public Sector Assets'!$C$10)
A37: SPS.1.2.7 | B37: Sustainable (waste) water management | C37: [For completion] | D37: [For completion] | F37: =IF(OR('[1]B2. HTT Public Sector Assets'!$C$37=0,C37="[For completion]"),"",C37/'[1]B2. HTT Public Sector Assets'!$C$37) | G37: =IF(OR('[1]B2. HTT Public Sector Assets'!$C$10=0,D37="[For completion]"),"",D37/'[1]B2. HTT Public Sector Assets'!$C$10)
A38: SPS.1.2.8 | B38: Adaptation to climate change | C38: [For completion] | D38: [For completion] | F38: =IF(OR('[1]B2. HTT Public Sector Assets'!$C$37=0,C38="[For completion]"),"",C38/'[1]B2. HTT Public Sector Assets'!$C$37) | G38: =IF(OR('[1]B2. HTT Public Sector Assets'!$C$10=0,D38="[For completion]"),"",D38/'[1]B2. HTT Public Sector Assets'!$C$10)
A39: SPS.1.2.9 | B39: Environmentally efficient products and/or products, product technologies and processes suitable for the circular economy | C39: [For completion] | D39: [For completion] | F39: =IF(OR('[1]B2. HTT Public Sector Assets'!$C$37=0,C39="[For completion]"),"",C39/'[1]B2. HTT Public Sector Assets'!$C$37) | G39: =IF(OR('[1]B2. HTT Public Sector Assets'!$C$10=0,D39="[For completion]"),"",D39/'[1]B2. HTT Public Sector Assets'!$C$10)
A40: SPS.1.2.10 | B40: Financially viable basic infrastructure | C40: [For completion] | D40: [For completion] | F40: =IF(OR('[1]B2. HTT Public Sector Assets'!$C$37=0,C40="[For completion]"),"",C40/'[1]B2. HTT Public Sector Assets'!$C$37) | G40: =IF(OR('[1]B2. HTT Public Sector Assets'!$C$10=0,D40="[For completion]"),"",D40/'[1]B2. HTT Public Sector Assets'!$C$10)
A41: SPS.1.2.11 | B41: Access to basic social services | C41: [For completion] | D41: [For completion] | F41: =IF(OR('[1]B2. HTT Public Sector Assets'!$C$37=0,C41="[For completion]"),"",C41/'[1]B2. HTT Public Sector Assets'!$C$37) | G41: =IF(OR('[1]B2. HTT Public Sector Assets'!$C$10=0,D41="[For completion]"),"",D41/'[1]B2. HTT Public Sector Assets'!$C$10)
A42: SPS.1.2.12 | B42: Affordable housing | C42: [For completion] | D42: [For completion] | F42: =IF(OR('[1]B2. HTT Public Sector Assets'!$C$37=0,C42="[For completion]"),"",C42/'[1]B2. HTT Public Sector Assets'!$C$37) | G42: =IF(OR('[1]B2. HTT Public Sector Assets'!$C$10=0,D42="[For completion]"),"",D42/'[1]B2. HTT Public Sector Assets'!$C$10)
... A45: SPS.1.2.15 | B45: Socio-economic development and empowerment. | C45: [For completion] | D45: [For completion] | F45: =IF(OR('[1]B2. HTT Public Sector Assets'!$C$37=0,C45="[For completion]"),"",C45/'[1]B2. HTT Public Sector Assets'!$C$37) | G45: =IF(OR('[1]B2. HTT Public Sector Assets'!$C$10=0,D45="[For completion]"),"",D45/'[1]B2. HTT Public Sector Assets'!$C$10)
A46: SPS.1.2.16 | B46: Access to healthcare services | C46: [For completion] | D46: [For completion] | F46: =IF(OR('[1]B2. HTT Public Sector Assets'!$C$37=0,C46="[For completion]"),"",C46/'[1]B2. HTT Public Sector Assets'!$C$37)
A47: SPS.1.2.17 | B47: Total sustainable Public Sector exposures | C47: =SUM(C31:C46) -> 0 | D47: =SUM(D31:D46) -> 0 | F47: =SUM(F31:F40) -> 0 | G47: =SUM(G31:G46) -> 0
B49: 2. Sustainable Public Sector Assets
B50: 1. General Information
A51: SPS.2.1.1 | B51: Number of public sector exposures | C51: [For completion]
A52: OSPS.2.1.1 | B52: Optional information eg, Number of borrowers
A53: OSPS.2.1.2 | B53: Optional information eg, Number of guarantors
A54: OSPS.2.1.3
A55: OSPS.2.1.4
A56: OSPS.2.1.5
A57: OSPS.2.1.6
A58: OSPS.2.1.7
B59: 2. Size Information | C59: Nominal | D59: Number of Exposures | F59: % Public Sector Assets | G59: % No. of Exposures
A60: SPS.2.2.1 | B60: Average exposure size (000s) | C60: [For completion]
B62: By buckets (mn):
A63: SPS.2.2.2 | B63: TBC at a country level | C63: [For completion] | D63: [For completion] | F63: =IF($C$78=0,"",IF(C63="[for completion]","",C63/$C$78)) | G63: =IF($D$78=0,"",IF(D63="[for completion]","",D63/$D$78))
A64: SPS.2.2.3 | B64: TBC at a country level | C64: [For completion] | D64: [For completion] | F64: =IF($C$78=0,"",IF(C64="[for completion]","",C64/$C$78)) | G64: =IF($D$78=0,"",IF(D64="[for completion]","",D64/$D$78))
A65: SPS.2.2.4 | B65: TBC at a country level | C65: [For completion] | D65: [For completion] | F65: =IF($C$78=0,"",IF(C65="[for completion]","",C65/$C$78)) | G65: =IF($D$78=0,"",IF(D65="[for completion]","",D65/$D$78))
A66: SPS.2.2.5 | B66: TBC at a country level | C66: [For completion] | D66: [For completion] | F66: =IF($C$78=0,"",IF(C66="[for completion]","",C66/$C$78)) | G66: =IF($D$78=0,"",IF(D66="[for completion]","",D66/$D$78))
A67: SPS.2.2.6 | B67: TBC at a country level | C67: [For completion] | D67: [For completion] | F67: =IF($C$78=0,"",IF(C67="[for completion]","",C67/$C$78)) | G67: =IF($D$78=0,"",IF(D67="[for completion]","",D67/$D$78))
A68: SPS.2.2.7 | B68: TBC at a country level | C68: [For completion] | D68: [For completion] | F68: =IF($C$78=0,"",IF(C68="[for completion]","",C68/$C$78)) | G68: =IF($D$78=0,"",IF(D68="[for completion]","",D68/$D$78))
A69: SPS.2.2.8 | B69: TBC at a country level | C69: [For completion] | D69: [For completion] | F69: =IF($C$78=0,"",IF(C69="[for completion]","",C69/$C$78)) | G69: =IF($D$78=0,"",IF(D69="[for completion]","",D69/$D$78))
A70: SPS.2.2.9 | B70: TBC at a country level | C70: [For completion] | D70: [For completion] | F70: =IF($C$78=0,"",IF(C70="[for completion]","",C70/$C$78)) | G70: =IF($D$78=0,"",IF(D70="[for completion]","",D70/$D$78))
A71: SPS.2.2.10 | B71: TBC at a country level | C71: [For completion] | D71: [For completion] | F71: =IF($C$78=0,"",IF(C71="[for completion]","",C71/$C$78)) | G71: =IF($D$78=0,"",IF(D71="[for completion]","",D71/$D$78))
A72: SPS.2.2.11 | B72: TBC at a country level | C72: [For completion] | D72: [For completion] | F72: =IF($C$78=0,"",IF(C72="[for completion]","",C72/$C$78)) | G72: =IF($D$78=0,"",IF(D72="[for completion]","",D72/$D$78))
A73: SPS.2.2.12 | B73: TBC at a country level | C73: [For completion] | D73: [For completion] | F73: =IF($C$78=0,"",IF(C73="[for completion]","",C73/$C$78)) | G73: =IF($D$78=0,"",IF(D73="[for completion]","",D73/$D$78))
A74: SPS.2.2.13 | B74: TBC at a country level | C74: [For completion] | D74: [For completion] | F74: =IF($C$78=0,"",IF(C74="[for completion]","",C74/$C$78)) | G74: =IF($D$78=0,"",IF(D74="[for completion]","",D74/$D$78))
... A77: SPS.2.2.16 | B77: TBC at a country level | C77: [For completion] | D77: [For completion] | F77: =IF($C$78=0,"",IF(C77="[for completion]","",C77/$C$78)) | G77: =IF($D$78=0,"",IF(D77="[for completion]","",D77/$D$78))
A78: SPS.2.2.17 | B78: Total | C78: =SUM(C63:C77) -> 0 | D78: =SUM(D63:D77) -> 0 | F78: =SUM(F63:F77) -> 0 | G78: =SUM(G63:G77) -> 0
B79: 3. Breakdown by Asset Type | C79: Nominal (mn) | F79: % Public Sector Assets
A80: SPS.2.3.1 | B80: Loans | C80: [For completion] | F80: =IF($C$83=0,"",IF(C80="[for completion]","",C80/$C$83))
A81: SPS.2.3.2 | B81: Bonds | C81: [For completion] | F81: =IF($C$83=0,"",IF(C81="[for completion]","",C81/$C$83))
A82: SPS.2.3.3 | B82: Other | C82: [For completion] | F82: =IF($C$83=0,"",IF(C82="[for completion]","",C82/$C$83))
A83: SPS.2.3.4 | B83: Total | C83: =SUM(C80:C82) -> 0 | F83: =SUM(F80:F82) -> 0
A84: OSPS.2.3.1
A85: OSPS.2.3.2
A86: OSPS.2.3.3
A87: OSPS.2.3.4
A88: OSPS.2.3.5
B89: 4. Breakdown by Geography | C89: % Public Sector Assets
A90: SPS.2.4.1 | B90: European Union | C90: =SUM(C91:C117) -> 0
A91: SPS.2.4.2 | B91: Austria | C91: [For completion]
A92: SPS.2.4.3 | B92: Belgium | C92: [For completion]
A93: SPS.2.4.4 | B93: Bulgaria | C93: [For completion]
A94: SPS.2.4.5 | B94: Croatia | C94: [For completion]
A95: SPS.2.4.6 | B95: Cyprus | C95: [For completion]
A96: SPS.2.4.7 | B96: Czechia | C96: [For completion]
A97: SPS.2.4.8 | B97: Denmark | C97: [For completion]
A98: SPS.2.4.9 | B98: Estonia | C98: [For completion]
A99: SPS.2.4.10 | B99: Finland | C99: [For completion]
A100: SPS.2.4.11 | B100: France | C100: [For completion]
A101: SPS.2.4.12 | B101: Germany | C101: [For completion]
A102: SPS.2.4.13 | B102: Greece | C102: [For completion]
... A117: SPS.2.4.28 | B117: Sweden | C117: [For completion]
A118: SPS.2.4.29 | B118: European Economic Area (not member of EU) | C118: =SUM(C119:C121) -> 0
A119: SPS.2.4.30 | B119: Iceland | C119: [For completion]
A120: SPS.2.4.31 | B120: Liechtenstein | C120: [For completion]
A121: SPS.2.4.32 | B121: Norway | C121: [For completion]
A122: SPS.2.4.33 | B122: Other | C122: =SUM(C123:C133) -> 0
A123: SPS.2.4.34 | B123: Switzerland | C123: [For completion]
A124: SPS.2.4.35 | B124: United Kingdom | C124: [For completion]
A125: SPS.2.4.36 | B125: Australia | C125: [For completion]
...

Sheet E.g. General

Sheet E.g. Other
